Workbook
Name MO_2: OFFSET('[1]Lista MO'!$A$2,0,0,COUNTA('[1]Lista MO'!$A:$A)-1,5)
Name MO_Matriz: OFFSET('Lista MO'!$A$2,0,0,COUNTA('Lista MO'!$A:$A)-1,5)
Name Veiculo_Equip_Matriz: OFFSET('Lista veiculo+equip+mat'!$B$2,0,0,COUNTA('Lista veiculo+equip+mat'!$B:$B)-1,10)

Sheet Sumario
B5: Objeto: | C5: Contratação de Projeto Executivo de Engenharia para Implantação do Aeródromo no município de Nova Andradina
B6: Município: | C6: Nova Andradina/MS
B7: Local: | C7: Nova Andradina/MS
B8: Extensão: | C8: 1.7 | D8: km (aproximadamente) | G8: Largura: 23 m | I8: Processo: | J8: 79.010.182-2025
B9: Prazo: | C9: 365 | D9: dias | I9: Data-base: | J9: 45748
F11: Orçamento referencial - Sumário
F13: ITEM | G13: DESCRIÇÃO
F14: 1 | G14: Quadro de abrangência do projeto
F15: 2 | G15: Planilha sintética do orçamento
F16: 3 | G16: Cronograma de medições
F17: 4 | G17: Custo do projeto
F18: 5 | G18: Custo da mão de obra
F19: 6 | G19: Custo dos veículos
F20: 7 | G20: Custo de equipamentos e materiais
F21: 8 | G21: Custo de diárias e passagens
F22: 9 | G22: Custo de mobilização e desmobilização da mão de obra
F23: 10 | G23: Custo de mobilização e desmobilização de equipamentos rodantes
F24: 11 | G24: Custo das instalações físicas e diversos
F25: 12 | G25: Custo com serviços gráficos
... F35: 22 | G35: Sondagens

Sheet Qd abrang
B4: Objeto: | C4: =Sumario!C5 -> Contratação de Projeto Executivo de Engenharia para Implantação do Aeródromo no município de Nova Andradina
B5: Município: | C5: =Sumario!C6 -> Nova Andradina/MS
B6: Local: | C6: Nova Andradina/MS
B7: Extensão: | C7: =Sumario!C8 -> 1.7 | D7: =Sumario!D8 -> km (aproximadamente) | E7: Largura: | F7: 23 | G7: m | M7: Processo: | N7: =Sumario!J8 -> 79.010.182-2025
B8: Prazo: | C8: =Sumario!C9 -> 365 | D8: dias | M8: Data-base: | N8: =Sumario!J9 -> 45748
B10: Quadro demonstrativo da abrangência do projeto
B12: LOCAL | E12: LOTE | F12: km | H12: EXTENSÃO (km) | L12: MUNICÍPIO | M12: JURISDIÇÃO
F13: INICIAL | G13: FINAL | H13: TRECHO | I13: ACUM. | J13: LOTE | K13: %
B14: =C6 -> Nova Andradina/MS | E14: ÚNICO | F14: 0 | G14: =C7 -> 1.7 | H14: =G14-F14 -> 1.7 | I14: =H14 -> 1.7 | J14: =I14 -> 1.7 | K14: =J14/$I$15 -> 1 | L14: =C5 -> Nova Andradina/MS | M14: 11ª RR - Amambai
H15: TOTAL DE EXTENSÃO ACUMULADA: | I15: =I14 -> 1.7 | J15: km

Sheet Orcamento
B5: Objeto: | C5: =Sumario!C5 -> Contratação de Projeto Executivo de Engenharia para Implantação do Aeródromo no município de Nova Andradina
B6: Município: | C6: =Sumario!C6 -> Nova Andradina/MS
B7: Local: | C7: =Sumario!C7 -> Nova Andradina/MS
B8: Extensão: | C8: =Sumario!C8 -> 1.7 | D8: km (aproximadamente) Largura: 23 m | F8: Processo: | G8: =Sumario!J8 -> 79.010.182-2025
B9: Prazo: | C9: =Sumario!C9 -> 365 | D9: dias | F9: Data-base: | G9: =Sumario!J9 -> 45748
B10: BDI: | C10: =TRUNC(BDI!D17/100,4) -> 0.4511
B12: Planilha sintética do orçamento
B14: ITEM | C14: DESCRIÇÃO | E14: CUSTO DIRETO (R$) | F14: PREÇO DE VENDA (R$) | G14: %
E15: a | F15: b=a*(1+BDI)
B16: 1.0 | C16: FASE PRELIMINAR | E16: =E17 -> 52098.65 | F16: =F17 -> 75600.32 | G16: =F16/$F$61 -> 0.19287336
B17: 1.1 | C17: RELATÓRIO PRELIMINAR | E17: =SUM(E18:E24) -> 52098.65 | F17: =SUM(F18:F24) -> 75600.32 | G17: =F17/$F$61 -> 0.19287336
B18: 1.1.1 | C18: Coleta e análise dos dados existentes | E18: ='Custos proj'!Q14 -> 2282.88 | F18: =TRUNC(E18*(1+$C$10),2) -> 3312.68 | G18: =F18/$F$61 -> 0.0084513893
B19: 1.1.2 | C19: Componente Ambiental do Projeto - Fase Preliminar | E19: =TRUNC('Custos proj'!Q15*'Memo calc'!K189,2) -> 7985.33 | F19: =TRUNC(E19*(1+$C$10),2) -> 11587.51 | G19: =F19/$F$61 -> 0.029562336
B20: 1.1.3 | C20: Estudos Geológicos | E20: ='Custos proj'!Q16 -> 4185.32 | F20: =TRUNC(E20*(1+$C$10),2) -> 6073.31 | G20: =F20/$F$61 -> 0.015494375
B21: 1.1.4 | C21: Estudos Hidrológicos | E21: ='Custos proj'!Q17 -> 2235.25 | F21: =TRUNC(E21*(1+$C$10),2) -> 3243.57 | G21: =F21/$F$61 -> 0.0082750742
B22: 1.1.5 | C22: ='Custos proj'!C18:D18 -> Estudos de Traçado | E22: ='Custos proj'!Q18 -> 2339.51 | F22: =TRUNC(E22*(1+$C$10),2) -> 3394.86 | G22: =F22/$F$61 -> 0.0086610489
B23: 1.1.6 | C23: Estudos Topográficos | E23: ='Custos proj'!Q19 -> 12904.87 | F23: =TRUNC(E23*(1+$C$10),2) -> 18726.25 | G23: =F23/$F$61 -> 0.047774862
B24: 1.1.7 | C24: Avaliação estrutural do pavimento existente | E24: ='Custos proj'!Q21 -> 20165.49 | F24: =TRUNC(E24*(1+$C$10),2) -> 29262.14 | G24: =F24/$F$61 -> 0.074654279
B25: 2.0 | C25: FASE DE PROJETO BÁSICO | E25: =E26 -> 75883.95 | F25: =F26 -> 110115.15 | G25: =F25/$F$61 -> 0.28092843
B26: 2.1 | C26: RELATÓRIO BÁSICO | E26: =SUM(E27:E37) -> 75883.95 | F26: =SUM(F27:F37) -> 110115.15 | G26: =F26/$F$61 -> 0.28092843
B27: 2.1.1 | C27: Estudos Geotécnicos - Fase de Projeto Básico | E27: =TRUNC('Custos proj'!Q20*'Memo calc'!K1069,2) -> 21455.69 | F27: =TRUNC(E27*(1+$C$10),2) -> 31134.35 | G27: =F27/$F$61 -> 0.079430707
B28: 2.1.2 | C28: Componente Ambiental do Projeto - Fase de Projeto Básico | E28: =TRUNC('Custos proj'!Q15*'Memo calc'!K190,2) -> 3194.13 | F28: =TRUNC(E28*(1+$C$10),2) -> 4635 | G28: =F28/$F$61 -> 0.011824924
B29: 2.1.3 | C29: Projeto Geométrico Básico | E29: =TRUNC('Custos proj'!Q22*0.5,2) -> 5263.92 | F29: =TRUNC(E29*(1+$C$10),2) -> 7638.47 | G29: =F29/$F$61 -> 0.019487449
B30: 2.1.4 | C30: Projeto Básico de Terraplenagem | E30: =TRUNC('Custos proj'!Q23*0.6,2) -> 10227.07 | F30: =TRUNC(E30*(1+$C$10),2) -> 14840.5 | G30: =F30/$F$61 -> 0.037861443
B31: 2.1.5 | C31: Projeto Básico de Drenagem e Obras de Arte Correntes | E31: =TRUNC('Custos proj'!Q24*0.6,2) -> 10227.07 | F31: =TRUNC(E31*(1+$C$10),2) -> 14840.5 | G31: =F31/$F$61 -> 0.037861443
B32: 2.1.6 | C32: Projeto Básico de Pavimentação | E32: =TRUNC('Custos proj'!Q25*0.6,2) -> 6316.71 | F32: =TRUNC(E32*(1+$C$10),2) -> 9166.17 | G32: =F32/$F$61 -> 0.023384955
B33: 2.1.7 | C33: Projeto Básico de Sinalização | E33: =TRUNC('Custos proj'!Q26*0.6,2) -> 4912.99 | F33: =TRUNC(E33*(1+$C$10),2) -> 7129.23 | G33: =F33/$F$61 -> 0.018188264
B34: 2.1.8 | C34: Projeto Básico de Obras Complementares | E34: =TRUNC('Custos proj'!Q27*0.6,2) -> 5545.53 | F34: =TRUNC(E34*(1+$C$10),2) -> 8047.11 | G34: =F34/$F$61 -> 0.020529982
B35: 2.1.9 | C35: Projeto Básico do Canteiro de Obras e Acampamento do Pessoal | E35: =TRUNC('Custos proj'!Q28*0.6,2) -> 2807.41 | F35: =TRUNC(E35*(1+$C$10),2) -> 4073.83 | G35: =F35/$F$61 -> 0.010393254
B36: 2.1.10 | C36: Projeto Básico de Regulazição de Jazidas | E36: =TRUNC('Custos proj'!Q29*0.6,2) -> 1413.94 | F36: =TRUNC(E36*(1+$C$10),2) -> 2051.76 | G36: =F36/$F$61 -> 0.0052344997
B37: 2.1.11 | C37: Orçamento Básico da Obra | E37: =TRUNC('Custos proj'!Q30*0.6,2) -> 4519.49 | F37: =TRUNC(E37*(1+$C$10),2) -> 6558.23 | G37: =F37/$F$61 -> 0.016731515
B38: 3.0 | C38: FASE DE PROJETO EXECUTIVO | E38: =E39 -> 66105.96 | F38: =F39 -> 95926.31 | G38: =F38/$F$61 -> 0.24472952
B39: 3.1 | C39: RELATÓRIO FINAL DO PROJETO EXECUTIVO | E39: =SUM(E40:E51) -> 66105.96 | F39: =SUM(F40:F51) -> 95926.31 | G39: =F39/$F$61 -> 0.24472952
B40: 3.1.1 | C40: Estudos Geotécnicos - Fase de Projeto Executivo | E40: ='Custos proj'!Q20-E27 -> 15588.14 | F40: =TRUNC(E40*(1+$C$10),2) -> 22619.94 | G40: =F40/$F$61 -> 0.057708538
B41: 3.1.2 | C41: Componente Ambiental do Projeto - Fase de Projeto Executivo | E41: ='Custos proj'!Q15-E19-E28 -> 3194.15 | F41: =TRUNC(E41*(1+$C$10),2) -> 4635.03 | G41: =F41/$F$61 -> 0.011825001
B42: 3.1.3 | C42: Projeto Geométrico | E42: ='Custos proj'!Q22-E29 -> 5263.93 | F42: =TRUNC(E42*(1+$C$10),2) -> 7638.48 | G42: =F42/$F$61 -> 0.019487475
B43: 3.1.4 | C43: Projeto de Terraplenagem | E43: ='Custos proj'!Q23-E30 -> 6818.05 | F43: =TRUNC(E43*(1+$C$10),2) -> 9893.67 | G43: =F43/$F$61 -> 0.02524097
B44: 3.1.5 | C44: Projeto de Drenagem e Obras de Arte Correntes | E44: ='Custos proj'!Q24-E31 -> 6818.05 | F44: =TRUNC(E44*(1+$C$10),2) -> 9893.67 | G44: =F44/$F$61 -> 0.02524097
B45: 3.1.6 | C45: Projeto de Pavimentação | E45: ='Custos proj'!Q25-E32 -> 4211.14 | F45: =TRUNC(E45*(1+$C$10),2) -> 6110.78 | G45: =F45/$F$61 -> 0.01558997
B46: 3.1.7 | C46: Projeto de Sinalização | E46: ='Custos proj'!Q26-E33 -> 3275.33 | F46: =TRUNC(E46*(1+$C$10),2) -> 4752.83 | G46: =F46/$F$61 -> 0.012125535
B47: 3.1.8 | C47: Projeto de Obras Complementares | E47: ='Custos proj'!Q27-E34 -> 3697.03 | F47: =TRUNC(E47*(1+$C$10),2) -> 5364.76 | G47: =F47/$F$61 -> 0.013686705
B48: 3.1.9 | C48: Projeto do Canteiro de Obras e Acampamento do Pessoal | E48: ='Custos proj'!Q28-E35 -> 1871.61 | F48: =TRUNC(E48*(1+$C$10),2) -> 2715.89 | G48: =F48/$F$61 -> 0.0069288443
B49: 3.1.10 | C49: Projeto de Regularização de Jazidas | E49: ='Custos proj'!Q29-E36 -> 942.64 | F49: =TRUNC(E49*(1+$C$10),2) -> 1367.86 | G49: =F49/$F$61 -> 0.0034897175
B50: 3.1.11 | C50: Orçamento da Obra | E50: ='Custos proj'!Q30-E37 -> 3013 | F50: =TRUNC(E50*(1+$C$10),2) -> 4372.16 | G50: =F50/$F$61 -> 0.01115436
B51: 3.1.12 | C51: Plano de Execução da Obra | E51: ='Custos proj'!Q31 -> 11412.89 | F51: =TRUNC(E51*(1+$C$10),2) -> 16561.24 | G51: =F51/$F$61 -> 0.042251436
B52: 4.0 | C52: LICENCIAMENTO AMBIENTAL (AERÓDROMO E/OU HELIPORTO CIVIL/MILITAR/PÚBLICO, COM PISTA ATÉ 1.800 METROS) | E52: =SUM(E54:E57) -> 32368.9 | F52: =SUM(F54:F57) -> 46970.49 | G52: =F52/$F$61 -> 0.11983225
B53: 4.1 | C53: DOCUMENTAÇÃO PARA O LICENCIAMENTO AMBIENTAL JUNTO AO IMASUL | E53: =SUM(E54:E57) -> 32368.9 | F53: =SUM(F54:F57) -> 46970.49 | G53: =F53/$F$61 -> 0.11983225
B54: 4.1.1 | C54: Proposta Técnica Ambiental (PTA) | E54: ='Custos proj'!Q32 -> 7953.95 | F54: =TRUNC(E54*(1+$C$10),2) -> 11541.97 | G54: =F54/$F$61 -> 0.029446153
B55: 4.1.2 | C55: Estudo de Sondagem do Solo (ESS) | E55: ='Custos proj'!Q33 -> 2246.58 | F55: =TRUNC(E55*(1+$C$10),2) -> 3260.01 | G55: =F55/$F$61 -> 0.0083170164
B56: 4.1.3 | C56: Plano Básico Ambiental (PBA) | E56: ='Custos proj'!Q34 -> 20233.35 | F56: =TRUNC(E56*(1+$C$10),2) -> 29360.61 | G56: =F56/$F$61 -> 0.074905498
B57: 4.1.4 | C57: Formulário de Atividades de Infraestrutura (IMASUL) | E57: ='Custos proj'!Q35 -> 1935.02 | F57: =TRUNC(E57*(1+$C$10),2) -> 2807.9 | G57: =F57/$F$61 -> 0.0071635824
B58: 5.0 | C58: PLANO BÁSICO DE ZONA DE PROTEÇÃO AERÓDROMO - PBZPA | E58: =E59 -> 43660.96 | F58: =F59 -> 63356.419 | G58: =F58/$F$61 -> 0.16163643
B59: 5.1 | C59: RELATÓRIO FINAL DO PBZPA | E59: =E60 -> 43660.96 | F59: =(E59*(1+$C$10)) -> 63356.419 | G59: =F59/$F$61 -> 0.16163643
B60: 5.1.1 | C60: Plano Básico de Zona de Proteção de Aeródromo - PBZPA | E60: =TRUNC('Custos proj'!Q36,3) -> 43660.96 | F60: =(E60*(1+$C$10)) -> 63356.419 | G60: =F60/$F$61 -> 0.16163643
D61: TOTAL | E61: =E16+E25+E38+E52+E58 -> 270118.42 | F61: =F58+F38+F52+F25+F16 -> 391968.69 | G61: =G58+G38+G25+G16+G52 -> 1
B63: i) Conforme Memorando Circular nº 687/2018/DIREX/DNIT SEDE, em função da pouca relevância na formação dos custos totais dos contratos de engenharia consultiva, os serviços gráficos não são detalhados como itens de planilha nos orçamentos. Este fato não exime a CONTRATADA de realizar os serviços gráficos necessarios ao andamento dos trabalhos.

Sheet Crono medicoes
B5: Objeto: | C5: ='Qd abrang'!C4 -> Contratação de Projeto Executivo de Engenharia para Implantação do Aeródromo no município de Nova Andradina
B6: Município: | C6: ='Qd abrang'!C5 -> Nova Andradina/MS
B7: Local: | C7: ='Qd abrang'!C6 -> Nova Andradina/MS
B8: Extensão: | C8: 1,70 km (aproximadamente) | D8: Largura: 23 m | Q8: Processo: | R8: ='Qd abrang'!N7 -> 79.010.182-2025
B9: Prazo: | C9: 365 dias | Q9: Data-base: | R9: ='Qd abrang'!N8 -> 45748
B11: Cronograma de medições
B13: ITEM | C13: DESCRIÇÃO | D13: VALORES | F13: MEDIÇÃO | G13: 1 | H13: 2 | I13: 3 | J13: 4 | K13: 5 | L13: 6 | M13: 7 | N13: 8 | O13: 9 | P13: 10 | Q13: 11 | R13: 12
D14: % | E14: R$ | F14: DIAS CONSECUTIVOS | G14: 30 | H14: 60 | I14: 90 | J14: 120 | K14: 150 | L14: 180 | M14: 210 | N14: 240 | O14: 270 | P14: 300 | Q14: 330 | R14: 365
B15: 1.0 | C15: FASE PRELIMINAR | D15: =D16 -> 0.19287336 | E15: =E16 -> 75600.32 | F15: =F16 -> 57 | G15: 0.5 | H15: 0.5 | S15: =SUM(G15:R15) -> 1
B16: 1.1 | C16: Relatório Preliminar | D16: =Orcamento!G17 -> 0.19287336 | E16: =Orcamento!F17 -> 75600.32 | F16: ='Crono fisico'!F14 -> 57 | G16: =TRUNC(E15*G15,2) -> 37800.16 | H16: =TRUNC(E16*H15,2) -> 37800.16 | S16: =SUM(G16:R16) -> 75600.32
B17: 2.0 | C17: FASE DE PROJETO BÁSICO | D17: =D18 -> 0.28092843 | E17: =E18 -> 110115.15 | F17: =F18 -> 116 | G17: 0.2 | I17: 0.3 | J17: 0.5 | S17: =SUM(G17:R17) -> 1
B18: 2.1 | C18: Relatório Básico | D18: =Orcamento!G26 -> 0.28092843 | E18: =Orcamento!F26 -> 110115.15 | F18: ='Crono fisico'!F29 -> 116 | G18: 22415.99 | H18: 0 | I18: =TRUNC($E$18*I17,2) -> 33034.54 | J18: 56039.97 | S18: =SUM(G18:R18) -> 111490.5
B19: 3.0 | C19: FASE DE PROJETO EXECUTIVO | D19: =SUM(D20:D20) -> 0.24472952 | E19: =SUM(E20:E20) -> 95926.31 | F19: =F20 -> 195 | K19: 0.5 | L19: 0.5 | S19: =SUM(G19:R19) -> 1
B20: 3.1 | C20: Relatório Final do Projeto Executivo | D20: =Orcamento!G39 -> 0.24472952 | E20: =Orcamento!F39 -> 95926.31 | F20: ='Crono fisico'!F48 -> 195 | K20: =TRUNC($E$20*K19,2) -> 47963.15 | L20: 48761.73 | S20: =SUM(G20:R20) -> 96724.88
B21: 4.0 | C21: LICENCIAMENTO AMBIENTAL (AERÓDROMO E/OU HELIPORTO CIVIL/MILITAR/PÚBLICO, COM PISTA ATÉ 1.800 METROS) | D21: =SUM(D22:D22) -> 0.11983225 | E21: =SUM(E22:E22) -> 46970.49 | F21: =F22 -> 202 | M21: 0.5 | R21: 0.5 | S21: =SUM(G21:R21) -> 1
B22: 4.1 | C22: DOCUMENTAÇÃO PARA O LICENCIAMENTO AMBIENTAL JUNTO AO IMASUL | D22: =Orcamento!G53 -> 0.11983225 | E22: =Orcamento!F53 -> 46970.49 | F22: ='Crono fisico'!F65 -> 202 | M22: =TRUNC($E$22*M21,2) -> 23485.24 | R22: 23734.65 | S22: =SUM(G22:R22) -> 47219.89
B23: 5.0 | C23: PLANO BÁSICO DE ZONA DE PROTEÇÃO AERÓDROMO - PBZPA | D23: =Orcamento!G59 -> 0.16163643 | E23: =Orcamento!F59 -> 63356.419 | F23: =F24 -> 365 | J23: 0.2 | K23: 0.3 | R23: 0.5 | S23: =SUM(G23:R23) -> 1
B24: 5.1 | C24: RELATÓRIO FINAL DO PBZPA | D24: =Orcamento!G58 -> 0.16163643 | E24: =Orcamento!F58 -> 63356.419 | F24: ='Crono fisico'!F70 -> 365 | J24: =TRUNC($E$24*J23,2) -> 12671.28 | K24: =TRUNC($E$24*K23,2) -> 19006.92 | R24: 32014.64 | S24: =SUM(G24:R24) -> 63692.84
C25: TOTAL | D25: =D15+D17+D19+D23 -> 0.88016775 | E25: =E15+E17+E19+E21+E23 -> 391968.69 | F25: =F23 -> 365 | G25: =G16+G18+G20+G22+G24 -> 60216.15 | H25: =H16+H18+H20+H22+H24 -> 37800.16 | I25: =I16+I18+I20+I22+I24 -> 33034.54 | J25: =J16+J18+J20+J22+J24 -> 68711.25 | K25: =K16+K18+K20+K22+K24 -> 66970.07 | L25: =L16+L18+L20+L22+L24 -> 48761.73 | M25: =M16+M18+M20+M22+M24 -> 23485.24 | N25: =N16+N18+N20+N22+N24 -> 0 | ... R25: =R16+R18+R20+R22+R24 -> 55749.29 | S25: =SUM(G25:R25) -> 394728.43

Sheet Custos proj
B4: Objeto: | C4: ='Qd abrang'!C4 -> Contratação de Projeto Executivo de Engenharia para Implantação do Aeródromo no município de Nova Andradina
B5: Município: | C5: ='Qd abrang'!C5 -> Nova Andradina/MS
B6: Local: | C6: ='Qd abrang'!C6 -> Nova Andradina/MS
B7: Extensão: | C7: ='Qd abrang'!C7 -> 1.7 | D7: km (aproximadamente) | E7: Largura: 23 m | N7: Processo: | O7: ='Qd abrang'!N7 -> 79.010.182-2025
B8: Prazo: | C8: ='Qd abrang'!C8 -> 365 | D8: dias | N8: Data-base: | O8: ='Qd abrang'!N8 -> 45748
B10: Custo do projeto
B12: ITEM | C12: DESCRIÇÃO | E12: MÃO DE OBRA (R$) | F12: VEÍCULOS (R$) | G12: EQUIP. E MATERIAIS (R$) | H12: DIÁRIAS E PASSAGENS (R$) | I12: MOB. E DESMOB. DE M.O. (R$) | J12: MOB. E DESMOB. DE EQUIP. RODANTES (R$) | K12: SUBTOTAL 1 | M12: % INST. FÍSICAS E DIVERSOS (R$) | N12: % COORD. DO PROJETO (R$) | O12: % ADM. DE CAMPO (R$) | P12: % SERVIÇOS GRÁFICOS (R$) | Q12: CUSTO TOTAL | S12: IMPRESSÃO DEFINITIVA (10%) | T12: SUBTOTAL 2
K13: R$ | L13: % | Q13: R$ | R13: % | S13: R$ | T13: R$ | U13: %
B14: 1 | C14: Coleta e análise dos dados existentes | E14: =MO!M19 -> 1044.29 | F14: 0 | G14: 0 | H14: 0 | I14: 0 | J14: 0 | K14: =SUM(E14:J14) -> 1044.29 | L14: =K14/$K$37 -> 0.0084502479 | M14: =M37-SUM(M15:M36) -> 450.17 | N14: =N37-SUM(N15:N36) -> 648.64 | O14: =O37-SUM(O15:O36) -> 139.78 | P14: 0 | Q14: =K14+SUM(M14:P14) -> 2282.88 | R14: =R37-(SUM(R15:R36)) -> 0.0084 | S14: 0 | T14: =Q14-S14 -> 2282.88 | U14: =TRUNC(T14/$Q$37, 4) -> 0.0084
B15: 2 | C15: Componente Ambiental do Projeto | E15: =MO!M22+MO!M25 -> 5291.77 | F15: =Veículos!I17 -> 212.45 | G15: 0 | H15: ='Diárias + passagens'!L20 -> 625 | I15: 0 | J15: ='Mob desmob equip rod'!Q18 -> 446.81 | K15: =SUM(E15:J15) -> 6576.03 | L15: =K15/$K$37 -> 0.05321231 | M15: =TRUNC(L15*$M$37,2) -> 2834.12 | N15: =TRUNC(L15*$N$37,2) -> 4083.96 | O15: =TRUNC(L15*$O$37, 2) -> 879.5 | P15: 0 | Q15: =K15+SUM(M15:P15) -> 14373.61 | R15: =ROUND(Q15/$Q$37, 4) -> 0.0532 | S15: 0 | T15: =Q15-S15 -> 14373.61 | U15: =ROUND(T15/$Q$37, 4) -> 0.0532
B16: 3 | C16: Estudos Geológicos | E16: =MO!M28 -> 1914.82 | F16: 0 | G16: 0 | H16: 0 | I16: 0 | J16: 0 | K16: =SUM(E16:J16) -> 1914.82 | L16: =K16/$K$37 -> 0.015494454 | M16: =TRUNC(L16*$M$37,2) -> 825.24 | N16: =TRUNC(L16*$N$37,2) -> 1189.17 | O16: =TRUNC(L16*$O$37, 2) -> 256.09 | P16: 0 | Q16: =K16+SUM(M16:P16) -> 4185.32 | R16: =ROUND(Q16/$Q$37, 4) -> 0.0155 | S16: 0 | T16: =Q16-S16 -> 4185.32 | U16: =ROUND(T16/$Q$37, 4) -> 0.0155
B17: 4 | C17: Estudos Hidrológicos | E17: =MO!M32 -> 1022.65 | F17: 0 | G17: 0 | H17: 0 | I17: 0 | J17: 0 | K17: =SUM(E17:J17) -> 1022.65 | L17: =K17/$K$37 -> 0.0082751401 | M17: =TRUNC(L17*$M$37,2) -> 440.73 | N17: =TRUNC(L17*$N$37,2) -> 635.1 | O17: =TRUNC(L17*$O$37, 2) -> 136.77 | P17: 0 | Q17: =K17+SUM(M17:P17) -> 2235.25 | R17: =ROUND(Q17/$Q$37, 4) -> 0.0083 | S17: 0 | T17: =Q17-S17 -> 2235.25 | U17: =ROUND(T17/$Q$37, 4) -> 0.0083
B18: 5 | C18: Estudos de Traçado | E18: =MO!M35 -> 1070.35 | F18: 0 | G18: 0 | H18: 0 | I18: 0 | J18: 0 | K18: =SUM(E18:J18) -> 1070.35 | L18: =K18/$K$37 -> 0.0086611217 | M18: =TRUNC(L18*$M$37,2) -> 461.29 | N18: =TRUNC(L18*$N$37,2) -> 664.72 | O18: =TRUNC(L18*$O$37, 2) -> 143.15 | P18: 0 | Q18: =K18+SUM(M18:P18) -> 2339.51 | R18: =ROUND(Q18/$Q$37, 4) -> 0.0087 | S18: 0 | T18: =Q18-S18 -> 2339.51 | U18: =ROUND(T18/$Q$37, 4) -> 0.0087
B19: 6 | C19: Estudos Topográficos | E19: =MO!M38+MO!M41 -> 3960.34 | F19: =Veículos!I19 -> 264 | G19: ='Equip + materiais'!J14 -> 171.67 | H19: ='Diárias + passagens'!L22 -> 625 | I19: 0 | J19: ='Mob desmob equip rod'!Q20 -> 883.06 | K19: =SUM(E19:J19) -> 5904.07 | L19: =K19/$K$37 -> 0.047774905 | M19: =TRUNC(L19*$M$37,2) -> 2544.52 | N19: =TRUNC(L19*$N$37,2) -> 3666.65 | O19: =TRUNC(L19*$O$37, 2) -> 789.63 | P19: 0 | Q19: =K19+SUM(M19:P19) -> 12904.87 | R19: =ROUND(Q19/$Q$37, 4) -> 0.0478 | S19: 0 | T19: =Q19-S19 -> 12904.87 | U19: =ROUND(T19/$Q$37, 4) -> 0.0478
B20: 7 | C20: Estudos Geotécnicos | E20: =MO!M45+MO!M48+MO!M51 -> 8088.85 | F20: =Veículos!I21 -> 528 | G20: ='Equip + materiais'!J16+'Equip + materiais'!J20 -> 6322.9 | H20: ='Diárias + passagens'!L24 -> 1125 | I20: 0 | J20: ='Mob desmob equip rod'!Q22 -> 883.06 | K20: =SUM(E20:J20) -> 16947.81 | L20: =K20/$K$37 -> 0.1371393 | M20: =TRUNC(L20*$M$37,2) -> 7304.13 | N20: =TRUNC(L20*$N$37,2) -> 10525.22 | O20: =TRUNC(L20*$O$37, 2) -> 2266.67 | P20: 0 | Q20: =K20+SUM(M20:P20) -> 37043.83 | R20: =ROUND(Q20/$Q$37, 4) -> 0.1371 | S20: 0 | T20: =Q20-S20 -> 37043.83 | U20: =ROUND(T20/$Q$37, 4) -> 0.1371
B21: 8 | C21: Avaliação estrutural do pavimento existente | E21: =MO!M54+MO!M57+MO!M60+MO!M63+MO!M67 -> 4822.97 | F21: =Veículos!I23+Veículos!I25+Veículos!I27 -> 527.19 | G21: ='Equip + materiais'!J22+'Equip + materiais'!J24+'Equip + materiais'!J26+'Equip + materiais'!J29 -> 773.36 | H21: ='Diárias + passagens'!L26+'Diárias + passagens'!L28+'Diárias + passagens'!L30+'Diárias + passagens'!L32 -> 625 | I21: ='Mob desmob MO'!O15 -> 844.12 | J21: ='Mob desmob equip rod'!Q24+'Mob desmob equip rod'!Q26+'Mob desmob equip rod'!Q28 -> 1633.21 | K21: =SUM(E21:J21) -> 9225.85 | L21: =K21/$K$37 -> 0.074654281 | M21: =TRUNC(L21*$M$37,2) -> 3976.14 | N21: =TRUNC(L21*$N$37,2) -> 5729.6 | O21: =TRUNC(L21*$O$37, 2) -> 1233.9 | Q21: =K21+SUM(M21:P21) -> 20165.49 | R21: =ROUND(Q21/$Q$37, 4) -> 0.0747
B22: 9 | C22: Projeto Geométrico | E22: =MO!M73 -> 4816.57 | F22: 0 | G22: 0 | H22: 0 | I22: 0 | J22: 0 | K22: =SUM(E22:J22) -> 4816.57 | L22: =K22/$K$37 -> 0.038975007 | M22: =TRUNC(L22*$M$37,2) -> 2075.83 | N22: =TRUNC(L22*$N$37,2) -> 2991.27 | O22: =TRUNC(L22*$O$37, 2) -> 644.18 | P22: 0 | Q22: =K22+SUM(M22:P22) -> 10527.85 | R22: =ROUND(Q22/$Q$37, 4) -> 0.039 | S22: 0 | T22: =Q22-S22 -> 10527.85 | U22: =ROUND(T22/$Q$37, 4) -> 0.039
B23: 10 | C23: Projeto de Terraplenagem | E23: =MO!M76 -> 7798.26 | F23: 0 | G23: 0 | H23: 0 | I23: 0 | J23: 0 | K23: =SUM(E23:J23) -> 7798.26 | L23: =K23/$K$37 -> 0.063102424 | M23: =TRUNC(L23*$M$37,2) -> 3360.88 | N23: =TRUNC(L23*$N$37,2) -> 4843.01 | O23: =TRUNC(L23*$O$37, 2) -> 1042.97 | P23: 0 | Q23: =K23+SUM(M23:P23) -> 17045.12 | R23: =ROUND(Q23/$Q$37, 4) -> 0.0631 | S23: 0 | T23: =Q23-S23 -> 17045.12 | U23: =ROUND(T23/$Q$37, 4) -> 0.0631
B24: 11 | C24: Projeto de Drenagem e Obras de Arte Correntes | E24: =MO!M79 -> 7798.26 | F24: 0 | G24: 0 | H24: 0 | I24: 0 | J24: 0 | K24: =SUM(E24:J24) -> 7798.26 | L24: =K24/$K$37 -> 0.063102424 | M24: =TRUNC(L24*$M$37,2) -> 3360.88 | N24: =TRUNC(L24*$N$37,2) -> 4843.01 | O24: =TRUNC(L24*$O$37, 2) -> 1042.97 | P24: 0 | Q24: =K24+SUM(M24:P24) -> 17045.12 | R24: =ROUND(Q24/$Q$37, 4) -> 0.0631 | S24: 0 | T24: =Q24-S24 -> 17045.12 | U24: =ROUND(T24/$Q$37, 4) -> 0.0631
B25: 12 | C25: Projeto de Pavimentação | E25: =MO!M82 -> 4816.57 | F25: 0 | G25: 0 | H25: 0 | I25: 0 | J25: 0 | K25: =SUM(E25:J25) -> 4816.57 | L25: =K25/$K$37 -> 0.038975007 | M25: =TRUNC(L25*$M$37,2) -> 2075.83 | N25: =TRUNC(L25*$N$37,2) -> 2991.27 | O25: =TRUNC(L25*$O$37, 2) -> 644.18 | P25: 0 | Q25: =K25+SUM(M25:P25) -> 10527.85 | R25: =ROUND(Q25/$Q$37, 4) -> 0.039 | S25: 0 | T25: =Q25-S25 -> 10527.85 | U25: =ROUND(T25/$Q$37, 4) -> 0.039
B26: 13 | C26: Projeto de Sinalização | E26: =MO!M85 -> 3746.22 | F26: 0 | G26: 0 | H26: 0 | I26: 0 | J26: 0 | K26: =SUM(E26:J26) -> 3746.22 | L26: =K26/$K$37 -> 0.030313886 | M26: =TRUNC(L26*$M$37,2) -> 1614.53 | N26: =TRUNC(L26*$N$37,2) -> 2326.54 | O26: =TRUNC(L26*$O$37, 2) -> 501.03 | P26: 0 | Q26: =K26+SUM(M26:P26) -> 8188.32 | R26: =ROUND(Q26/$Q$37, 4) -> 0.0303 | S26: 0 | T26: =Q26-S26 -> 8188.32 | U26: =ROUND(T26/$Q$37, 4) -> 0.0303
B27: 14 | C27: Projeto de Obras Complementares | E27: =MO!M88 -> 4228.54 | F27: 0 | G27: 0 | H27: 0 | I27: 0 | J27: 0 | K27: =SUM(E27:J27) -> 4228.54 | L27: =K27/$K$37 -> 0.034216751 | M27: =TRUNC(L27*$M$37,2) -> 1822.4 | N27: =TRUNC(L27*$N$37,2) -> 2626.08 | O27: =TRUNC(L27*$O$37, 2) -> 565.54 | P27: 0 | Q27: =K27+SUM(M27:P27) -> 9242.56 | R27: =ROUND(Q27/$Q$37, 4) -> 0.0342 | S27: 0 | T27: =Q27-S27 -> 9242.56 | U27: =ROUND(T27/$Q$37, 4) -> 0.0342
B28: 15 | C28: Projeto de Canteiro de Obras e Acampamento de Pessoal | E28: =MO!M91 -> 2140.69 | F28: 0 | G28: 0 | H28: 0 | I28: 0 | J28: 0 | K28: =SUM(E28:J28) -> 2140.69 | L28: =K28/$K$37 -> 0.017322163 | M28: =TRUNC(L28*$M$37,2) -> 922.59 | N28: =TRUNC(L28*$N$37,2) -> 1329.44 | O28: =TRUNC(L28*$O$37, 2) -> 286.3 | P28: 0 | Q28: =K28+SUM(M28:P28) -> 4679.02 | R28: =ROUND(Q28/$Q$37, 4) -> 0.0173 | S28: 0 | T28: =Q28-S28 -> 4679.02 | U28: =ROUND(T28/$Q$37, 4) -> 0.0173
B29: 16 | C29: Projeto de Regularização de Jazidas | E29: =MO!M94 -> 1078.16 | F29: 0 | G29: 0 | H29: 0 | I29: 0 | J29: 0 | K29: =SUM(E29:J29) -> 1078.16 | L29: =K29/$K$37 -> 0.0087243192 | M29: =TRUNC(L29*$M$37,2) -> 464.66 | N29: =TRUNC(L29*$N$37,2) -> 669.57 | O29: =TRUNC(L29*$O$37, 2) -> 144.19 | P29: 0 | Q29: =K29+SUM(M29:P29) -> 2356.58 | R29: =ROUND(Q29/$Q$37, 4) -> 0.0087 | S29: 0 | T29: =Q29-S29 -> 2356.58 | U29: =ROUND(T29/$Q$37, 4) -> 0.0087
B30: 17 | C30: Orçamento da Obra | E30: =MO!M97 -> 3446.17 | F30: 0 | G30: 0 | H30: 0 | I30: 0 | J30: 0 | K30: =SUM(E30:J30) -> 3446.17 | L30: =K30/$K$37 -> 0.027885923 | M30: =TRUNC(L30*$M$37,2) -> 1485.22 | N30: =TRUNC(L30*$N$37,2) -> 2140.2 | O30: =TRUNC(L30*$O$37, 2) -> 460.9 | P30: 0 | Q30: =K30+SUM(M30:P30) -> 7532.49 | R30: =ROUND(Q30/$Q$37, 4) -> 0.0279 | S30: 0 | T30: =Q30-S30 -> 7532.49 | U30: =ROUND(T30/$Q$37, 4) -> 0.0279
B31: 18 | C31: Plano de Execução da Obra | E31: =MO!M100 -> 5221.48 | F31: 0 | G31: 0 | H31: 0 | I31: 0 | J31: 0 | K31: =SUM(E31:J31) -> 5221.48 | L31: =K31/$K$37 -> 0.042251482 | M31: =TRUNC(L31*$M$37,2) -> 2250.34 | N31: =TRUNC(L31*$N$37,2) -> 3242.73 | O31: =TRUNC(L31*$O$37, 2) -> 698.34 | P31: 0 | Q31: =K31+SUM(M31:P31) -> 11412.89 | R31: =ROUND(Q31/$Q$37, 4) -> 0.0423 | S31: 0 | T31: =Q31-S31 -> 11412.89 | U31: =ROUND(T31/$Q$37, 4) -> 0.0423
B32: 19 | C32: Proposta Técnica Ambiental (PTA) | E32: =MO!M103 -> 3638.99 | F32: 0 | G32: 0 | H32: 0 | I32: 0 | J32: 0 | K32: =SUM(E32:J32) -> 3638.99 | L32: =K32/$K$37 -> 0.029446196 | M32: =TRUNC(L32*$M$37,2) -> 1568.32 | N32: =TRUNC(L32*$N$37,2) -> 2259.95 | O32: =TRUNC(L32*$O$37, 2) -> 486.69 | Q32: =K32+SUM(M32:P32) -> 7953.95 | R32: =ROUND(Q32/$Q$37, 4) -> 0.0294
B33: 20 | C33: Estudo de Sondagem do Solo (ESS) | E33: =MO!M108 -> 1027.83 | F33: 0 | G33: 0 | H33: 0 | I33: 0 | J33: 0 | K33: =SUM(E33:J33) -> 1027.83 | L33: =K33/$K$37 -> 0.0083170559 | M33: =TRUNC(L33*$M$37,2) -> 442.97 | N33: =TRUNC(L33*$N$37,2) -> 638.32 | O33: =TRUNC(L33*$O$37, 2) -> 137.46 | Q33: =K33+SUM(M33:P33) -> 2246.58 | R33: =ROUND(Q33/$Q$37, 4) -> 0.0083
B34: 21 | C34: Plano Básico Ambiental (PBA) | E34: =MO!M111 -> 9256.9 | F34: 0 | G34: 0 | H34: 0 | I34: 0 | J34: 0 | K34: =SUM(E34:J34) -> 9256.9 | L34: =K34/$K$37 -> 0.074905534 | M34: =TRUNC(L34*$M$37,2) -> 3989.52 | N34: =TRUNC(L34*$N$37,2) -> 5748.88 | O34: =TRUNC(L34*$O$37, 2) -> 1238.05 | Q34: =K34+SUM(M34:P34) -> 20233.35 | R34: =ROUND(Q34/$Q$37, 4) -> 0.0749
B35: 22 | C35: Formulário de Atividades de Infraestrutura (IMASUL) | E35: =MO!M116 -> 885.29 | F35: 0 | G35: 0 | H35: 0 | I35: 0 | J35: 0 | K35: =SUM(E35:J35) -> 885.29 | L35: =K35/$K$37 -> 0.0071636422 | M35: =TRUNC(L35*$M$37,2) -> 381.54 | N35: =TRUNC(L35*$N$37,2) -> 549.79 | O35: =TRUNC(L35*$O$37, 2) -> 118.4 | Q35: =K35+SUM(M35:P35) -> 1935.02 | R35: =ROUND(Q35/$Q$37, 4) -> 0.0072
B36: 23 | C36: Plano Básico de Zona de Proteção de Aeródromo - PBZPA | E36: =MO!M118 -> 19975.19 | F36: 0 | G36: 0 | H36: 0 | I36: 0 | J36: 0 | K36: =SUM(E36:J36) -> 19975.19 | L36: =K36/$K$37 -> 0.16163643 | M36: =TRUNC(L36*$M$37,2) -> 8608.87 | N36: =TRUNC(L36*$N$37,2) -> 12405.34 | O36: =TRUNC(L36*$O$37, 2) -> 2671.56 | Q36: =K36+SUM(M36:P36) -> 43660.96 | R36: =ROUND(Q36/$Q$37, 4) -> 0.1616
D37: TOTAL | E37: =SUM(E14:E36) -> 107091.16 | F37: =SUM(F14:F36) -> 1531.64 | G37: =SUM(G14:G36) -> 7267.93 | H37: =SUM(H14:H36) -> 3000 | I37: =SUM(I14:I36) -> 844.12 | J37: =SUM(J14:J36) -> 3846.14 | K37: =SUM(K14:K36) -> 123580.99 | L37: =SUM(L14:L36) -> 1 | M37: ='Inst + diversos'!M30 -> 53260.72 | N37: =MO!M14+'Diárias + passagens'!L15 -> 76748.46 | O37: =MO!M16+Veículos!I15+'Diárias + passagens'!L17+'Mob desmob equip rod'!Q16 -> 16528.25 | P37: 0 | Q37: =SUM(Q14:Q36) -> 270118.42 | R37: 1 | S37: =ROUND(Q37*0,2) -> 0 | T37: =SUM(T14:T31) -> 173923.07 | U37: =SUM(U14:U31) -> 0.6439

Sheet MO
B4: Objeto: | C4: ='Qd abrang'!C4 -> Contratação de Projeto Executivo de Engenharia para Implantação do Aeródromo no município de Nova Andradina
B5: Município: | C5: ='Qd abrang'!C5 -> Nova Andradina/MS
B6: Local: | C6: ='Qd abrang'!C6 -> Nova Andradina/MS
B7: Extensão: | C7: ='Qd abrang'!C7 -> 1.7 | D7: km (aproximadamente) | E7: Largura: 23 m | L7: Processo: | M7: ='Qd abrang'!N7 -> 79.010.182-2025
B8: Prazo: | C8: ='Qd abrang'!C8 -> 365 | D8: dias | L8: Data-base: | M8: ='Qd abrang'!N8 -> 45748
B10: Custo da mão de obra
B12: CÓDIGO | C12: DESCRIÇÃO | E12: TIPO DE M.O. | F12: QUANT. EQUIPE | G12: PESSOAS/ EQUIPE | H12: HORAS/ DIA | I12: DIAS TRABALHADOS | J12: TOTAL DE HORAS | K12: PESSOAS/ MÊS | L12: CUSTO MENSAL (R$) | M12: TOTAL (R$)
F13: b | G13: c | H13: d | I13: e | J13: f=b*c*d*e | K13: g=f/220 | L13: h | M13: i=g*h
B14: COORDENAÇÃO DO PROJETO | M14: =M15 -> 75873.46
B15: ='Memo calc'!B1635 -> P8061 | C15: =IFERROR(VLOOKUP(B15,MO_Matriz,2,0),"") -> Engenheiro coordenador | D15: =IFERROR(VLOOKUP(C15,MO_Matriz,2,0),"") | E15: =IFERROR(VLOOKUP(B15,MO_Matriz,3,0),"") -> S | F15: ='Memo calc'!H1635 -> 1 | G15: ='Memo calc'!I1635 -> 1 | H15: ='Memo calc'!K1635 -> 3.6666667 | I15: ='Memo calc'!M1635 -> 129.42857 | J15: =F15*G15*H15*I15 -> 474.57143 | K15: =J15/220 -> 2.1571429 | L15: =IFERROR(VLOOKUP(B15,MO_Matriz,5,0),"") -> 35173.13 | M15: =TRUNC(K15*L15,2) -> 75873.46
B16: ADMINISTRAÇÃO DE CAMPO | M16: =SUM(M17:M18) -> 9849.75
B17: ='Memo calc'!B1081 -> P8061 | C17: =IFERROR(VLOOKUP(B17,MO_Matriz,2,0),"") -> Engenheiro coordenador | D17: =IFERROR(VLOOKUP(C17,MO_Matriz,2,0),"") | E17: =IFERROR(VLOOKUP(B17,MO_Matriz,3,0),"") -> S | F17: ='Memo calc'!H1081 -> 1 | G17: ='Memo calc'!I1081 -> 1 | H17: ='Memo calc'!K1081 -> 7.3333333 | I17: ='Memo calc'!M1081 -> 7 | J17: =F17*G17*H17*I17 -> 51.333333 | K17: =J17/220 -> 0.23333333 | L17: =IFERROR(VLOOKUP(B17,MO_Matriz,5,0),"") -> 35173.13 | M17: =TRUNC(K17*L17,2) -> 8207.06
B18: ='Memo calc'!B1082 -> P8147 | C18: =IFERROR(VLOOKUP(B18,MO_Matriz,2,0),"") -> Técnico de obras | D18: =IFERROR(VLOOKUP(C18,MO_Matriz,2,0),"") | E18: =IFERROR(VLOOKUP(B18,MO_Matriz,3,0),"") -> T | F18: ='Memo calc'!H1082 -> 1 | G18: ='Memo calc'!I1082 -> 1 | H18: ='Memo calc'!K1082 -> 7.3333333 | I18: ='Memo calc'!M1082 -> 7 | J18: =F18*G18*H18*I18 -> 51.333333 | K18: =J18/220 -> 0.23333333 | L18: =IFERROR(VLOOKUP(B18,MO_Matriz,5,0),"") -> 7040.14 | M18: =TRUNC(K18*L18,2) -> 1642.69
B19: COLETA E ANÁLISE DE DADOS EXISTENTES | M19: =SUM(M20:M21) -> 1044.29
B20: ='Memo calc'!B29 -> P8065 | C20: =IFERROR(VLOOKUP(B20,MO_Matriz,2,0),"") -> Engenheiro de projetos júnior | D20: =IFERROR(VLOOKUP(C20,MO_Matriz,2,0),"") | E20: =IFERROR(VLOOKUP(B20,MO_Matriz,3,0),"") -> S | F20: ='Memo calc'!I29 -> 1 | G20: ='Memo calc'!K29 -> 1 | H20: ='Memo calc'!N29 -> 7.3333333 | I20: ='Memo calc'!Q29 -> 1 | J20: =F20*G20*H20*I20 -> 7.3333333 | K20: =J20/220 -> 0.033333333 | L20: =IFERROR(VLOOKUP(B20,MO_Matriz,5,0),"") -> 24288.81 | M20: =TRUNC(K20*L20,2) -> 809.62
B21: ='Memo calc'!B30 -> P8147 | C21: =IFERROR(VLOOKUP(B21,MO_Matriz,2,0),"") -> Técnico de obras | D21: =IFERROR(VLOOKUP(C21,MO_Matriz,2,0),"") | E21: =IFERROR(VLOOKUP(B21,MO_Matriz,3,0),"") -> T | F21: ='Memo calc'!I30 -> 1 | G21: ='Memo calc'!K30 -> 1 | H21: ='Memo calc'!N30 -> 7.3333333 | I21: ='Memo calc'!Q30 -> 1 | J21: =F21*G21*H21*I21 -> 7.3333333 | K21: =J21/220 -> 0.033333333 | L21: =IFERROR(VLOOKUP(B21,MO_Matriz,5,0),"") -> 7040.14 | M21: =TRUNC(K21*L21,2) -> 234.67
B22: COMPONENTE AMBIENTAL DO PROJETO: INVESTIGAÇÃO DE CAMPO | M22: =SUM(M23:M24) -> 3083.52
B23: ='Memo calc'!B80 -> P8058 | C23: =IFERROR(VLOOKUP(B23,MO_Matriz,2,0),"") -> Engenheiro ambiental pleno | D23: =IFERROR(VLOOKUP(C23,MO_Matriz,2,0),"") | E23: =IFERROR(VLOOKUP(B23,MO_Matriz,3,0),"") -> S | F23: ='Memo calc'!H80 -> 1 | G23: ='Memo calc'!J80 -> 1 | H23: ='Memo calc'!M80 -> 7.3333333 | I23: ='Memo calc'!O80 -> 3 | J23: =F23*G23*H23*I23 -> 22 | K23: =J23/220 -> 0.1 | L23: =IFERROR(VLOOKUP(B23,MO_Matriz,5,0),"") -> 26558.86 | M23: =TRUNC(K23*L23,2) -> 2655.88
B24: ='Memo calc'!B81 -> P8025 | C24: =IFERROR(VLOOKUP(B24,MO_Matriz,2,0),"") -> Auxiliar | D24: =IFERROR(VLOOKUP(C24,MO_Matriz,2,0),"") | E24: =IFERROR(VLOOKUP(B24,MO_Matriz,3,0),"") -> A | F24: ='Memo calc'!H81 -> 1 | G24: ='Memo calc'!J81 -> 1 | H24: ='Memo calc'!M81 -> 7.3333333 | I24: ='Memo calc'!O81 -> 3 | J24: =F24*G24*H24*I24 -> 22 | K24: =J24/220 -> 0.1 | L24: =IFERROR(VLOOKUP(B24,MO_Matriz,5,0),"") -> 4276.41 | M24: =TRUNC(K24*L24,2) -> 427.64
B25: COMPONENTE AMBIENTAL DO PROJETO: TRABALHO DE ESCRITÓRIO (ANÁLISES E FORMULAÇÕES) | M25: =SUM(M26:M27) -> 2208.25
B26: ='Memo calc'!B159 -> P8058 | C26: =IFERROR(VLOOKUP(B26,MO_Matriz,2,0),"") -> Engenheiro ambiental pleno | D26: =IFERROR(VLOOKUP(C26,MO_Matriz,2,0),"") | E26: =IFERROR(VLOOKUP(B26,MO_Matriz,3,0),"") -> S | F26: ='Memo calc'!H159 -> 1 | G26: ='Memo calc'!J159 -> 1 | H26: ='Memo calc'!L159 -> 7.3333333 | I26: ='Memo calc'!O159 -> 2 | J26: =F26*G26*H26*I26 -> 14.666667 | K26: =J26/220 -> 0.066666667 | L26: =IFERROR(VLOOKUP(B26,MO_Matriz,5,0),"") -> 26558.86 | M26: =TRUNC(K26*L26,2) -> 1770.59
B27: ='Memo calc'!B160 -> P8143 | C27: =IFERROR(VLOOKUP(B27,MO_Matriz,2,0),"") -> Técnico ambiental | D27: =IFERROR(VLOOKUP(C27,MO_Matriz,2,0),"") | E27: =IFERROR(VLOOKUP(B27,MO_Matriz,3,0),"") -> T | F27: ='Memo calc'!H160 -> 1 | G27: ='Memo calc'!J160 -> 1 | H27: ='Memo calc'!L160 -> 7.3333333 | I27: ='Memo calc'!O160 -> 2 | J27: =F27*G27*H27*I27 -> 14.666667 | K27: =J27/220 -> 0.066666667 | L27: =IFERROR(VLOOKUP(B27,MO_Matriz,5,0),"") -> 6565.04 | M27: =TRUNC(K27*L27,2) -> 437.66
B28: ESTUDOS GEOLÓGICOS | M28: =SUM(M29:M31) -> 1914.82
B29: ='Memo calc'!B201 -> P8058 | C29: =IFERROR(VLOOKUP(B29,MO_Matriz,2,0),"") -> Engenheiro ambiental pleno | D29: =IFERROR(VLOOKUP(C29,MO_Matriz,2,0),"") | E29: =IFERROR(VLOOKUP(B29,MO_Matriz,3,0),"") -> S | F29: ='Memo calc'!H201 -> 1 | G29: ='Memo calc'!J201 -> 1 | H29: ='Memo calc'!M201 -> 7.3333333 | I29: ='Memo calc'!P201 -> 1 | J29: =F29*G29*H29*I29 -> 7.3333333 | K29: =J29/220 -> 0.033333333 | L29: =IFERROR(VLOOKUP(B29,MO_Matriz,5,0),"") -> 26558.86 | M29: =TRUNC(K29*L29,2) -> 885.29
B30: ='Memo calc'!B202 -> P8080 | C30: =IFERROR(VLOOKUP(B30,MO_Matriz,2,0),"") -> Geólogo júnior | D30: =IFERROR(VLOOKUP(C30,MO_Matriz,2,0),"") | E30: =IFERROR(VLOOKUP(B30,MO_Matriz,3,0),"") -> S | F30: ='Memo calc'!H202 -> 1 | G30: ='Memo calc'!J202 -> 1 | H30: ='Memo calc'!M202 -> 7.3333333 | I30: ='Memo calc'!P202 -> 1 | J30: =F30*G30*H30*I30 -> 7.3333333 | K30: =J30/220 -> 0.033333333 | L30: =IFERROR(VLOOKUP(B30,MO_Matriz,5,0),"") -> 24321.09 | M30: =TRUNC(K30*L30,2) -> 810.7
B31: ='Memo calc'!B203 -> P8143 | C31: =IFERROR(VLOOKUP(B31,MO_Matriz,2,0),"") -> Técnico ambiental | D31: =IFERROR(VLOOKUP(C31,MO_Matriz,2,0),"") | E31: =IFERROR(VLOOKUP(B31,MO_Matriz,3,0),"") -> T | F31: ='Memo calc'!H203 -> 1 | G31: ='Memo calc'!J203 -> 1 | H31: ='Memo calc'!M203 -> 7.3333333 | I31: ='Memo calc'!P203 -> 1 | J31: =F31*G31*H31*I31 -> 7.3333333 | K31: =J31/220 -> 0.033333333 | L31: =IFERROR(VLOOKUP(B31,MO_Matriz,5,0),"") -> 6565.04 | M31: =TRUNC(K31*L31,2) -> 218.83
B32: ESTUDOS HIDROLÓGICOS | M32: =SUM(M33:M34) -> 1022.65
B33: ='Memo calc'!B245 -> P8065 | C33: =IFERROR(VLOOKUP(B33,MO_Matriz,2,0),"") -> Engenheiro de projetos júnior | D33: =IFERROR(VLOOKUP(C33,MO_Matriz,2,0),"") | E33: =IFERROR(VLOOKUP(B33,MO_Matriz,3,0),"") -> S | F33: ='Memo calc'!H245 -> 1 | G33: ='Memo calc'!J245 -> 1 | H33: ='Memo calc'!M245 -> 7.3333333 | I33: ='Memo calc'!P245 -> 1 | J33: =F33*G33*H33*I33 -> 7.3333333 | K33: =J33/220 -> 0.033333333 | L33: =IFERROR(VLOOKUP(B33,MO_Matriz,5,0),"") -> 24288.81 | M33: =ROUND(K33*L33,2) -> 809.63
B34: ='Memo calc'!B246 -> P8155 | C34: =IFERROR(VLOOKUP(B34,MO_Matriz,2,0),"") -> Técnico em geoprocessamento | D34: =IFERROR(VLOOKUP(C34,MO_Matriz,2,0),"") | E34: =IFERROR(VLOOKUP(B34,MO_Matriz,3,0),"") -> T | F34: ='Memo calc'!H246 -> 1 | G34: ='Memo calc'!J246 -> 1 | H34: ='Memo calc'!M246 -> 7.3333333 | I34: ='Memo calc'!P246 -> 1 | J34: =F34*G34*H34*I34 -> 7.3333333 | K34: =J34/220 -> 0.033333333 | L34: =IFERROR(VLOOKUP(B34,MO_Matriz,5,0),"") -> 6390.65 | M34: =ROUND(K34*L34,2) -> 213.02
B35: ESTUDOS DE TRAÇADO | M35: =SUM(M36:M37) -> 1070.35
B36: ='Memo calc'!B287 -> P8065 | C36: =IFERROR(VLOOKUP(B36,MO_Matriz,2,0),"") -> Engenheiro de projetos júnior | D36: =IFERROR(VLOOKUP(C36,MO_Matriz,2,0),"") | E36: =IFERROR(VLOOKUP(B36,MO_Matriz,3,0),"") -> S | F36: ='Memo calc'!H287 -> 1 | G36: ='Memo calc'!J287 -> 1 | H36: ='Memo calc'!M287 -> 7.3333333 | I36: ='Memo calc'!P287 -> 1 | J36: =F36*G36*H36*I36 -> 7.3333333 | K36: =J36/220 -> 0.033333333 | L36: =IFERROR(VLOOKUP(B36,MO_Matriz,5,0),"") -> 24288.81 | M36: =ROUND(K36*L36,2) -> 809.63
B37: ='Memo calc'!B288 -> P9848 | C37: =IFERROR(VLOOKUP(B37,MO_Matriz,2,0),"") -> Desenhista | D37: =IFERROR(VLOOKUP(C37,MO_Matriz,2,0),"") | E37: =IFERROR(VLOOKUP(B37,MO_Matriz,3,0),"") -> T | F37: ='Memo calc'!H288 -> 1 | G37: ='Memo calc'!J288 -> 1 | H37: ='Memo calc'!M288 -> 7.3333333 | I37: ='Memo calc'!P288 -> 1 | J37: =F37*G37*H37*I37 -> 7.3333333 | K37: =J37/220 -> 0.033333333 | L37: =IFERROR(VLOOKUP(B37,MO_Matriz,5,0),"") -> 7821.6816 | M37: =ROUND(K37*L37,2) -> 260.72
B38: ESTUDOS TOPOGRÁFICOS: SERVIÇOS DE CAMPO | M38: =SUM(M39:M40) -> 1432.26
B39: ='Memo calc'!B332 -> P8163 | C39: =IFERROR(VLOOKUP(B39,MO_Matriz,2,0),"") -> Topógrafo | D39: =IFERROR(VLOOKUP(C39,MO_Matriz,2,0),"") | E39: =IFERROR(VLOOKUP(B39,MO_Matriz,3,0),"") -> T | F39: ='Memo calc'!H332 -> 1 | G39: ='Memo calc'!J332 -> 1 | H39: ='Memo calc'!L332 -> 7.3333333 | I39: ='Memo calc'!N332 -> 3 | J39: =F39*G39*H39*I39 -> 22 | K39: =J39/220 -> 0.1 | L39: =IFERROR(VLOOKUP(B39,MO_Matriz,5,0),"") -> 5810.76 | M39: =TRUNC(K39*L39,2) -> 581.07
B40: ='Memo calc'!B333 -> P8028 | C40: =IFERROR(VLOOKUP(B40,MO_Matriz,2,0),"") -> Auxiliar de topografia | D40: =IFERROR(VLOOKUP(C40,MO_Matriz,2,0),"") | E40: =IFERROR(VLOOKUP(B40,MO_Matriz,3,0),"") -> A | F40: ='Memo calc'!H333 -> 1 | G40: ='Memo calc'!J333 -> 2 | H40: ='Memo calc'!L333 -> 7.3333333 | I40: ='Memo calc'!N333 -> 3 | J40: =F40*G40*H40*I40 -> 44 | K40: =J40/220 -> 0.2 | L40: =IFERROR(VLOOKUP(B40,MO_Matriz,5,0),"") -> 4255.96 | M40: =TRUNC(K40*L40,2) -> 851.19
B41: ESTUDOS TOPOGRÁFICOS: TRABALHO DE ESCRITÓRIO | M41: =SUM(M42:M44) -> 2528.08
B42: ='Memo calc'!B410 -> P8065 | C42: =IFERROR(VLOOKUP(B42,MO_Matriz,2,0),"") -> Engenheiro de projetos júnior | E42: =IFERROR(VLOOKUP(B42,MO_Matriz,3,0),"") -> S | F42: ='Memo calc'!H410 -> 1 | G42: ='Memo calc'!J410 -> 1 | H42: ='Memo calc'!L410 -> 7.3333333 | I42: ='Memo calc'!N410 -> 2 | J42: =F42*G42*H42*I42 -> 14.666667 | K42: =J42/220 -> 0.066666667 | L42: =IFERROR(VLOOKUP(B42,MO_Matriz,5,0),"") -> 24288.81 | M42: =ROUND(K42*L42,2) -> 1619.25
B43: ='Memo calc'!B411 -> P8163 | C43: =IFERROR(VLOOKUP(B43,MO_Matriz,2,0),"") -> Topógrafo | D43: =IFERROR(VLOOKUP(C43,MO_Matriz,2,0),"") | E43: =IFERROR(VLOOKUP(B43,MO_Matriz,3,0),"") -> T | F43: ='Memo calc'!H411 -> 1 | G43: ='Memo calc'!J411 -> 1 | H43: ='Memo calc'!L411 -> 7.3333333 | I43: ='Memo calc'!N411 -> 2 | J43: =F43*G43*H43*I43 -> 14.666667 | K43: =J43/220 -> 0.066666667 | L43: =IFERROR(VLOOKUP(B43,MO_Matriz,5,0),"") -> 5810.76 | M43: =ROUND(K43*L43,2) -> 387.38
B44: ='Memo calc'!B412 -> P9848 | C44: =IFERROR(VLOOKUP(B44,MO_Matriz,2,0),"") -> Desenhista | D44: =IFERROR(VLOOKUP(C44,MO_Matriz,2,0),"") | E44: =IFERROR(VLOOKUP(B44,MO_Matriz,3,0),"") -> T | F44: ='Memo calc'!H412 -> 1 | G44: ='Memo calc'!J412 -> 1 | H44: ='Memo calc'!L412 -> 7.3333333 | I44: ='Memo calc'!N412 -> 2 | J44: =F44*G44*H44*I44 -> 14.666667 | K44: =J44/220 -> 0.066666667 | L44: =IFERROR(VLOOKUP(B44,MO_Matriz,5,0),"") -> 7821.6816 | M44: =ROUND(K44*L44,2) -> 521.45
B45: ESTUDOS GEOTÉCNICOS: SONDAGENS SUBLEITO, CORTES, CAIXAS DE EMPRÉSTIMO, JAZIDAS DE SOLO, LICENCIAMENTO AMBIENTAL | M45: =SUM(M46:M47) -> 2273.43
B46: ='Memo calc'!B887 -> P8139 | C46: =IFERROR(VLOOKUP(B46,MO_Matriz,2,0),"") -> Sondador | D46: =IFERROR(VLOOKUP(C46,MO_Matriz,2,0),"") | E46: =IFERROR(VLOOKUP(B46,MO_Matriz,3,0),"") -> T | F46: ='Memo calc'!H887 -> 1 | G46: ='Memo calc'!J887 -> 1 | H46: ='Memo calc'!L887 -> 7.3333333 | I46: ='Memo calc'!N887 -> 5 | J46: =F46*G46*H46*I46 -> 36.666667 | K46: =J46/220 -> 0.16666667 | L46: =IFERROR(VLOOKUP(B46,MO_Matriz,5,0),"") -> 5087.77 | M46: =ROUND(K46*L46,2) -> 847.96
B47: ='Memo calc'!B888 -> P8025 | C47: =IFERROR(VLOOKUP(B47,MO_Matriz,2,0),"") -> Auxiliar | D47: =IFERROR(VLOOKUP(C47,MO_Matriz,2,0),"") | E47: =IFERROR(VLOOKUP(B47,MO_Matriz,3,0),"") -> A | F47: ='Memo calc'!H888 -> 1 | G47: ='Memo calc'!J888 -> 2 | H47: ='Memo calc'!L888 -> 7.3333333 | I47: ='Memo calc'!N888 -> 5 | J47: =F47*G47*H47*I47 -> 73.333333 | K47: =J47/220 -> 0.33333333 | L47: =IFERROR(VLOOKUP(B47,MO_Matriz,5,0),"") -> 4276.41 | M47: =ROUND(K47*L47,2) -> 1425.47
B48: ESTUDOS GEOTÉCNICOS: ENSAIOS DE LABORATÓRIO | M48: =SUM(M49:M50) -> 2542.51
B49: ='Memo calc'!B976 -> P8098 | C49: =IFERROR(VLOOKUP(B49,MO_Matriz,2,0),"") -> Laboratorista | D49: =IFERROR(VLOOKUP(C49,MO_Matriz,2,0),"") | E49: =IFERROR(VLOOKUP(B49,MO_Matriz,3,0),"") -> T | F49: ='Memo calc'!H976 -> 1 | G49: ='Memo calc'!J976 -> 1 | H49: ='Memo calc'!L976 -> 7.3333333 | I49: ='Memo calc'!N976 -> 7.5 | J49: =F49*G49*H49*I49 -> 55 | K49: =J49/220 -> 0.25 | L49: =IFERROR(VLOOKUP(B49,MO_Matriz,5,0),"") -> 5615.95 | M49: =ROUND(K49*L49,2) -> 1403.99
B50: ='Memo calc'!B977 -> P8027 | C50: =IFERROR(VLOOKUP(B50,MO_Matriz,2,0),"") -> Auxiliar de laboratório | D50: =IFERROR(VLOOKUP(C50,MO_Matriz,2,0),"") | E50: =IFERROR(VLOOKUP(B50,MO_Matriz,3,0),"") -> A | F50: ='Memo calc'!H977 -> 1 | G50: ='Memo calc'!J977 -> 1 | H50: ='Memo calc'!L977 -> 7.3333333 | I50: ='Memo calc'!N977 -> 7.5 | J50: =F50*G50*H50*I50 -> 55 | K50: =J50/220 -> 0.25 | L50: =IFERROR(VLOOKUP(B50,MO_Matriz,5,0),"") -> 4554.09 | M50: =ROUND(K50*L50,2) -> 1138.52
B51: ESTUDOS GEOTÉCNICOS: TRABALHO DE ESCRITÓRIO (ANÁLISES E FORMULAÇÕES) | M51: =SUM(M52:M53) -> 3272.91
B52: ='Memo calc'!B1038 -> P8065 | C52: =IFERROR(VLOOKUP(B52,MO_Matriz,2,0),"") -> Engenheiro de projetos júnior | D52: =IFERROR(VLOOKUP(C52,MO_Matriz,2,0),"") | E52: =IFERROR(VLOOKUP(B52,MO_Matriz,3,0),"") -> S | F52: ='Memo calc'!H1038 -> 1 | G52: ='Memo calc'!J1038 -> 1 | H52: ='Memo calc'!L1038 -> 7.3333333 | I52: ='Memo calc'!N1038 -> 3.2833333 | J52: =F52*G52*H52*I52 -> 24.077778 | K52: =J52/220 -> 0.10944444 | L52: =IFERROR(VLOOKUP(B52,MO_Matriz,5,0),"") -> 24288.81 | M52: =ROUND(K52*L52,2) -> 2658.28
B53: ='Memo calc'!B1039 -> P8098 | C53: =IFERROR(VLOOKUP(B53,MO_Matriz,2,0),"") -> Laboratorista | D53: =IFERROR(VLOOKUP(C53,MO_Matriz,2,0),"") | E53: =IFERROR(VLOOKUP(B53,MO_Matriz,3,0),"") -> T | F53: ='Memo calc'!H1039 -> 1 | G53: ='Memo calc'!J1039 -> 1 | H53: ='Memo calc'!L1039 -> 7.3333333 | I53: ='Memo calc'!N1039 -> 3.2833333 | J53: =F53*G53*H53*I53 -> 24.077778 | K53: =J53/220 -> 0.10944444 | L53: =IFERROR(VLOOKUP(B53,MO_Matriz,5,0),"") -> 5615.95 | M53: =ROUND(K53*L53,2) -> 614.63
B54: AVALIAÇÃO ESTRUTURAL DO PAVIMENTO EXISTENTE: DETERMINAÇÃO DAS DEFLEXÕES | M54: =SUM(M55:M56) -> 144.87
B55: ='[1]Memo calc'!B424 -> P8147 | C55: =IFERROR(VLOOKUP(B55,MO_Matriz,2,0),"") -> Técnico de obras | D55: =IFERROR(VLOOKUP(C55,MO_Matriz,2,0),"") | E55: =IFERROR(VLOOKUP(B55,MO_Matriz,3,0),"") -> T | F55: ='[1]Memo calc'!H424 -> 1 | G55: ='[1]Memo calc'!J424 -> 1 | H55: ='[1]Memo calc'!L424 -> 7.3333333 | I55: ='Memo calc'!N459 -> 0.18 | J55: =F55*G55*H55*I55 -> 1.32 | K55: =J55/220 -> 0.006 | L55: =IFERROR(VLOOKUP(B55,MO_Matriz,5,0),"") -> 7040.14 | M55: =ROUND(K55*L55,2) -> 42.24
B56: ='[1]Memo calc'!B425 -> P8025 | C56: =IFERROR(VLOOKUP(B56,MO_Matriz,2,0),"") -> Auxiliar | D56: =IFERROR(VLOOKUP(C56,MO_Matriz,2,0),"") | E56: =IFERROR(VLOOKUP(B56,MO_Matriz,3,0),"") -> A | F56: ='[1]Memo calc'!H425 -> 1 | G56: ='[1]Memo calc'!J425 -> 4 | H56: ='[1]Memo calc'!L425 -> 7.3333333 | I56: ='Memo calc'!N460 -> 0.18 | J56: =F56*G56*H56*I56 -> 5.28 | K56: =J56/220 -> 0.024 | L56: =IFERROR(VLOOKUP(B56,MO_Matriz,5,0),"") -> 4276.41 | M56: =ROUND(K56*L56,2) -> 102.63
B57: AVALIAÇÃO ESTRUTURAL DO PAVIMENTO EXISTENTE: INVESTIGAÇÃO DAS CONDIÇÕES DE SUPERFÍCIE E MEDIDA DA IRREGULARIDADE LONGITUDINAL DO PAVIMENTO | M57: =SUM(M58:M59) -> 10.39
B58: ='[1]Memo calc'!B512 -> P8147 | C58: =IFERROR(VLOOKUP(B58,MO_Matriz,2,0),"") -> Técnico de obras | D58: =IFERROR(VLOOKUP(C58,MO_Matriz,2,0),"") | E58: =IFERROR(VLOOKUP(B58,MO_Matriz,3,0),"") -> T | F58: ='[1]Memo calc'!H512 -> 1 | G58: ='[1]Memo calc'!J512 -> 1 | H58: ='[1]Memo calc'!L512 -> 7.3333333 | I58: ='Memo calc'!N547 -> 0.02 | J58: =F58*G58*H58*I58 -> 0.14666667 | K58: =J58/220 -> 0.00066666667 | L58: =IFERROR(VLOOKUP(B58,MO_Matriz,5,0),"") -> 7040.14 | M58: =ROUND(K58*L58,2) -> 4.69
B59: ='[1]Memo calc'!B513 -> P8025 | C59: =IFERROR(VLOOKUP(B59,MO_Matriz,2,0),"") -> Auxiliar | D59: =IFERROR(VLOOKUP(C59,MO_Matriz,2,0),"") | E59: =IFERROR(VLOOKUP(B59,MO_Matriz,3,0),"") -> A | F59: ='[1]Memo calc'!H513 -> 1 | G59: ='[1]Memo calc'!J513 -> 2 | H59: ='[1]Memo calc'!L513 -> 7.3333333 | I59: ='Memo calc'!N548 -> 0.02 | J59: =F59*G59*H59*I59 -> 0.29333333 | K59: =J59/220 -> 0.0013333333 | L59: =IFERROR(VLOOKUP(B59,MO_Matriz,5,0),"") -> 4276.41 | M59: =ROUND(K59*L59,2) -> 5.7
B60: AVALIAÇÃO ESTRUTURAL DO PAVIMENTO EXISTENTE: SONDAGENS | M60: =SUM(M61:M62) -> 425.81
B61: ='[1]Memo calc'!B618 -> P8139 | C61: =IFERROR(VLOOKUP(B61,MO_Matriz,2,0),"") -> Sondador | D61: =IFERROR(VLOOKUP(C61,MO_Matriz,2,0),"") | E61: =IFERROR(VLOOKUP(B61,MO_Matriz,3,0),"") -> T | F61: ='[1]Memo calc'!H618 -> 1 | G61: ='[1]Memo calc'!J618 -> 1 | H61: ='[1]Memo calc'!L618 -> 7.3333333 | I61: ='Memo calc'!N654 -> 1.25 | J61: =F61*G61*H61*I61 -> 9.1666667 | K61: =J61/220 -> 0.041666667 | L61: =IFERROR(VLOOKUP(B61,MO_Matriz,5,0),"") -> 5087.77 | M61: =ROUND(K61*L61,2) -> 211.99
B62: ='[1]Memo calc'!B619 -> P8025 | C62: =IFERROR(VLOOKUP(B62,MO_Matriz,2,0),"") -> Auxiliar | D62: =IFERROR(VLOOKUP(C62,MO_Matriz,2,0),"") | E62: =IFERROR(VLOOKUP(B62,MO_Matriz,3,0),"") -> A | F62: ='[1]Memo calc'!H619 -> 1 | G62: ='[1]Memo calc'!J619 -> 6 | H62: ='[1]Memo calc'!L619 -> 7.3333333 | I62: ='Memo calc'!N655 -> 0.25 | J62: =F62*G62*H62*I62 -> 11 | K62: =J62/220 -> 0.05 | L62: =IFERROR(VLOOKUP(B62,MO_Matriz,5,0),"") -> 4276.41 | M62: =ROUND(K62*L62,2) -> 213.82
B63: AVALIAÇÃO ESTRUTURAL DO PAVIMENTO EXISTENTE: ENSAIOS DE LABORATÓRIO | M63: =SUM(M64:M66) -> 624.09
B64: ='[1]Memo calc'!B713 -> P8098 | C64: =IFERROR(VLOOKUP(B64,MO_Matriz,2,0),"") -> Laboratorista | D64: =IFERROR(VLOOKUP(C64,MO_Matriz,2,0),"") | E64: =IFERROR(VLOOKUP(B64,MO_Matriz,3,0),"") -> T | F64: ='[1]Memo calc'!H713 -> 2 | G64: ='[1]Memo calc'!J713 -> 1 | H64: ='[1]Memo calc'!L713 -> 7.3333333 | I64: ='Memo calc'!N749 -> 0.5 | J64: =F64*G64*H64*I64 -> 7.3333333 | K64: =J64/220 -> 0.033333333 | L64: =IFERROR(VLOOKUP(B64,MO_Matriz,5,0),"") -> 5615.95 | M64: =ROUND(K64*L64,2) -> 187.2
B65: ='[1]Memo calc'!B714 -> P8027 | C65: =IFERROR(VLOOKUP(B65,MO_Matriz,2,0),"") -> Auxiliar de laboratório | D65: =IFERROR(VLOOKUP(C65,MO_Matriz,2,0),"") | E65: =IFERROR(VLOOKUP(B65,MO_Matriz,3,0),"") -> A | F65: ='[1]Memo calc'!H714 -> 2 | G65: ='[1]Memo calc'!J714 -> 1 | H65: ='[1]Memo calc'!L714 -> 7.3333333 | I65: ='Memo calc'!N750 -> 0.5 | J65: =F65*G65*H65*I65 -> 7.3333333 | K65: =J65/220 -> 0.033333333 | L65: =IFERROR(VLOOKUP(B65,MO_Matriz,5,0),"") -> 4554.09 | M65: =ROUND(K65*L65,2) -> 151.8
B66: ='[1]Memo calc'!B715 -> P8025 | C66: =IFERROR(VLOOKUP(B66,MO_Matriz,2,0),"") -> Auxiliar | D66: =IFERROR(VLOOKUP(C66,MO_Matriz,2,0),"") | E66: =IFERROR(VLOOKUP(B66,MO_Matriz,3,0),"") -> A | F66: ='[1]Memo calc'!H715 -> 2 | G66: ='[1]Memo calc'!J715 -> 2 | H66: ='[1]Memo calc'!L715 -> 7.3333333 | I66: ='Memo calc'!N751 -> 0.5 | J66: =F66*G66*H66*I66 -> 14.666667 | K66: =J66/220 -> 0.066666667 | L66: =IFERROR(VLOOKUP(B66,MO_Matriz,5,0),"") -> 4276.41 | M66: =ROUND(K66*L66,2) -> 285.09
B67: AVALIAÇÃO ESTRUTURAL DO PAVIMENTO EXISTENTE: TRABALHO DE ESCRITÓRIO (ANÁLISES E FORMULAÇÕES) | M67: =SUM(M68:M72) -> 3617.81
B68: ='[1]Memo calc'!B805 -> P8066 | C68: =IFERROR(VLOOKUP(B68,MO_Matriz,2,0),"") -> Engenheiro de projetos pleno | D68: =IFERROR(VLOOKUP(C68,MO_Matriz,2,0),"") | E68: =IFERROR(VLOOKUP(B68,MO_Matriz,3,0),"") -> S | F68: ='[1]Memo calc'!H805 -> 1 | G68: ='[1]Memo calc'!J805 -> 1 | H68: ='[1]Memo calc'!L805 -> 7.3333333 | I68: ='Memo calc'!N841 -> 1.58 | J68: =F68*G68*H68*I68 -> 11.586667 | K68: =J68/220 -> 0.052666667 | L68: =IFERROR(VLOOKUP(B68,MO_Matriz,5,0),"") -> 27591.76 | M68: =ROUND(K68*L68,2) -> 1453.17
B69: ='[1]Memo calc'!B806 -> P8080 | C69: =IFERROR(VLOOKUP(B69,MO_Matriz,2,0),"") -> Geólogo júnior | D69: =IFERROR(VLOOKUP(C69,MO_Matriz,2,0),"") | E69: =IFERROR(VLOOKUP(B69,MO_Matriz,3,0),"") -> S | F69: ='[1]Memo calc'!H806 -> 1 | G69: ='[1]Memo calc'!J806 -> 1 | H69: ='[1]Memo calc'!L806 -> 7.3333333 | I69: ='Memo calc'!N842 -> 1.58 | J69: =F69*G69*H69*I69 -> 11.586667 | K69: =J69/220 -> 0.052666667 | L69: =IFERROR(VLOOKUP(B69,MO_Matriz,5,0),"") -> 24321.09 | M69: =ROUND(K69*L69,2) -> 1280.91
B70: ='[1]Memo calc'!B807 -> P9848 | C70: =IFERROR(VLOOKUP(B70,MO_Matriz,2,0),"") -> Desenhista | D70: =IFERROR(VLOOKUP(C70,MO_Matriz,2,0),"") | E70: =IFERROR(VLOOKUP(B70,MO_Matriz,3,0),"") -> T | F70: ='[1]Memo calc'!H807 -> 1 | G70: ='[1]Memo calc'!J807 -> 1 | H70: ='[1]Memo calc'!L807 -> 7.3333333 | I70: ='Memo calc'!N843 -> 1.58 | J70: =F70*G70*H70*I70 -> 11.586667 | K70: =J70/220 -> 0.052666667 | L70: =IFERROR(VLOOKUP(B70,MO_Matriz,5,0),"") -> 7821.6816 | M70: =ROUND(K70*L70,2) -> 411.94
B71: ='[1]Memo calc'!B808 -> P8026 | C71: =IFERROR(VLOOKUP(B71,MO_Matriz,2,0),"") -> Auxiliar administrativo | D71: =IFERROR(VLOOKUP(C71,MO_Matriz,2,0),"") | E71: =IFERROR(VLOOKUP(B71,MO_Matriz,3,0),"") -> A | F71: ='[1]Memo calc'!H808 -> 1 | G71: ='[1]Memo calc'!J808 -> 1 | H71: ='[1]Memo calc'!L808 -> 7.3333333 | I71: ='Memo calc'!N844 -> 1.58 | J71: =F71*G71*H71*I71 -> 11.586667 | K71: =J71/220 -> 0.052666667 | L71: =IFERROR(VLOOKUP(B71,MO_Matriz,5,0),"") -> 4681.69 | M71: =ROUND(K71*L71,2) -> 246.57
B72: ='[1]Memo calc'!B809 -> P8025 | C72: =IFERROR(VLOOKUP(B72,MO_Matriz,2,0),"") -> Auxiliar | D72: =IFERROR(VLOOKUP(C72,MO_Matriz,2,0),"") | E72: =IFERROR(VLOOKUP(B72,MO_Matriz,3,0),"") -> A | F72: ='[1]Memo calc'!H809 -> 1 | G72: ='[1]Memo calc'!J809 -> 1 | H72: ='[1]Memo calc'!L809 -> 7.3333333 | I72: ='Memo calc'!N845 -> 1.58 | J72: =F72*G72*H72*I72 -> 11.586667 | K72: =J72/220 -> 0.052666667 | L72: =IFERROR(VLOOKUP(B72,MO_Matriz,5,0),"") -> 4276.41 | M72: =ROUND(K72*L72,2) -> 225.22
B73: PROJETO GEOMÉTRICO | M73: =SUM(M74:M75) -> 4816.57
B74: ='Memo calc'!B1172 -> P8065 | C74: =IFERROR(VLOOKUP(B74,MO_Matriz,2,0),"") -> Engenheiro de projetos júnior | D74: =IFERROR(VLOOKUP(C74,MO_Matriz,2,0),"") | E74: =IFERROR(VLOOKUP(B74,MO_Matriz,3,0),"") -> S | F74: ='Memo calc'!H1172 -> 1 | G74: ='Memo calc'!I1172 -> 1 | H74: ='Memo calc'!K1172 -> 7.3333333 | I74: ='Memo calc'!M1172 -> 4.5 | J74: =F74*G74*H74*I74 -> 33 | K74: =J74/220 -> 0.15 | L74: =IFERROR(VLOOKUP(B74,MO_Matriz,5,0),"") -> 24288.81 | M74: =ROUND(K74*L74,2) -> 3643.32
B75: ='Memo calc'!B1173 -> P9848 | C75: =IFERROR(VLOOKUP(B75,MO_Matriz,2,0),"") -> Desenhista | D75: =IFERROR(VLOOKUP(C75,MO_Matriz,2,0),"") | E75: =IFERROR(VLOOKUP(B75,MO_Matriz,3,0),"") -> T | F75: ='Memo calc'!H1173 -> 1 | G75: ='Memo calc'!I1173 -> 1 | H75: ='Memo calc'!K1173 -> 7.3333333 | I75: ='Memo calc'!M1173 -> 4.5 | J75: =F75*G75*H75*I75 -> 33 | K75: =J75/220 -> 0.15 | L75: =IFERROR(VLOOKUP(B75,MO_Matriz,5,0),"") -> 7821.6816 | M75: =ROUND(K75*L75,2) -> 1173.25
B76: PROJETO DE TERRAPLENAGEM | M76: =SUM(M77:M78) -> 7798.26
B77: ='Memo calc'!B1218 -> P8065 | C77: =IFERROR(VLOOKUP(B77,MO_Matriz,2,0),"") -> Engenheiro de projetos júnior | D77: =IFERROR(VLOOKUP(C77,MO_Matriz,2,0),"") | E77: =IFERROR(VLOOKUP(B77,MO_Matriz,3,0),"") -> S | F77: ='Memo calc'!H1218 -> 1 | G77: ='Memo calc'!I1218 -> 1 | H77: ='Memo calc'!K1218 -> 7.3333333 | I77: ='Memo calc'!M1218 -> 7.2857143 | J77: =F77*G77*H77*I77 -> 53.428571 | K77: =J77/220 -> 0.24285714 | L77: =IFERROR(VLOOKUP(B77,MO_Matriz,5,0),"") -> 24288.81 | M77: =ROUND(K77*L77,2) -> 5898.71
B78: ='Memo calc'!B1219 -> P9848 | C78: =IFERROR(VLOOKUP(B78,MO_Matriz,2,0),"") -> Desenhista | D78: =IFERROR(VLOOKUP(C78,MO_Matriz,2,0),"") | E78: =IFERROR(VLOOKUP(B78,MO_Matriz,3,0),"") -> T | F78: ='Memo calc'!H1219 -> 1 | G78: ='Memo calc'!I1219 -> 1 | H78: ='Memo calc'!K1219 -> 7.3333333 | I78: ='Memo calc'!M1219 -> 7.2857143 | J78: =F78*G78*H78*I78 -> 53.428571 | K78: =J78/220 -> 0.24285714 | L78: =IFERROR(VLOOKUP(B78,MO_Matriz,5,0),"") -> 7821.6816 | M78: =ROUND(K78*L78,2) -> 1899.55
B79: PROJETO DE DRENAGEM E OBRAS DE ARTE CORRENTES | M79: =SUM(M80:M81) -> 7798.26
B80: ='Memo calc'!B1264 -> P8065 | C80: =IFERROR(VLOOKUP(B80,MO_Matriz,2,0),"") -> Engenheiro de projetos júnior | D80: =IFERROR(VLOOKUP(C80,MO_Matriz,2,0),"") | E80: =IFERROR(VLOOKUP(B80,MO_Matriz,3,0),"") -> S | F80: ='Memo calc'!H1264 -> 1 | G80: ='Memo calc'!I1264 -> 1 | H80: ='Memo calc'!K1264 -> 7.3333333 | I80: ='Memo calc'!M1264 -> 7.2857143 | J80: =F80*G80*H80*I80 -> 53.428571 | K80: =J80/220 -> 0.24285714 | L80: =IFERROR(VLOOKUP(B80,MO_Matriz,5,0),"") -> 24288.81 | M80: =ROUND(K80*L80,2) -> 5898.71
B81: ='Memo calc'!B1265 -> P9848 | C81: =IFERROR(VLOOKUP(B81,MO_Matriz,2,0),"") -> Desenhista | D81: =IFERROR(VLOOKUP(C81,MO_Matriz,2,0),"") | E81: =IFERROR(VLOOKUP(B81,MO_Matriz,3,0),"") -> T | F81: ='Memo calc'!H1265 -> 1 | G81: ='Memo calc'!I1265 -> 1 | H81: ='Memo calc'!K1265 -> 7.3333333 | I81: ='Memo calc'!M1265 -> 7.2857143 | J81: =F81*G81*H81*I81 -> 53.428571 | K81: =J81/220 -> 0.24285714 | L81: =IFERROR(VLOOKUP(B81,MO_Matriz,5,0),"") -> 7821.6816 | M81: =ROUND(K81*L81,2) -> 1899.55
B82: PROJETO DE PAVIMENTAÇÃO | M82: =SUM(M83:M84) -> 4816.57
B83: ='Memo calc'!B1310 -> P8065 | C83: =IFERROR(VLOOKUP(B83,MO_Matriz,2,0),"") -> Engenheiro de projetos júnior | D83: =IFERROR(VLOOKUP(C83,MO_Matriz,2,0),"") | E83: =IFERROR(VLOOKUP(B83,MO_Matriz,3,0),"") -> S | F83: ='Memo calc'!H1310 -> 1 | G83: ='Memo calc'!I1310 -> 1 | H83: ='Memo calc'!K1310 -> 7.3333333 | I83: ='Memo calc'!M1310 -> 4.5 | J83: =F83*G83*H83*I83 -> 33 | K83: =J83/220 -> 0.15 | L83: =IFERROR(VLOOKUP(B83,MO_Matriz,5,0),"") -> 24288.81 | M83: =ROUND(K83*L83,2) -> 3643.32
B84: ='Memo calc'!B1311 -> P9848 | C84: =IFERROR(VLOOKUP(B84,MO_Matriz,2,0),"") -> Desenhista | D84: =IFERROR(VLOOKUP(C84,MO_Matriz,2,0),"") | E84: =IFERROR(VLOOKUP(B84,MO_Matriz,3,0),"") -> T | F84: ='Memo calc'!H1311 -> 1 | G84: ='Memo calc'!I1311 -> 1 | H84: ='Memo calc'!K1311 -> 7.3333333 | I84: ='Memo calc'!M1311 -> 4.5 | J84: =F84*G84*H84*I84 -> 33 | K84: =J84/220 -> 0.15 | L84: =IFERROR(VLOOKUP(B84,MO_Matriz,5,0),"") -> 7821.6816 | M84: =ROUND(K84*L84,2) -> 1173.25
B85: PROJETO DE SINALIZAÇÃO | M85: =SUM(M86:M87) -> 3746.22
B86: ='Memo calc'!B1356 -> P8065 | C86: =IFERROR(VLOOKUP(B86,MO_Matriz,2,0),"") -> Engenheiro de projetos júnior | D86: =IFERROR(VLOOKUP(C86,MO_Matriz,2,0),"") | E86: =IFERROR(VLOOKUP(B86,MO_Matriz,3,0),"") -> S | F86: ='Memo calc'!H1356 -> 1 | G86: ='Memo calc'!I1356 -> 1 | H86: ='Memo calc'!K1356 -> 7.3333333 | I86: ='Memo calc'!M1356 -> 3.5 | J86: =F86*G86*H86*I86 -> 25.666667 | K86: =J86/220 -> 0.11666667 | L86: =IFERROR(VLOOKUP(B86,MO_Matriz,5,0),"") -> 24288.81 | M86: =ROUND(K86*L86,2) -> 2833.69
B87: ='Memo calc'!B1357 -> P9848 | C87: =IFERROR(VLOOKUP(B87,MO_Matriz,2,0),"") -> Desenhista | D87: =IFERROR(VLOOKUP(C87,MO_Matriz,2,0),"") | E87: =IFERROR(VLOOKUP(B87,MO_Matriz,3,0),"") -> T | F87: ='Memo calc'!H1357 -> 1 | G87: ='Memo calc'!I1357 -> 1 | H87: ='Memo calc'!K1357 -> 7.3333333 | I87: ='Memo calc'!M1357 -> 3.5 | J87: =F87*G87*H87*I87 -> 25.666667 | K87: =J87/220 -> 0.11666667 | L87: =IFERROR(VLOOKUP(B87,MO_Matriz,5,0),"") -> 7821.6816 | M87: =ROUND(K87*L87,2) -> 912.53
B88: PROJETO DE OBRAS COMPLEMENTARES | M88: =SUM(M89:M90) -> 4228.54
B89: ='Memo calc'!B1402 -> P8065 | C89: =IFERROR(VLOOKUP(B89,MO_Matriz,2,0),"") -> Engenheiro de projetos júnior | D89: =IFERROR(VLOOKUP(C89,MO_Matriz,2,0),"") | E89: =IFERROR(VLOOKUP(B89,MO_Matriz,3,0),"") -> S | F89: ='Memo calc'!H1402 -> 1 | G89: ='Memo calc'!I1402 -> 1 | H89: ='Memo calc'!K1402 -> 7.3333333 | I89: ='Memo calc'!M1402 -> 3.95063 | J89: =F89*G89*H89*I89 -> 28.971287 | K89: =J89/220 -> 0.13168767 | L89: =IFERROR(VLOOKUP(B89,MO_Matriz,5,0),"") -> 24288.81 | M89: =TRUNC(K89*L89,2) -> 3198.53
B90: ='Memo calc'!B1403 -> P9848 | C90: =IFERROR(VLOOKUP(B90,MO_Matriz,2,0),"") -> Desenhista | D90: =IFERROR(VLOOKUP(C90,MO_Matriz,2,0),"") | E90: =IFERROR(VLOOKUP(B90,MO_Matriz,3,0),"") -> T | F90: ='Memo calc'!H1403 -> 1 | G90: ='Memo calc'!I1403 -> 1 | H90: ='Memo calc'!K1403 -> 7.3333333 | I90: ='Memo calc'!M1403 -> 3.95063 | J90: =F90*G90*H90*I90 -> 28.971287 | K90: =J90/220 -> 0.13168767 | L90: =IFERROR(VLOOKUP(B90,MO_Matriz,5,0),"") -> 7821.6816 | M90: =TRUNC(K90*L90,2) -> 1030.01
B91: PROJETO DE CANTEIRO DE OBRAS E ACAMPAMENTO DE PESSOAL | M91: =SUM(M92:M93) -> 2140.69
B92: ='Memo calc'!B1448 -> P8065 | C92: =IFERROR(VLOOKUP(B92,MO_Matriz,2,0),"") -> Engenheiro de projetos júnior | D92: =IFERROR(VLOOKUP(C92,MO_Matriz,2,0),"") | E92: =IFERROR(VLOOKUP(B92,MO_Matriz,3,0),"") -> S | F92: ='Memo calc'!H1448 -> 1 | G92: ='Memo calc'!I1448 -> 1 | H92: ='Memo calc'!K1448 -> 7.3333333 | I92: ='Memo calc'!M1448 -> 2 | J92: =F92*G92*H92*I92 -> 14.666667 | K92: =J92/220 -> 0.066666667 | L92: =IFERROR(VLOOKUP(B92,MO_Matriz,5,0),"") -> 24288.81 | M92: =TRUNC(K92*L92,2) -> 1619.25
B93: ='Memo calc'!B1449 -> P9848 | C93: =IFERROR(VLOOKUP(B93,MO_Matriz,2,0),"") -> Desenhista | D93: =IFERROR(VLOOKUP(C93,MO_Matriz,2,0),"") | E93: =IFERROR(VLOOKUP(B93,MO_Matriz,3,0),"") -> T | F93: ='Memo calc'!H1449 -> 1 | G93: ='Memo calc'!I1449 -> 1 | H93: ='Memo calc'!K1449 -> 7.3333333 | I93: ='Memo calc'!M1449 -> 2 | J93: =F93*G93*H93*I93 -> 14.666667 | K93: =J93/220 -> 0.066666667 | L93: =IFERROR(VLOOKUP(B93,MO_Matriz,5,0),"") -> 7821.6816 | M93: =TRUNC(K93*L93,2) -> 521.44
B94: PROJETO DE REGULARIZAÇÃO DE JAZIDAS | M94: =SUM(M95:M96) -> 1078.16
B95: ='Memo calc'!B1494 -> P8081 | C95: =IFERROR(VLOOKUP(B95,MO_Matriz,2,0),"") -> Geólogo pleno | D95: =IFERROR(VLOOKUP(C95,MO_Matriz,2,0),"") | E95: =IFERROR(VLOOKUP(B95,MO_Matriz,3,0),"") -> S | F95: ='Memo calc'!H1494 -> 1 | G95: ='Memo calc'!I1494 -> 1 | H95: ='Memo calc'!K1494 -> 7.3333333 | I95: ='Memo calc'!M1494 -> 1 | J95: =F95*G95*H95*I95 -> 7.3333333 | K95: =J95/220 -> 0.033333333 | L95: =IFERROR(VLOOKUP(B95,MO_Matriz,5,0),"") -> 25780.18 | M95: =TRUNC(K95*L95,2) -> 859.33
B96: ='Memo calc'!B1495 -> P8143 | C96: =IFERROR(VLOOKUP(B96,MO_Matriz,2,0),"") -> Técnico ambiental | D96: =IFERROR(VLOOKUP(C96,MO_Matriz,2,0),"") | E96: =IFERROR(VLOOKUP(B96,MO_Matriz,3,0),"") -> T | F96: ='Memo calc'!H1495 -> 1 | G96: ='Memo calc'!I1495 -> 1 | H96: ='Memo calc'!K1495 -> 7.3333333 | I96: ='Memo calc'!M1495 -> 1 | J96: =F96*G96*H96*I96 -> 7.3333333 | K96: =J96/220 -> 0.033333333 | L96: =IFERROR(VLOOKUP(B96,MO_Matriz,5,0),"") -> 6565.04 | M96: =TRUNC(K96*L96,2) -> 218.83
B97: ORÇAMENTO DA OBRA | M97: =SUM(M98:M99) -> 3446.17
B98: ='Memo calc'!B1540 -> P8065 | C98: =IFERROR(VLOOKUP(B98,MO_Matriz,2,0),"") -> Engenheiro de projetos júnior | D98: =IFERROR(VLOOKUP(C98,MO_Matriz,2,0),"") | E98: =IFERROR(VLOOKUP(B98,MO_Matriz,3,0),"") -> S | F98: ='Memo calc'!H1540 -> 1 | G98: ='Memo calc'!I1540 -> 1 | H98: ='Memo calc'!K1540 -> 7.3333333 | I98: ='Memo calc'!M1540 -> 3.3 | J98: =F98*G98*H98*I98 -> 24.2 | K98: =J98/220 -> 0.11 | L98: =IFERROR(VLOOKUP(B98,MO_Matriz,5,0),"") -> 24288.81 | M98: =TRUNC(K98*L98,2) -> 2671.76
B99: ='Memo calc'!B1541 -> P8147 | C99: =IFERROR(VLOOKUP(B99,MO_Matriz,2,0),"") -> Técnico de obras | D99: =IFERROR(VLOOKUP(C99,MO_Matriz,2,0),"") | E99: =IFERROR(VLOOKUP(B99,MO_Matriz,3,0),"") -> T | F99: ='Memo calc'!H1541 -> 1 | G99: ='Memo calc'!I1541 -> 1 | H99: ='Memo calc'!K1541 -> 7.3333333 | I99: ='Memo calc'!M1541 -> 3.3 | J99: =F99*G99*H99*I99 -> 24.2 | K99: =J99/220 -> 0.11 | L99: =IFERROR(VLOOKUP(B99,MO_Matriz,5,0),"") -> 7040.14 | M99: =TRUNC(K99*L99,2) -> 774.41
B100: PLANO DE EXECUÇÃO DA OBRA | M100: =SUM(M101:M102) -> 5221.48
B101: ='Memo calc'!B1585 -> P8065 | C101: =IFERROR(VLOOKUP(B101,MO_Matriz,2,0),"") -> Engenheiro de projetos júnior | D101: =IFERROR(VLOOKUP(C101,MO_Matriz,2,0),"") | E101: =IFERROR(VLOOKUP(B101,MO_Matriz,3,0),"") -> S | F101: ='Memo calc'!H1585 -> 1 | G101: ='Memo calc'!I1585 -> 1 | H101: ='Memo calc'!K1585 -> 7.3333333 | I101: ='Memo calc'!M1585 -> 5 | J101: =F101*G101*H101*I101 -> 36.666667 | K101: =J101/220 -> 0.16666667 | L101: =IFERROR(VLOOKUP(B101,MO_Matriz,5,0),"") -> 24288.81 | M101: =TRUNC(K101*L101,2) -> 4048.13
B102: ='Memo calc'!B1586 -> P8147 | C102: =IFERROR(VLOOKUP(B102,MO_Matriz,2,0),"") -> Técnico de obras | D102: =IFERROR(VLOOKUP(C102,MO_Matriz,2,0),"") | E102: =IFERROR(VLOOKUP(B102,MO_Matriz,3,0),"") -> T | F102: ='Memo calc'!H1586 -> 1 | G102: ='Memo calc'!I1586 -> 1 | H102: ='Memo calc'!K1586 -> 7.3333333 | I102: ='Memo calc'!M1586 -> 5 | J102: =F102*G102*H102*I102 -> 36.666667 | K102: =J102/220 -> 0.16666667 | L102: =IFERROR(VLOOKUP(B102,MO_Matriz,5,0),"") -> 7040.14 | M102: =TRUNC(K102*L102,2) -> 1173.35
B103: PROPOSTA TÉCNICA AMBIENTAL (PTA) | M103: =SUM(M104:M107) -> 3638.99
B104: ='Memo calc'!B1789 -> P8058 | C104: =IFERROR(VLOOKUP(B104,MO_Matriz,2,0),"") -> Engenheiro ambiental pleno | D104: =IFERROR(VLOOKUP(C104,MO_Matriz,2,0),"") | E104: =IFERROR(VLOOKUP(B104,MO_Matriz,3,0),"") -> S | F104: ='Memo calc'!H1789 -> 1 | G104: ='Memo calc'!I1789 -> 1 | H104: ='Memo calc'!K1789 -> 7.3333333 | I104: ='Memo calc'!M1789 -> 3 | J104: =F104*G104*H104*I104 -> 22 | K104: =J104/220 -> 0.1 | L104: =IFERROR(VLOOKUP(B104,MO_Matriz,5,0),"") -> 26558.86 | M104: =TRUNC(K104*L104,2) -> 2655.88
B105: ='Memo calc'!B1790 -> P8143 | C105: =IFERROR(VLOOKUP(B105,MO_Matriz,2,0),"") -> Técnico ambiental | D105: =IFERROR(VLOOKUP(C105,MO_Matriz,2,0),"") | E105: =IFERROR(VLOOKUP(B105,MO_Matriz,3,0),"") -> T | F105: ='Memo calc'!H1790 -> 1 | G105: ='Memo calc'!I1790 -> 1 | H105: ='Memo calc'!K1790 -> 7.3333333 | I105: ='Memo calc'!M1790 -> 1.5 | J105: =F105*G105*H105*I105 -> 11 | K105: =J105/220 -> 0.05 | L105: =IFERROR(VLOOKUP(B105,MO_Matriz,5,0),"") -> 6565.04 | M105: =TRUNC(K105*L105,2) -> 328.25
...

Sheet Veículos
B5: Objeto: | C5: ='Qd abrang'!C4 -> Contratação de Projeto Executivo de Engenharia para Implantação do Aeródromo no município de Nova Andradina
B6: Município: | C6: ='Qd abrang'!C5 -> Nova Andradina/MS
B7: Local: | C7: ='Qd abrang'!C6 -> Nova Andradina/MS
B8: Extensão: | C8: ='Qd abrang'!C7 -> 1.7 | D8: km (aproximadamente) Largura: 23 m | H8: Processo: | I8: ='Qd abrang'!N7 -> 79.010.182-2025
B9: Prazo: | C9: ='Qd abrang'!C8 -> 365 | D9: dias | H9: Data-base: | I9: ='Qd abrang'!N8 -> 45748
B11: Custo dos veículos
B13: CÓDIGO | C13: DESCRIÇÃO | E13: QUANT. | F13: DIAS | G13: MESES | H13: CUSTO MENSAL (R$) | I13: TOTAL (R$)
E14: a | F14: b | G14: c=b/30 | H14: d | I14: e=a*c*d
B15: ADMINISTRAÇÃO DE CAMPO | I15: =SUM(I16:I16) -> 743.6
B16: ='Memo calc'!B1088 -> E8889 | C16: =IFERROR(VLOOKUP(B16,Veiculo_Equip_Matriz,2,0),"") -> Veículo leve - 53 kW (sem motorista) | D16: =IFERROR(VLOOKUP(C16,MO_Matriz,2,0),"") | E16: 1 | F16: ='Memo calc'!J1076 -> 7 | G16: =F16/30 -> 0.23333333 | H16: =IFERROR(VLOOKUP(B16,Veiculo_Equip_Matriz,10,0),"") -> 3186.8793 | I16: =TRUNC(E16*G16*H16,2) -> 743.6
B17: COMPONENTE AMBIENTAL DO PROJETO: INVESTIGAÇÃO DE CAMPO | I17: =SUM(I18:I18) -> 212.45
B18: ='Memo calc'!B86 -> E8889 | C18: =IFERROR(VLOOKUP(B18,Veiculo_Equip_Matriz,2,0),"") -> Veículo leve - 53 kW (sem motorista) | D18: =IFERROR(VLOOKUP(C18,MO_Matriz,2,0),"") | E18: ='Memo calc'!G86 -> 1 | F18: ='Memo calc'!H86 -> 2 | G18: =F18/30 -> 0.066666667 | H18: =IFERROR(VLOOKUP(B18,Veiculo_Equip_Matriz,10,0),"") -> 3186.8793 | I18: =TRUNC(E18*G18*H18,2) -> 212.45
B19: ESTUDOS TOPOGRÁFICOS: SERVIÇOS DE CAMPO | I19: =SUM(I20:I20) -> 264
B20: ='Memo calc'!B338 -> E8891 | C20: =IFERROR(VLOOKUP(B20,Veiculo_Equip_Matriz,2,0),"") -> Veículo leve picape 4 x 4 com capacidade de 1,10 t - 147 kW (sem motorista) | D20: =IFERROR(VLOOKUP(C20,MO_Matriz,2,0),"") | E20: ='Memo calc'!G338 -> 1 | F20: ='Memo calc'!H338 -> 1 | G20: =F20/30 -> 0.033333333 | H20: =IFERROR(VLOOKUP(B20,Veiculo_Equip_Matriz,10,0),"") -> 7920.0561 | I20: =TRUNC(E20*G20*H20,2) -> 264
B21: ESTUDOS GEOTÉCNICOS: SONDAGENS SUBLEITO, CORTES, CAIXAS DE EMPRÉSTIMO E JAZIDAS DE SOLO | I21: =SUM(I22:I22) -> 528
B22: ='Memo calc'!B893 -> E8891 | C22: =IFERROR(VLOOKUP(B22,Veiculo_Equip_Matriz,2,0),"") -> Veículo leve picape 4 x 4 com capacidade de 1,10 t - 147 kW (sem motorista) | D22: =IFERROR(VLOOKUP(C22,MO_Matriz,2,0),"") | E22: ='Memo calc'!H893 -> 1 | F22: ='Memo calc'!I893 -> 2 | G22: =F22/30 -> 0.066666667 | H22: =IFERROR(VLOOKUP(B22,Veiculo_Equip_Matriz,10,0),"") -> 7920.0561 | I22: =TRUNC(E22*G22*H22,2) -> 528
B23: AVALIAÇÃO ESTRUTURAL DO PAVIMENTO EXISTENTE: DETERMINAÇÃO DAS DEFLEXÕES | I23: =I24 -> 55.44
B24: E8891 | C24: =IFERROR(VLOOKUP(B24,Veiculo_Equip_Matriz,2,0),"") -> Veículo leve picape 4 x 4 com capacidade de 1,10 t - 147 kW (sem motorista) | D24: =IFERROR(VLOOKUP(C24,MO_Matriz,2,0),"") | E24: ='Memo calc'!G465 -> 1 | F24: ='Memo calc'!H465 -> 0.21 | G24: =F24/30 -> 0.007 | H24: =IFERROR(VLOOKUP(B24,Veiculo_Equip_Matriz,10,0),"") -> 7920.0561 | I24: =ROUND(E24*G24*H24,2) -> 55.44
B25: AVALIAÇÃO ESTRUTURAL DO PAVIMENTO EXISTENTE: INVESTIGAÇÃO DAS CONDIÇÕES DE SUPERFÍCIE E MEDIDA DA IRREGULARIDADE LONGITUDINAL DO PAVIMENTO | I25: =I26 -> 8.37
B26: E8887 | C26: =IFERROR(VLOOKUP(B26,Veiculo_Equip_Matriz,2,0),"") -> Veículo tipo van furgão com capacidade de 1,38 t - 100 kW (com motorista) | D26: =IFERROR(VLOOKUP(C26,MO_Matriz,2,0),"") | E26: ='Memo calc'!F553 -> 1 | F26: ='Memo calc'!G553 -> 0.023333333 | G26: =F26/30 -> 0.00077777778 | H26: =IFERROR(VLOOKUP(B26,Veiculo_Equip_Matriz,10,0),"") -> 10762.442 | I26: =ROUND(E26*G26*H26,2) -> 8.37
B27: AVALIAÇÃO ESTRUTURAL DO PAVIMENTO EXISTENTE: SONDAGENS | I27: =I28 -> 463.38
B28: E8887 | C28: =IFERROR(VLOOKUP(B28,Veiculo_Equip_Matriz,2,0),"") -> Veículo tipo van furgão com capacidade de 1,38 t - 100 kW (com motorista) | D28: =IFERROR(VLOOKUP(C28,MO_Matriz,2,0),"") | E28: ='Memo calc'!F660 -> 1 | F28: ='Memo calc'!G660 -> 1.2916667 | G28: ='Memo calc'!H660 -> 0.043055556 | H28: =IFERROR(VLOOKUP(B28,Veiculo_Equip_Matriz,10,0),"") -> 10762.442 | I28: =ROUND(E28*G28*H28,2) -> 463.38
H29: TOTAL DOS CUSTOS DOS VEÍCULOS | I29: =I15+I17+I19+I21+I25+I27 -> 2219.8

Sheet Equip + materiais
B4: Objeto: | C4: ='Qd abrang'!C4 -> Contratação de Projeto Executivo de Engenharia para Implantação do Aeródromo no município de Nova Andradina
B5: Município: | C5: ='Qd abrang'!C5 -> Nova Andradina/MS
B6: Local: | C6: ='Qd abrang'!C6 -> Nova Andradina/MS
B7: Extensão: | C7: ='Qd abrang'!C7 -> 1.7 | D7: km (aproximadamente) Largura: 23 m | I7: Processo: | J7: ='Qd abrang'!N7 -> 79.010.182-2025
B8: Prazo: | C8: ='Qd abrang'!C8 -> 365 | D8: dias | I8: Data-base: | J8: ='Qd abrang'!N8 -> 45748
B10: Custo de equipamentos e materiais
B12: CÓDIGO | C12: DESCRIÇÃO | E12: UNIDADE | F12: CUSTO UNITÁRIO (R$/und) | G12: QUANT. | H12: DIAS | I12: MESES | J12: TOTAL (R$)
F13: a | G13: b | H13: c | I13: d=c/30
B14: ESTUDOS TOPOGRÁFICOS: SERVIÇOS DE CAMPO | J14: =J15 -> 171.67
B15: ='Memo calc'!B353 -> B8958 | C15: =VLOOKUP(B15,'Imóveis-Mobiliários-Cestas-Dive'!B3:F13,3,0) -> Topografia | E15: mês | F15: =VLOOKUP(B15,'Imóveis-Mobiliários-Cestas-Dive'!B3:F13,5,0) -> 5150.27 | G15: ='Memo calc'!E353 -> 1 | H15: ='Memo calc'!F353 -> 1 | I15: =H15/30 -> 0.033333333 | J15: =TRUNC(F15*G15*I15,2) -> 171.67
B16: ESTUDOS GEOTÉCNICOS: SONDAGENS SUBLEITO, CORTES, CAIXAS DE EMPRÉSTIMO E JAZIDAS DE SOLO | J16: =SUM(J17:J19) -> 5442.78
B17: ='Memo calc'!B910 -> 65.02.02 | C17: =IFERROR(VLOOKUP(B17,Sudecap!$A$1:$K$55,3,0),"") -> Perfuração de solo sondagem a trado (NBR 9603:2015) DN 20CM | D17: =IFERROR(VLOOKUP(C17,MO_Matriz,2,0),"") | E17: =Sudecap!D9 -> m | F17: =IFERROR(VLOOKUP(B17,Sudecap!$A$1:$K$55,11,0),"") -> 74.97 | G17: ='Memo calc'!J910 -> 15 | H17: ='Memo calc'!K910 -> 0 | I17: =H17/30 -> 0 | J17: =TRUNC(F17*G17,2) -> 1124.55
B18: ='Memo calc'!B911 -> 65.01.02 | C18: =IFERROR(VLOOKUP(B18,Sudecap!$A$1:$K$55,3,0),"") -> PERFURAÇÃO DE SOLO SONDAGEM À PERCUSSÃO (NBR 6484:2020) | D18: =IFERROR(VLOOKUP(C18,MO_Matriz,2,0),"") | E18: m | F18: =IFERROR(VLOOKUP(B18,Sudecap!$A$1:$K$55,11,0),"") -> 94.96 | G18: ='Memo calc'!J911 -> 36 | H18: ='Memo calc'!K911 -> 0 | I18: =H18/30 -> 0 | J18: =TRUNC(F18*G18,2) -> 3418.56
B19: ='Memo calc'!B912 -> 65.01.03 | C19: =IFERROR(VLOOKUP(B19,Sudecap!$A$1:$K$55,3,0),"") -> DESMONTAGEM, TRANSPORTE E MONTAGEM DE EQUIPAMENTOS DE SONDAGEM A PERCUSSÃO POR FURO | D19: =IFERROR(VLOOKUP(C19,MO_Matriz,2,0),"") | E19: UNIDADE | F19: =IFERROR(VLOOKUP(B19,Sudecap!$A$1:$K$55,11,0),"") -> 299.89 | G19: ='Memo calc'!J912 -> 3 | H19: ='Memo calc'!K912 -> 0 | I19: =H19/30 -> 0 | J19: =TRUNC(F19*G19,2) -> 899.67
B20: ESTUDOS GEOTÉCNICOS: ENSAIOS DE LABORATÓRIO | J20: =J21 -> 880.12
B21: ='Memo calc'!B996 -> B8957 | C21: =VLOOKUP(B21,'Imóveis-Mobiliários-Cestas-Dive'!$B$2:$F$13,3,0) -> Laboratório de solos | E21: mês | F21: =VLOOKUP(B21,'Imóveis-Mobiliários-Cestas-Dive'!$B$2:$F$13,5,0) -> 3520.5 | G21: ='Memo calc'!E996 -> 1 | H21: ='Memo calc'!F996 -> 7.5 | I21: =H21/30 -> 0.25 | J21: =TRUNC(F21*G21*I21,2) -> 880.12
B22: AVALIAÇÃO ESTRUTURAL DO PAVIMENTO EXISTENTE: DETERMINAÇÃO DAS DEFLEXÕES | J22: =J23 -> 383.41
B23: E9014 | C23: =IFERROR(VLOOKUP(B23,Veiculo_Equip_Matriz,2,0),"") -> Deflectômetro de impacto (FWD) instalado em picape com reboque e faixa de carga de 7 a 120 kN - 147 kW | D23: =IFERROR(VLOOKUP(C23,MO_Matriz,2,0),"") | E23: mês | F23: =IFERROR(VLOOKUP(B23,Veiculo_Equip_Matriz,10,0),"") -> 54773.408 | G23: ='Memo calc'!O487 -> 1 | H23: ='Memo calc'!P487 -> 0.21 | I23: =H23/30 -> 0.007 | J23: =TRUNC(F23*G23*I23,2) -> 383.41
B24: AVALIAÇÃO ESTRUTURAL DO PAVIMENTO EXISTENTE: INVESTIGAÇÃO DAS CONDIÇÕES DE SUPERFÍCIE E MEDIDA DA IRREGULARIDADE LONGITUDINAL DO PAVIMENTO | J24: =J25 -> 26.84
B25: - | C25: ='Memo calc'!C582 -> Equipamento do VDR | E25: mês | F25: ='Memo calc'!G582 -> 34514.51 | G25: ='Memo calc'!I582 -> 1 | H25: ='Memo calc'!J582 -> 0.023333333 | I25: =H25/30 -> 0.00077777778 | J25: =ROUND(F25*G25*I25,2) -> 26.84
B26: AVALIAÇÃO ESTRUTURAL DO PAVIMENTO EXISTENTE: SONDAGENS | J26: =SUM(J27:J28) -> 174.13
B27: ='Memo calc'!B682 -> 65.02.02 | C27: ='Memo calc'!C682 -> Mobilização de equipamentos de sondagem a trado (NBR 9603:2015) DN 20CM | D27: =IFERROR(VLOOKUP(C27,MO_Matriz,2,0),"") | E27: mês | F27: ='Memo calc'!J682 -> 75 | G27: ='Memo calc'!K682 -> 2 | H27: ='Memo calc'!L682 -> 0 | I27: =H27/30 -> 0 | J27: =ROUND(F27*G27,2) -> 150
B28: ='Memo calc'!B683 -> M0047 | C28: ='Memo calc'!C683 -> Cone de sinalização em polietileno - H = 75 cm e base quadrada de 40 x 40 cm | E28: mês | F28: ='Memo calc'!J683 -> 93.3995 | G28: ='Memo calc'!K683 -> 6 | H28: ='Memo calc'!L683 -> 1.2916667 | I28: =H28/30 -> 0.043055556 | J28: =ROUND(F28*G28*I28,2) -> 24.13
B29: AVALIAÇÃO ESTRUTURAL DO PAVIMENTO EXISTENTE: ENSAIOS DE LABORATÓRIO | J29: =SUM(J30:J31) -> 188.98
B30: ='Memo calc'!B777 -> B8955 | C30: ='Memo calc'!C777 -> Laboratório de asfalto | E30: mês | F30: ='Memo calc'!G777 -> 5592.36 | G30: ='Memo calc'!I777 -> 1 | H30: ='Memo calc'!J777 -> 0.58333333 | I30: =H30/30 -> 0.019444444 | J30: =ROUND(F30*G30*I30,2) -> 108.74
B31: ='Memo calc'!B778 -> B8957 | C31: ='Memo calc'!C778 -> Laboratório de solos | E31: mês | F31: ='Memo calc'!G778 -> 4126.54 | G31: ='Memo calc'!I778 -> 1 | H31: ='Memo calc'!J778 -> 0.58333333 | I31: =H31/30 -> 0.019444444 | J31: =ROUND(F31*G31*I31,2) -> 80.24
I32: TOTAL DOS CUSTOS DE EQUIPAMENTOS E MATERIAIS | J32: =J14+J16+J20+J22+J24+J26+J29 -> 7267.93
B34: i) Conforme memorando circular nº 687/2018/DIREX/DNIT SEDE, em função da pouca relevância na formação dos custos totais dos contratos de engenharia consultiva, os serviços gráficos não são detalhados como itens de planilha nos orçamentos. Este fato não exime a CONTRATADA de realizar os serviços gráficos necessarios ao andamento dos trabalhos.

Sheet Diárias + passagens
B5: Objeto: | C5: ='Qd abrang'!C4 -> Contratação de Projeto Executivo de Engenharia para Implantação do Aeródromo no município de Nova Andradina
B6: Município: | C6: ='Qd abrang'!C5 -> Nova Andradina/MS
B7: Local: | C7: ='Qd abrang'!C6 -> Nova Andradina/MS
B8: Extensão: | C8: ='Qd abrang'!C7 -> 1.7 | D8: km (aproximadamente) | E8: Largura: | F8: 23 m | K8: Processo: | L8: ='Qd abrang'!N7 -> 79.010.182-2025
B9: Prazo: | C9: ='Qd abrang'!C8 -> 365 | D9: dias | K9: Data-base: | L9: ='Qd abrang'!N8 -> 45748
B11: Custo de diárias e passagens
B13: CÓDIGO | C13: DESCRIÇÃO | E13: TIPO DE M.O. | F13: ALIMENTAÇÃO (R$) | G13: HOSPEDAGEM (R$) | H13: DIÁRIAS (R$) | I13: PASSAGENS DE ÔNIBUS (R$) | J13: PASSAGENS AÉREAS (R$) | K13: TOTAL DE PASSAGENS (R$) | L13: TOTAL (R$)
F14: b | G14: c | H14: d=b+c | I14: e | J14: f | K14: g=e+f | L14: h=d+g
B15: COORDENAÇÃO DO PROJETO | L15: =L16 -> 875
B16: ='Memo calc'!B1662 -> P8061 | C16: =IFERROR(VLOOKUP(B16,MO_Matriz,2,0),"") -> Engenheiro coordenador | D16: =IFERROR(VLOOKUP(C16,MO_Matriz,2,0),"") | E16: =IFERROR(VLOOKUP(B16,MO_Matriz,3,0),"") -> S | F16: ='Memo calc'!H1662 -> 500 | G16: ='Memo calc'!I1662 -> 375 | H16: =F16+G16 -> 875 | I16: 0 | J16: 0 | K16: =I16+J16 -> 0 | L16: =TRUNC(H16+K16,2) -> 875
B17: ADMINISTRAÇÃO DE CAMPO | L17: =SUM(L18:L19) -> 3250
B18: ='Memo calc'!B1120 -> P8061 | C18: =IFERROR(VLOOKUP(B18,MO_Matriz,2,0),"") -> Engenheiro coordenador | D18: =IFERROR(VLOOKUP(C18,MO_Matriz,2,0),"") | E18: =IFERROR(VLOOKUP(B18,MO_Matriz,3,0),"") -> S | F18: ='Memo calc'!H1120 -> 875 | G18: ='Memo calc'!I1120 -> 750 | H18: =F18+G18 -> 1625 | I18: 0 | J18: 0 | K18: =I18+J18 -> 0 | L18: =TRUNC(H18+K18,2) -> 1625
B19: ='Memo calc'!B1121 -> P8147 | C19: =IFERROR(VLOOKUP(B19,MO_Matriz,2,0),"") -> Técnico de obras | D19: =IFERROR(VLOOKUP(C19,MO_Matriz,2,0),"") | E19: =IFERROR(VLOOKUP(B19,MO_Matriz,3,0),"") -> T | F19: ='Memo calc'!H1121 -> 875 | G19: ='Memo calc'!I1121 -> 750 | H19: =F19+G19 -> 1625 | I19: 0 | J19: 0 | K19: =I19+J19 -> 0 | L19: =TRUNC(H19+K19,2) -> 1625
B20: COMPONENTE AMBIENTAL DO PROJETO: INVESTIGAÇÃO DE CAMPO | L20: =SUM(L21:L21) -> 625
B21: ='Memo calc'!B112 -> P8058 | C21: =IFERROR(VLOOKUP(B21,MO_Matriz,2,0),"") -> Engenheiro ambiental pleno | D21: =IFERROR(VLOOKUP(C21,MO_Matriz,2,0),"") | E21: =IFERROR(VLOOKUP(B21,MO_Matriz,3,0),"") -> S | F21: ='Memo calc'!H112 -> 375 | G21: ='Memo calc'!J112 -> 250 | H21: =F21+G21 -> 625 | I21: 0 | J21: 0 | K21: =I21+J21 -> 0 | L21: =TRUNC(H21+K21,2) -> 625
B22: ESTUDOS TOPOGRÁFICOS: SERVIÇOS DE CAMPO | L22: =SUM(L23:L23) -> 625
B23: ='Memo calc'!B366 -> P8163 | C23: =IFERROR(VLOOKUP(B23,MO_Matriz,2,0),"") -> Topógrafo | D23: =IFERROR(VLOOKUP(C23,MO_Matriz,2,0),"") | E23: =IFERROR(VLOOKUP(B23,MO_Matriz,3,0),"") -> T | F23: ='Memo calc'!H366 -> 375 | G23: ='Memo calc'!J366 -> 250 | H23: =F23+G23 -> 625 | I23: 0 | J23: 0 | K23: =I23+J23 -> 0 | L23: =TRUNC(H23+K23,2) -> 625
B24: ESTUDOS GEOTÉCNICOS: SONDAGENS SUBLEITO, CORTES, CAIXAS DE EMPRÉSTIMO E JAZIDAS DE SOLO | L24: =SUM(L25:L25) -> 1125
B25: ='Memo calc'!B926 -> P8139 | C25: =IFERROR(VLOOKUP(B25,MO_Matriz,2,0),"") -> Sondador | D25: =IFERROR(VLOOKUP(C25,MO_Matriz,2,0),"") | E25: =IFERROR(VLOOKUP(B25,MO_Matriz,3,0),"") -> T | F25: ='Memo calc'!H926 -> 625 | G25: ='Memo calc'!J926 -> 500 | H25: =F25+G25 -> 1125 | I25: 0 | J25: 0 | K25: =I25+J25 -> 0 | L25: =TRUNC(H25+K25,2) -> 1125
B26: AVALIAÇÃO ESTRUTURAL DO PAVIMENTO EXISTENTE: DETERMINAÇÃO DAS DEFLEXÕES | L26: =L27 -> 125
B27: ='Memo calc'!B499 -> - | C27: ='Memo calc'!C499 -> Motorista de veículo especializado (FWD) | D27: =IFERROR(VLOOKUP(C27,MO_Matriz,2,0),"") | E27: ='Memo calc'!G499 -> A | F27: ='Memo calc'!I499 -> 125 | G27: ='Memo calc'!J499 -> 0 | H27: =F27+G27 -> 125 | I27: 0 | J27: 0 | K27: =I27+J27 -> 0 | L27: =TRUNC(H27+K27,2) -> 125
B28: AVALIAÇÃO ESTRUTURAL DO PAVIMENTO EXISTENTE: INVESTIGAÇÃO DAS CONDIÇÕES DE SUPERFÍCIE E MEDIDA DA IRREGULARIDADE LONGITUDINAL DO PAVIMENTO | L28: =L29 -> 125
B29: ='Memo calc'!B594 -> - | C29: ='Memo calc'!C594 -> Motorista da van furgão | D29: =IFERROR(VLOOKUP(C29,MO_Matriz,2,0),"") | E29: ='Memo calc'!F594 -> A | F29: ='Memo calc'!H594 -> 125 | G29: ='Memo calc'!I594 -> 0 | H29: =F29+G29 -> 125 | I29: 0 | J29: 0 | K29: =I29+J29 -> 0 | L29: =TRUNC(H29+K29,2) -> 125
B30: AVALIAÇÃO ESTRUTURAL DO PAVIMENTO EXISTENTE: SONDAGENS | L30: =L31 -> 250
B31: ='Memo calc'!B696 -> P8139 | C31: ='Memo calc'!C696 -> Sondador | E31: ='Memo calc'!F696 -> T | F31: ='Memo calc'!H696 -> 250 | G31: ='Memo calc'!J696 -> 0 | H31: =F31+G31 -> 250 | I31: 0 | J31: 0 | K31: =I31+J31 -> 0 | L31: =TRUNC(H31+K31,2) -> 250
B32: AVALIAÇÃO ESTRUTURAL DO PAVIMENTO EXISTENTE: ENSAIOS DE LABORATÓRIO | L32: =L33 -> 125
B33: ='Memo calc'!B791 -> P8098 | C33: ='Memo calc'!C791 -> Laboratorista | E33: ='Memo calc'!F791 -> T | F33: ='Memo calc'!H791 -> 125 | G33: ='Memo calc'!I791 -> 0 | H33: =F33+G33 -> 125 | I33: 0 | J33: 0 | K33: =I33+J33 -> 0 | L33: =TRUNC(H33+K33,2) -> 125
K34: TOTAL DOS CUSTOS DE DIÁRIAS E PASSAGENS PARA A MÃO DE OBRA DE NÍVEL SUPERIOR | L34: =SUMIF($E$15:$E$33,"S",$L$15:$L$33) -> 3125
K35: TOTAL DOS CUSTOS DE DIÁRIAS E PASSAGENS PARA A MÃO DE OBRA DE DE NÍVEL TÉCNICO | L35: =SUMIF($E$15:$E$33,"T",$L$15:$L$33) -> 3750
K36: TOTAL DOS CUSTOS DE DIÁRIAS E PASSAGENS PARA A MÃO DE OBRA DE DE NÍVEL AUXILIAR | L36: =SUMIF($E$15:$E$33,"A",$L$15:$L$33) -> 250
K37: TOTAL DOS CUSTOS DE DIÁRIAS E PASSAGENS | L37: =SUM(L34:L36) -> 7125
B38: Observações:
B39: Tipos de mão de obra: (S) nível superior e (T) nível técnico.
B40: ="Passagem de ônibus de Campo Grande para "&Listas!$D$17&", em 27/03/23: R$ 56,52" -> Passagem de ônibus de Campo Grande para Nova Andradina, em 27/03/23: R$ 56,52
B42: ="Segundo Decreto nº 16.536, de 26 de dezembro de 2024, os valores de diárias para "&Listas!$D$17&" são:" -> Segundo Decreto nº 16.536, de 26 de dezembro de 2024, os valores de diárias para Nova Andradina são:
B43: ="Diária completa: R$ "&Listas!$D$19&",00" -> Diária completa: R$ 250,00
B44: ="Diária de alimentação: R$ "&Listas!$D$19/2&",00" -> Diária de alimentação: R$ 125,00
B45: ="Diária de hospedagem: R$ "&Listas!$D$19/2&",00" -> Diária de hospedagem: R$ 125,00
E84: DECRETO Nº 16.536, DE 26 DE DEZEMBRO DE 2024

Sheet Mob desmob MO
B5: Objeto: | C5: ='Qd abrang'!C4 -> Contratação de Projeto Executivo de Engenharia para Implantação do Aeródromo no município de Nova Andradina
B6: Município: | C6: ='Qd abrang'!C5 -> Nova Andradina/MS
B7: Local: | C7: ='Qd abrang'!C6 -> Nova Andradina/MS
B8: Extensão: | C8: ='Qd abrang'!C7 -> 1.7 | D8: km (aproximadamente) | F8: Largura: | G8: 23 m | N8: Processo: | O8: ='Qd abrang'!N7 -> 79.010.182-2025
B9: Prazo: | C9: ='Qd abrang'!C8 -> 365 | D9: dias | N9: Data-base: | O9: ='Qd abrang'!N8 -> 45748
B11: Custo de mobilização e desmobilização da mão de obra
B13: CÓDIGO | C13: DESCRIÇÃO | E13: TIPO DE M.O. | F13: QUANT. | G13: CUSTO DA PASSAGEM (R$) | H13: CUSTO DA ALIMENTAÇÃO (R$) | I13: CUSTO DA VIAGEM (R$) | J13: MOB. E DESMOB. | K13: CUSTO DE MOB. E DESMOB. (R$) | L13: DIAS | M13: DEBANDAS | N13: CUSTO DA DEBANDA (R$) | O13: TOTAL (R$)
F14: a | G14: b | H14: c | I14: d=b+c | J14: e | K14: f=a*d*e | L14: g | M14: h=g/30 | N14: i=2*a*d*h | O14: j=f+i
B15: AVALIAÇÃO ESTRUTURAL DO PAVIMENTO EXISTENTE: ENSAIOS DE LABORATÓRIO | O15: =O16 -> 844.12
B16: ='Memo calc'!B809 -> P8098 | C16: =IFERROR(VLOOKUP(B16,MO_Matriz,2,0),"") -> Laboratorista | D16: =IFERROR(VLOOKUP(C16,MO_Matriz,2,0),"") | E16: =IFERROR(VLOOKUP(B16,MO_Matriz,3,0),"") -> T | F16: ='Memo calc'!H809 -> 2 | G16: ='Memo calc'!J809 -> 86.032419 | H16: ='Memo calc'!L809 -> 125 | I16: =G16+H16 -> 211.03242 | J16: 1 | K16: =2*F16*I16*J16 -> 844.12967 | L16: ='Memo calc'!U809 -> 0.5 | M16: =INT(L16/30) -> 0 | N16: =2*F16*I16*M16 -> 0 | O16: =TRUNC(K16+N16,2) -> 844.12
N17: TOTAL DOS CUSTOS DE MOBILIZAÇÃO E DESMOBILIZAÇÃO DA MÃO DE OBRA | O17: =O16 -> 844.12
B18: Observações:
B19: Tipos de mão de obra: (S) nível superior e (T) nível técnico.
B20: ="Passagem de ônibus de Campo Grande para "&Listas!$D$17&", em 04/25: R$ 86,03" -> Passagem de ônibus de Campo Grande para Nova Andradina, em 04/25: R$ 86,03
B22: ="Segundo Decreto nº 16.536, de 26 de dezembro de 2024, os valores de diárias para "&Listas!$D$17&" são:" -> Segundo Decreto nº 16.536, de 26 de dezembro de 2024, os valores de diárias para Nova Andradina são:
B23: ="Diária completa: R$ "&Listas!$D$19&",00" -> Diária completa: R$ 250,00
B24: ="Diária de alimentação: R$ "&Listas!$D$19/2&",00" -> Diária de alimentação: R$ 125,00
B25: ="Diária de hospedagem: R$ "&Listas!$D$19/2&",00" -> Diária de hospedagem: R$ 125,00

Sheet Mob desmob equip rod
B5: Objeto: | C5: ='Qd abrang'!C4 -> Contratação de Projeto Executivo de Engenharia para Implantação do Aeródromo no município de Nova Andradina
B6: Município: | C6: ='Qd abrang'!C5 -> Nova Andradina/MS
B7: Local: | C7: ='Qd abrang'!C6 -> Nova Andradina/MS
B8: Extensão: | C8: ='Qd abrang'!C7 -> 1.7 | D8: km (aproximadamente) | E8: Largura: | F8: 23 m | P8: Processo: | Q8: ='Qd abrang'!N7 -> 79.010.182-2025
B9: Prazo: | C9: ='Qd abrang'!C8 -> 365 | D9: dias | P9: Data-base: | Q9: ='Qd abrang'!N8 -> 45748
B11: Custo de mobilização e desmobilização de equipamentos rodantes
B13: CÓDIGO | C13: DESCRIÇÃO | E13: QUANT. | F13: DISTÂNCIA (km) | G13: VELOCIDADE MÉDIA (km/h) | H13: TEMPO DE VIAGEM (h) | I13: k | J13: FU | K13: CUSTO DO TRANSPORTE | M13: TEMPO DE DESCANSO (h) | N13: TEMPO TOTAL (h) | O13: DIÁRIAS (R$) | P13: PEDÁGIO (R$) | Q13: TOTAL (R$)
K14: R$/h | L14: R$
E15: a | F15: b | G15: c | H15: d=b/c | J15: e | K15: f | L15: g=a*d*k*e*f | M15: i | N15: j=d+i | O15: l | P15: m | Q15: n=g+l+m
B16: ADMINISTRAÇÃO DE CAMPO | Q16: =Q17 -> 2684.9
B17: ='Memo calc'!B1146 -> E8889 | C17: =IFERROR(VLOOKUP(B17,Veiculo_Equip_Matriz,2,0),"") -> Veículo leve - 53 kW (sem motorista) | D17: =IFERROR(VLOOKUP(C17,MO_Matriz,2,0),"") | E17: ='Memo calc'!G1146 -> 7 | F17: ='Memo calc'!I1146 -> 305 | G17: ='Memo calc'!K1146 -> 60 | H17: =F17/G17 -> 5.0833333 | I17: ='Memo calc'!O1146 -> 2 | J17: ='Memo calc'!P1146 -> 1 | K17: ='Memo calc'!S1146 -> 36.69 | L17: =E17*H17*I17*J17*K17 -> 2611.105 | M17: =((INT(H17/4))*30)/60 -> 0.5 | N17: =H17+M17 -> 5.5833333 | O17: ='Memo calc'!AA1146 -> 0 | P17: ='Memo calc'!AB1146 -> 73.8 | Q17: =TRUNC(L17+O17+P17,2) -> 2684.9
B18: COMPONENTE AMBIENTAL DO PROJETO: INVESTIGAÇÃO DE CAMPO | Q18: =Q19 -> 446.81
B19: ='Memo calc'!B135 -> E8889 | C19: =IFERROR(VLOOKUP(B19,Veiculo_Equip_Matriz,2,0),"") -> Veículo leve - 53 kW (sem motorista) | D19: =IFERROR(VLOOKUP(C19,MO_Matriz,2,0),"") | E19: ='Memo calc'!F135 -> 1 | F19: ='Memo calc'!H135 -> 305 | G19: ='Memo calc'!J135 -> 60 | H19: =F19/G19 -> 5.0833333 | I19: ='Memo calc'!N135 -> 2 | J19: ='Memo calc'!O135 -> 1 | K19: ='Memo calc'!R135 -> 36.69 | L19: =E19*H19*I19*J19*K19 -> 373.015 | M19: =((INT(H19/4))*30)/60 -> 0.5 | N19: =H19+M19 -> 5.5833333 | O19: 0 | P19: ='Memo calc'!AA135 -> 73.8 | Q19: =TRUNC(L19+O19+P19,2) -> 446.81
B20: ESTUDOS TOPOGRÁFICOS: SERVIÇOS DE CAMPO | Q20: =Q21 -> 883.06
B21: ='Memo calc'!B389 -> E8891 | C21: =IFERROR(VLOOKUP(B21,Veiculo_Equip_Matriz,2,0),"") -> Veículo leve picape 4 x 4 com capacidade de 1,10 t - 147 kW (sem motorista) | D21: =IFERROR(VLOOKUP(C21,MO_Matriz,2,0),"") | E21: ='Memo calc'!G389 -> 1 | F21: ='Memo calc'!I389 -> 305 | G21: ='Memo calc'!K389 -> 60 | H21: =F21/G21 -> 5.0833333 | I21: ='Memo calc'!O389 -> 2 | J21: ='Memo calc'!P389 -> 1 | K21: ='Memo calc'!S389 -> 79.6 | L21: =E21*H21*I21*J21*K21 -> 809.26667 | M21: =((INT(H21/4))*30)/60 -> 0.5 | N21: =H21+M21 -> 5.5833333 | O21: 0 | P21: ='Memo calc'!AB389 -> 73.8 | Q21: =TRUNC(L21+O21+P21,2) -> 883.06
B22: ESTUDOS GEOTÉCNICOS: SONDAGENS SUBLEITO, CORTES, CAIXAS DE EMPRÉSTIMO E JAZIDAS DE SOLO | Q22: =Q23 -> 883.06
B23: ='Memo calc'!B949 -> E8891 | C23: =IFERROR(VLOOKUP(B23,Veiculo_Equip_Matriz,2,0),"") -> Veículo leve picape 4 x 4 com capacidade de 1,10 t - 147 kW (sem motorista) | D23: =IFERROR(VLOOKUP(C23,MO_Matriz,2,0),"") | E23: ='Memo calc'!G949 -> 1 | F23: ='Memo calc'!I949 -> 305 | G23: ='Memo calc'!K949 -> 60 | H23: =F23/G23 -> 5.0833333 | I23: ='Memo calc'!O949 -> 2 | J23: ='Memo calc'!P949 -> 1 | K23: ='Memo calc'!S949 -> 79.6 | L23: =E23*H23*I23*J23*K23 -> 809.26667 | M23: =((INT(H23/4))*30)/60 -> 0.5 | N23: =H23+M23 -> 5.5833333 | O23: 0 | P23: ='Memo calc'!AB949 -> 73.8 | Q23: =TRUNC(L23+O23+P23,2) -> 883.06
B24: AVALIAÇÃO ESTRUTURAL DO PAVIMENTO EXISTENTE: DETERMINAÇÃO DAS DEFLEXÕES | Q24: =Q25 -> 529.63
B25: ='Memo calc'!B525 -> E8891 | C25: =IFERROR(VLOOKUP(B25,Veiculo_Equip_Matriz,2,0),"") -> Veículo leve picape 4 x 4 com capacidade de 1,10 t - 147 kW (sem motorista) | D25: =IFERROR(VLOOKUP(C25,MO_Matriz,2,0),"") | E25: ='Memo calc'!G525 -> 1 | F25: ='Memo calc'!I525 -> 305 | G25: ='Memo calc'!K525 -> 60 | H25: =F25/G25 -> 5.0833333 | I25: ='Memo calc'!P525 -> 1 | J25: ='Memo calc'!Q525 -> 1 | K25: ='Memo calc'!T525 -> 79.6 | L25: =E25*H25*I25*J25*K25 -> 404.63333 | M25: =((INT(H25/4))*30)/60 -> 0.5 | N25: =H25+M25 -> 5.5833333 | O25: ='Memo calc'!AB525 -> 125 | P25: ='Memo calc'!AC525 -> 0 | Q25: =TRUNC(L25+O25+P25,2) -> 529.63
B26: AVALIAÇÃO ESTRUTURAL DO PAVIMENTO EXISTENTE: INVESTIGAÇÃO DAS CONDIÇÕES DE SUPERFÍCIE E MEDIDA DA IRREGULARIDADE LONGITUDINAL DO PAVIMENTO | Q26: =Q27 -> 551.79
B27: ='Memo calc'!B620 -> E8887 | C27: =IFERROR(VLOOKUP(B27,Veiculo_Equip_Matriz,2,0),"") -> Veículo tipo van furgão com capacidade de 1,38 t - 100 kW (com motorista) | D27: =IFERROR(VLOOKUP(C27,MO_Matriz,2,0),"") | E27: ='Memo calc'!G620 -> 1 | F27: ='Memo calc'!I620 -> 305 | G27: ='Memo calc'!K620 -> 60 | H27: =F27/G27 -> 5.0833333 | I27: ='Memo calc'!P620 -> 1 | J27: ='Memo calc'!Q620 -> 1 | K27: ='Memo calc'!T620 -> 83.96 | L27: =E27*H27*I27*J27*K27 -> 426.79667 | M27: =((INT(H27/4))*30)/60 -> 0.5 | N27: =H27+M27 -> 5.5833333 | O27: ='Memo calc'!AB620 -> 125 | P27: ='Memo calc'!AB953 -> 0 | Q27: =TRUNC(L27+O27+P27,2) -> 551.79
B28: AVALIAÇÃO ESTRUTURAL DO PAVIMENTO EXISTENTE: SONDAGENS | Q28: =Q29 -> 551.79
B29: ='Memo calc'!B722 -> E8887 | C29: =IFERROR(VLOOKUP(B29,Veiculo_Equip_Matriz,2,0),"") -> Veículo tipo van furgão com capacidade de 1,38 t - 100 kW (com motorista) | D29: =IFERROR(VLOOKUP(C29,MO_Matriz,2,0),"") | E29: ='Memo calc'!G722 -> 1 | F29: ='Memo calc'!I722 -> 305 | G29: ='Memo calc'!K722 -> 60 | H29: =F29/G29 -> 5.0833333 | I29: ='Memo calc'!P722 -> 1 | J29: ='Memo calc'!Q722 -> 1 | K29: ='Memo calc'!T722 -> 83.96 | L29: =E29*H29*I29*J29*K29 -> 426.79667 | M29: =((INT(H29/4))*30)/60 -> 0.5 | N29: =H29+M29 -> 5.5833333 | O29: ='Memo calc'!AB722 -> 125 | P29: ='Memo calc'!AB955 -> 0 | Q29: =TRUNC(L29+O29+P29,2) -> 551.79
P30: TOTAL DOS CUSTOS DE MOBILIZAÇÃO DE EQUIPAMENTOS RODANTES | Q30: =Q16+Q18+Q20+Q22+Q24+Q26+Q28 -> 6531.04
P31: TOTAL DOS CUSTOS DE MOBILIZAÇÃO E DESMOBILIZAÇÃO DE EQUIPAMENTOS RODANTES | Q31: =Q30 -> 6531.04
B32: Observações:
B33: ="Segundo Decreto nº 16.536, de 26 de dezembro de 2024, os valores de diárias para "&Listas!$D$17&" são:" -> Segundo Decreto nº 16.536, de 26 de dezembro de 2024, os valores de diárias para Nova Andradina são:
B34: ="Diária completa: R$ "&Listas!$D$19&",00" -> Diária completa: R$ 250,00
B35: ="Diária de alimentação: R$ "&Listas!$D$19/2&",00" -> Diária de alimentação: R$ 125,00
B36: ="Diária de hospedagem: R$ "&Listas!$D$19/2&",00" -> Diária de hospedagem: R$ 125,00

Sheet Inst + diversos
B5: Objeto: | C5: ='Qd abrang'!C4 -> Contratação de Projeto Executivo de Engenharia para Implantação do Aeródromo no município de Nova Andradina
B6: Município: | C6: ='Qd abrang'!C5 -> Nova Andradina/MS
B7: Local: | C7: ='Qd abrang'!C6 -> Nova Andradina/MS
B8: Extensão: | C8: ='Qd abrang'!C7 -> 1.7 | D8: km (aproximadamente) | E8: Largura: 23 m | L8: Processo: | M8: ='Qd abrang'!N7 -> 79.010.182-2025
B9: Prazo: | C9: ='Qd abrang'!C8 -> 365 | D9: dias | L9: Data-base: | M9: ='Qd abrang'!N8 -> 45748
B11: Custo das instalações físicas e diversos
B13: CÓDIGO | C13: TIPO | E13: DESCRIÇÃO | F13: UNIDADE | G13: CUSTO UNITÁRIO (R$/und) | H13: QUANT. | I13: OCUPANTES | J13: ÁREA (m²) | K13: DIAS | L13: MESES | M13: TOTAL (R$)
G14: a | H14: b | J14: c | K14: d | L14: e=d/30
B15: INSTALAÇÕES FÍSICAS | M15: =SUM(M16:M19) -> 18666.03
B16: ='Memo calc'!$C$1692 -> B8952 | C16: =IFERROR(VLOOKUP(B16,'Imóveis-Mobiliários-Cestas-Dive'!$B$2:$F$13,3,0),"") -> Residencial (2,45% do CMCC - SINAPI) | E16: Escritório | F16: =IFERROR(VLOOKUP(B16,'Imóveis-Mobiliários-Cestas-Dive'!$B$2:$F$13,4,0),"") -> m² x mês | G16: =IFERROR(VLOOKUP(B16,'Imóveis-Mobiliários-Cestas-Dive'!$B$2:$F$13,5,0),"") -> 47.46 | H16: 1 | I16: ='Memo calc'!F1705 -> 13 | J16: ='Memo calc'!I1705 -> 87.475 | K16: ='Memo calc'!K1705 -> 129.42857 | L16: =K16/30 -> 4.3142857 | M16: =TRUNC(G16*J16*L16,2) -> 17911.03
B17: ='Memo calc'!$C$1692 -> B8952 | C17: =IFERROR(VLOOKUP(B17,'Imóveis-Mobiliários-Cestas-Dive'!$B$2:$F$13,3,0),"") -> Residencial (2,45% do CMCC - SINAPI) | E17: Residência | F17: =IFERROR(VLOOKUP(B17,'Imóveis-Mobiliários-Cestas-Dive'!$B$2:$F$13,4,0),"") -> m² x mês | G17: =IFERROR(VLOOKUP(B17,'Imóveis-Mobiliários-Cestas-Dive'!$B$2:$F$13,5,0),"") -> 47.46 | H17: 1 | I17: ='Memo calc'!F1714 -> 5 | J17: ='Memo calc'!H1714 -> 62.05 | K17: ='Memo calc'!J1714 -> 5.8333333 | L17: =K17/30 -> 0.19444444 | M17: =TRUNC(G17*J17*L17,2) -> 572.61
B18: ='Memo calc'!$C$1692 -> B8952 | C18: =IFERROR(VLOOKUP(B18,'Imóveis-Mobiliários-Cestas-Dive'!$B$2:$F$13,3,0),"") -> Residencial (2,45% do CMCC - SINAPI) | E18: Topografia convencional | F18: =IFERROR(VLOOKUP(B18,'Imóveis-Mobiliários-Cestas-Dive'!$B$2:$F$13,4,0),"") -> m² x mês | G18: =IFERROR(VLOOKUP(B18,'Imóveis-Mobiliários-Cestas-Dive'!$B$2:$F$13,5,0),"") -> 47.46 | H18: ='Memo calc'!G1719 -> 1 | I18: 3 | J18: ='Memo calc'!I1719 -> 14.77 | K18: ='Memo calc'!K1719 -> 1 | L18: =K18/30 -> 0.033333333 | M18: =TRUNC(G18*J18*L18,2) -> 23.36
B19: ='Memo calc'!$C$1692 -> B8952 | C19: =IFERROR(VLOOKUP(B19,'Imóveis-Mobiliários-Cestas-Dive'!$B$2:$F$13,3,0),"") -> Residencial (2,45% do CMCC - SINAPI) | E19: Laboratório de solos | F19: =IFERROR(VLOOKUP(B19,'Imóveis-Mobiliários-Cestas-Dive'!$B$2:$F$13,4,0),"") -> m² x mês | G19: =IFERROR(VLOOKUP(B19,'Imóveis-Mobiliários-Cestas-Dive'!$B$2:$F$13,5,0),"") -> 47.46 | H19: ='Memo calc'!G1724 -> 1 | I19: 2 | J19: ='Memo calc'!I1724 -> 11.17 | K19: ='Memo calc'!K1724 -> 9 | L19: =K19/30 -> 0.3 | M19: =TRUNC(G19*J19*L19,2) -> 159.03
B20: MOBILIÁRIO | M20: =SUM(M21:M24) -> 26585.41
B21: ='Memo calc'!B1739 -> B8953 | C21: =IFERROR(VLOOKUP(B21,'Imóveis-Mobiliários-Cestas-Dive'!$B$2:$F$13,3,0),"") -> Escritório | E21: ='Memo calc'!E1739 -> Escritório | F21: =IFERROR(VLOOKUP(B21,'Imóveis-Mobiliários-Cestas-Dive'!$B$2:$F$13,4,0),"") -> ocupante x mês | G21: =IFERROR(VLOOKUP(B21,'Imóveis-Mobiliários-Cestas-Dive'!$B$2:$F$13,5,0),"") -> 467.45 | H21: 0 | I21: ='Memo calc'!K1739 -> 13 | J21: 0 | K21: ='Memo calc'!L1739 -> 129.42857 | L21: =K21/30 -> 4.3142857 | M21: =TRUNC(G21*I21*L21,2) -> 26217.26
B22: ='Memo calc'!B1740 -> B8953 | C22: =IFERROR(VLOOKUP(B22,'Imóveis-Mobiliários-Cestas-Dive'!$B$2:$F$13,3,0),"") -> Escritório | E22: ='Memo calc'!E1740 -> Topografia convencional | F22: =IFERROR(VLOOKUP(B22,'Imóveis-Mobiliários-Cestas-Dive'!$B$2:$F$13,4,0),"") -> ocupante x mês | G22: =IFERROR(VLOOKUP(B22,'Imóveis-Mobiliários-Cestas-Dive'!$B$2:$F$13,5,0),"") -> 467.45 | H22: 0 | I22: ='Memo calc'!K1740 -> 3 | J22: 0 | K22: ='Memo calc'!L1740 -> 1 | L22: =K22/30 -> 0.033333333 | M22: =TRUNC(G22*I22*L22,2) -> 46.74
B23: ='Memo calc'!B1741 -> B8953 | C23: =IFERROR(VLOOKUP(B23,'Imóveis-Mobiliários-Cestas-Dive'!$B$2:$F$13,3,0),"") -> Escritório | E23: ='Memo calc'!E1741 -> Laboratório de solos | F23: =IFERROR(VLOOKUP(B23,'Imóveis-Mobiliários-Cestas-Dive'!$B$2:$F$13,4,0),"") -> ocupante x mês | G23: =IFERROR(VLOOKUP(B23,'Imóveis-Mobiliários-Cestas-Dive'!$B$2:$F$13,5,0),"") -> 467.45 | H23: 0 | I23: ='Memo calc'!K1741 -> 2 | J23: 0 | K23: ='Memo calc'!L1741 -> 9 | L23: =K23/30 -> 0.3 | M23: =TRUNC(G23*I23*L23,2) -> 280.47
B24: ='Memo calc'!B1742 -> B8954 | C24: =IFERROR(VLOOKUP(B24,'Imóveis-Mobiliários-Cestas-Dive'!$B$2:$F$13,3,0),"") -> Residência | E24: ='Memo calc'!E1742 -> Residência | F24: =IFERROR(VLOOKUP(B24,'Imóveis-Mobiliários-Cestas-Dive'!$B$2:$F$13,4,0),"") -> ocupante x mês | G24: =IFERROR(VLOOKUP(B24,'Imóveis-Mobiliários-Cestas-Dive'!$B$2:$F$13,5,0),"") -> 42.11 | H24: 0 | I24: ='Memo calc'!K1742 -> 5 | J24: 0 | K24: ='Memo calc'!L1742 -> 5.8333333 | L24: =K24/30 -> 0.19444444 | M24: =TRUNC(G24*I24*L24,2) -> 40.94
B25: CUSTOS DIVERSOS | M25: =SUM(M26:M29) -> 8009.28
B26: ='Memo calc'!B1750 -> B8959 | C26: =IFERROR(VLOOKUP(B26,'Imóveis-Mobiliários-Cestas-Dive'!$B$2:$F$13,3,0),"") -> Escritório | E26: ='Memo calc'!E1750 -> Escritório | F26: =IFERROR(VLOOKUP(B26,'Imóveis-Mobiliários-Cestas-Dive'!$B$2:$F$13,4,0),"") -> ocupante x mês | G26: =IFERROR(VLOOKUP(B26,'Imóveis-Mobiliários-Cestas-Dive'!$B$2:$F$13,5,0),"") -> 137.55 | H26: 0 | I26: ='Memo calc'!J1750 -> 13 | J26: 0 | K26: ='Memo calc'!K1750 -> 129.42857 | L26: =K26/30 -> 4.3142857 | M26: =TRUNC(G26*I26*L26,2) -> 7714.59
B27: ='Memo calc'!B1751 -> B8959 | C27: =IFERROR(VLOOKUP(B27,'Imóveis-Mobiliários-Cestas-Dive'!$B$2:$F$13,3,0),"") -> Escritório | E27: ='Memo calc'!E1751 -> Topografia convencional | F27: =IFERROR(VLOOKUP(B27,'Imóveis-Mobiliários-Cestas-Dive'!$B$2:$F$13,4,0),"") -> ocupante x mês | G27: =IFERROR(VLOOKUP(B27,'Imóveis-Mobiliários-Cestas-Dive'!$B$2:$F$13,5,0),"") -> 137.55 | H27: 0 | I27: ='Memo calc'!J1751 -> 3 | J27: 0 | K27: ='Memo calc'!K1751 -> 1 | L27: =K27/30 -> 0.033333333 | M27: =TRUNC(G27*I27*L27,2) -> 13.75
B28: ='Memo calc'!B1752 -> B8959 | C28: =IFERROR(VLOOKUP(B28,'Imóveis-Mobiliários-Cestas-Dive'!$B$2:$F$13,3,0),"") -> Escritório | E28: ='Memo calc'!E1752 -> Laboratório de solos | F28: =IFERROR(VLOOKUP(B28,'Imóveis-Mobiliários-Cestas-Dive'!$B$2:$F$13,4,0),"") -> ocupante x mês | G28: =IFERROR(VLOOKUP(B28,'Imóveis-Mobiliários-Cestas-Dive'!$B$2:$F$13,5,0),"") -> 137.55 | H28: 0 | I28: ='Memo calc'!J1752 -> 2 | J28: 0 | K28: ='Memo calc'!K1752 -> 9 | L28: =K28/30 -> 0.3 | M28: =TRUNC(G28*I28*L28,2) -> 82.53
B29: ='Memo calc'!B1753 -> B8960 | C29: =IFERROR(VLOOKUP(B29,'Imóveis-Mobiliários-Cestas-Dive'!$B$2:$F$13,3,0),"") -> Residência | E29: ='Memo calc'!E1753 -> Residência | F29: =IFERROR(VLOOKUP(B29,'Imóveis-Mobiliários-Cestas-Dive'!$B$2:$F$13,4,0),"") -> ocupante x mês | G29: =IFERROR(VLOOKUP(B29,'Imóveis-Mobiliários-Cestas-Dive'!$B$2:$F$13,5,0),"") -> 204.08 | H29: 0 | I29: ='Memo calc'!J1753 -> 5 | J29: 0 | K29: ='Memo calc'!K1753 -> 5.8333333 | L29: =K29/30 -> 0.19444444 | M29: =TRUNC(G29*I29*L29,2) -> 198.41
L30: TOTAL DOS CUSTOS DAS INSTALAÇÕES FÍSICAS E DIVERSOS | M30: =M15+M20+M25 -> 53260.72

Sheet BDI OK
B5: Objeto: | C5: ='Qd abrang'!C4 -> Contratação de Projeto Executivo de Engenharia para Implantação do Aeródromo no município de Nova Andradina
B6: Município: | C6: ='Qd abrang'!C5 -> Nova Andradina/MS
B7: Local: | C7: ='Qd abrang'!C6 -> Nova Andradina/MS
B8: Extensão: | C8: 1,00 km (aproximadamente) | E8: Processo: | F8: ='Qd abrang'!N7 -> 79.010.182-2025
B9: Prazo: | C9: 365 dias | E9: Data-base: | F9: ='Qd abrang'!N8 -> 45748
C11: Detalhamento do BDI (Engenharia Consultiva - Tabela DNIT)
C12: Benefícios e Despesas Indiretas - BDI
C13: Despesas Indiretas | E13: % sobre PV | F13: % sobre CD
C14: Administração Central | D14: Variável - f (CD) | E14: =BDI!C4 -> 6.8913238 | F14: =BDI!D4 -> 10
C15: Despesas Financeiras | D15: 0,85% sobre (PV - Lucro) | E15: =BDI!C5 -> 1.07 | F15: =BDI!D5 -> 1.56
C16: Riscos | D16: 0,50% do PV | E16: =BDI!C6 -> 0.5 | F16: =BDI!D6 -> 0.72555
C17: Seguros e Garantias Contratuais | D17: 0,10% do PV | E17: =BDI!C7 -> 0.1 | F17: =BDI!D7 -> 0.14511
C18: Subtotal 1 | E18: =BDI!C8 -> 8.5613238 | F18: =BDI!D8 -> 12.43066
C19: Benefícios
C20: Lucro Operacional | D20: Variável - f (CD) | E20: =BDI!C10 -> 8.2695886 | F20: =BDI!D10 -> 12
C21: Subtotal 2 | D21: Subtotal 2 | E21: =BDI!C11 -> 8.2695886 | F21: =BDI!D11 -> 12
C22: Tributos
C23: PIS | D23: 1,65% do PV | E23: =BDI!C13 -> 1.65 | F23: =BDI!D13 -> 2.394315
C24: COFINS | D24: 7,60% do PV | E24: =BDI!C14 -> 7.6 | F24: =BDI!D14 -> 11.02836
C25: ISSQN* | D25: 5,00% do PV | E25: =BDI!C15 -> 5 | F25: =BDI!D15 -> 7.2555
C26: Subtotal 3 | D26: Subtotal 2 | E26: =BDI!C16 -> 14.25 | F26: =BDI!D16 -> 20.68
C27: Total - BDI (%) | E27: =BDI!C17 -> 31.080912 | F27: =BDI!D17 -> 45.11
C28: Observações:
C29: (*) Limite máximo adotado de 5%, valor variável em função da legislação de cada município. As empresas licitantes deverão adotar as alíquotas pertinentes.

Sheet Serv graf
B5: Objeto: | C5: ='Qd abrang'!C4 -> Contratação de Projeto Executivo de Engenharia para Implantação do Aeródromo no município de Nova Andradina
B6: Município: | C6: ='Qd abrang'!C5 -> Nova Andradina/MS
B7: Local: | C7: ='Qd abrang'!C6 -> Nova Andradina/MS
B8: Extensão: | C8: ='Qd abrang'!C7 -> 1.7 | D8: km (aproximadamente) | H8: Processo: | I8: ='Qd abrang'!N7 -> 79.010.182-2025
B9: Prazo: | C9: ='Qd abrang'!C8 -> 365 | D9: dias | H9: Data-base: | I9: ='Qd abrang'!N8 -> 45748
B11: Custo com serviços gráficos
B13: VOLUME | C13: TÍTULO | E13: TIPO DE FOLHA | F13: FOLHAS | G13: VIAS | H13: CUSTO UNITÁRIO (R$/UND.) | I13: TOTAL (R$)
F14: a | G14: b | H14: c | I14: d=a*b*c
B15: 1 | C15: Relatório do Projeto Executivo | E15: A4 | F15: 0 | G15: 3 | H15: 0 | I15: =ROUND(F15*G15*H15,2) -> 0
B16: 2 | C16: Projeto de Execução | E16: A3 | F16: 0 | G16: 3 | H16: 0 | I16: =ROUND(F16*G16*H16,2) -> 0
B17: 3 | C17: Memória Justificativa | E17: A4 | F17: 0 | G17: 3 | H17: 0 | I17: =ROUND(F17*G17*H17,2) -> 0
B18: 3A | C18: Estudos Geotécnicos | E18: A4 | F18: 0 | G18: 3 | H18: 0 | I18: =ROUND(F18*G18*H18,2) -> 0
B19: 3C | C19: Notas de Serviço e Cálculo de Volumes | E19: A4 | F19: 0 | G19: 3 | H19: 0 | I19: =ROUND(F19*G19*H19,2) -> 0
B20: 3E | C20: Projeto de Regularização de Jazidas | E20: A4 | F20: 0 | G20: 3 | H20: 0 | I20: =ROUND(F20*G20*H20,2) -> 0
B21: 4 | C21: Orçamento das Obras | E21: A4 | F21: 0 | G21: 6 | H21: 0 | I21: =ROUND(F21*G21*H21,2) -> 0
H22: TOTAL DOS CUSTOS COM SERVIÇOS GRÁFICOS | I22: =SUM(I15:I21) -> 0
B23: Observações:
B24: Valor da impressão em A4, cotado em 00/00/00: R$ 0,00
B25: Valor da impressão em A3, cotado em 00/00/00: R$ 0,00
B26: i) Conforme memorando circular nº 687/2018/DIREX/DNIT SEDE, em função da pouca relevância na formação dos custos totais dos contratos de engenharia consultiva, os serviços gráficos não são detalhados como itens de planilha nos orçamentos. Este fato não exime a CONTRATADA de realizar os serviços gráficos necessarios ao andamento dos trabalhos.

Sheet Produtividade
B5: Objeto: | C5: ='Qd abrang'!C4 -> Contratação de Projeto Executivo de Engenharia para Implantação do Aeródromo no município de Nova Andradina
B6: Município: | C6: ='Qd abrang'!C5 -> Nova Andradina/MS
B7: Local: | C7: ='Qd abrang'!C6 -> Nova Andradina/MS
B8: Extensão: | C8: ='Qd abrang'!C7 -> 1.7 | D8: km | E8: (aproximadamente) Largura: 23 m | G8: Processo: | H8: ='Qd abrang'!N7 -> 79.010.182-2025
B9: Prazo: | C9: ='Qd abrang'!C8 -> 365 | D9: dias | G9: Data-base: | H9: ='Qd abrang'!N8 -> 45748
E11: Produtividade referencial de mão de obra
E13: ATIVIDADE | F13: PRODUTIVIDADE (KM/DIAS) | G13: DIAS PARA ELABORAÇÃO
E14: Coleta e análise dos dados existentes | F14: =1/G14 -> 0.5 | G14: ='Memo calc'!D25 -> 2
E15: Componente Ambiental do Projeto | F15: =1/G15 -> 0.33333333 | G15: ='Memo calc'!K70 -> 3
E16: Estudos Geológicos | F16: =1/G16 -> 0.5 | G16: ='Memo calc'!H197 -> 2
E17: Estudos Hidrológicos | F17: =1/G17 -> 0.5 | G17: ='Memo calc'!H241 -> 2
E18: Estudos de Traçado | F18: =1/G18 -> 1 | G18: ='Memo calc'!F283 -> 1
E19: Estudos Topográficos | F19: =1/G19 -> 0.2 | G19: ='Memo calc'!G406 -> 5
E20: Avaliação estrutural do pavimento existente | F20: =0.8*2 -> 1.6 | G20: =F20*1.3 -> 2.08
E21: Estudos Geotécnicos | F21: =1/G21 -> 0.0625 | G21: =ROUNDUP('Memo calc'!H1022+'Memo calc'!H1023+'Memo calc'!J1026,0) -> 16
E22: Projeto Geométrico | F22: =1/G22 -> 0.11111111 | G22: =ROUNDUP('Memo calc'!M1168,0) -> 9
E23: Projeto de Terraplenagem | F23: =1/G23 -> 0.066666667 | G23: =ROUNDUP('Memo calc'!M1214,0) -> 15
E24: Projeto de Drenagem | F24: =1/G24 -> 0.066666667 | G24: =ROUNDUP('Memo calc'!M1260,0) -> 15
E25: Projeto de Pavimentação | F25: =1/G25 -> 0.11111111 | G25: =ROUNDUP('Memo calc'!M1306,0) -> 9
E26: Projeto de Sinalização | F26: =1/G26 -> 0.14285714 | G26: =ROUNDUP('Memo calc'!M1352,0) -> 7
E27: Projeto de Obras Complementares | F27: =1/G27 -> 0.1 | G27: =ROUNDUP('Memo calc'!N1398,0) -> 10
E28: Projeto de Canteiro de Obras e Acampamento de Pessoal | F28: =1/G28 -> 0.33333333 | G28: =ROUNDUP('Memo calc'!O1441,0) -> 3
E29: Projeto de Regularização de Jazidas | F29: =1/G29 -> 0.5 | G29: =ROUNDUP('Memo calc'!O1490,0) -> 2
E30: Orçamento da Obra | F30: =1/G30 -> 0.14285714 | G30: =ROUNDUP('Memo calc'!M1536,0) -> 7
E31: Plano de Execução da Obra | F31: =1/G31 -> 0.16666667 | G31: =ROUNDUP('Memo calc'!J1581,0) -> 6

Sheet Carac trecho
B5: Objeto: | C5: ='Qd abrang'!C4 -> Contratação de Projeto Executivo de Engenharia para Implantação do Aeródromo no município de Nova Andradina
B6: Município: | C6: ='Qd abrang'!C5 -> Nova Andradina/MS
B7: Local: | C7: ='Qd abrang'!C6 -> Nova Andradina/MS
B8: Extensão: | C8: ='Qd abrang'!C7 -> 1.7 | D8: km | I8: Processo: | J8: ='Qd abrang'!N7 -> 79.010.182-2025
B9: Prazo: | C9: ='Qd abrang'!C8 -> 365 | D9: dias | I9: Data-base: | J9: ='Qd abrang'!N8 -> 45748
B11: Características do trecho para quantificação de serviços
B13: Complexidade da topografia (% extensão do trecho)
B14: NÍVEL | C14: VEGETAÇÃO | E14: RELEVO | F14: ACESSO | G14: SEGURANÇA | H14: ADOTADO | I14: PRODUTIVIDADE
B15: Difícil | C15: 0 | E15: 0 | F15: 0 | G15: 0 | H15: =MAX(C15:G15) -> 0 | I15: 1 | J15: km/dia
B16: Médio | C16: 0 | E16: 0 | F16: 0 | G16: 0 | H16: =1-(H15+H17) -> 0 | I16: 2 | J16: km/dia
B17: Fácil | C17: 1 | E17: 1 | F17: 1 | G17: 1 | H17: =MIN(C17:G17) -> 1 | I17: 3 | J17: km/dia
C18: =SUM(C15:D17) -> 1 | E18: =SUM(E15:E17) -> 1 | F18: =SUM(F15:F17) -> 1 | G18: =SUM(G15:G17) -> 1 | H18: =SUM(H15:H17) -> 1 | I18: =H15*I15+H16*I16+H17*I17 -> 3 | J18: km/dia
B20: Complexidade das sondagens (% extensão do trecho)
B21: NÍVEL | C21: PRESENÇA DE ROCHAS | E21: ÁREAS ÚMIDAS | F21: ACESSO | G21: SEGURANÇA | H21: ADOTADO | I21: PRODUTIVIDADE
B22: Difícil | C22: 0 | E22: 0 | F22: 0 | G22: 0 | H22: =MAX(C22:G22) -> 0 | I22: 5 | J22: m/dia
B23: Médio | C23: 0 | E23: 0 | F23: 0 | G23: 0 | H23: =1-(H22+H24) -> 0 | I23: 10 | J23: m/dia
B24: Fácil | C24: 1 | E24: 1 | F24: 1 | G24: 1 | H24: =MIN(C24:G24) -> 1 | I24: 15 | J24: m/dia
C25: =SUM(C22:D24) -> 1 | E25: =SUM(E22:E24) -> 1 | F25: =SUM(F22:F24) -> 1 | G25: =SUM(G22:G24) -> 1 | H25: =SUM(H22:H24) -> 1 | I25: =H22*I22+H23*I23+H24*I24 -> 15 | J25: m/dia
B27: Quantificação das sondagens à trado
B28: NÍVEL | C28: DESCRIÇÃO | G28: PROFUND. (m) | H28: FUROS | I28: QUANT. (m)
B29: Difícil | C29: Alagados, difícil acesso (montanhoso). | G29: 3 | H29: 0 | I29: =G29*H29 -> 0
B30: Médio | C30: Pastos, lavouras, acesso normal (trafegável). | G30: 2.5 | H30: 0 | I30: =G30*H30 -> 0
B31: Fácil | C31: Leito de vias (eixo e bordos a cada 300 m) | G31: 1.5 | H31: =(1000/300)*3 -> 10 | I31: =G31*H31 -> 15
H32: =SUM(H29:H31) -> 10 | I32: =SUM(I29:I31) -> 15
B34: Quantificação das sondagens à percussão
B35: NÍVEL | C35: DESCRIÇÃO | G35: PROFUND. (m) | H35: FUROS | I35: QUANT. (m)
B36: Difícil | C36: Alagados, difícil acesso (montanhoso). | G36: 0 | H36: 0 | I36: =G36*H36 -> 0
B37: Médio | C37: Pastos, lavouras, acesso normal (trafegável). | G37: 12 | H37: 3 | I37: =G37*H37 -> 36
B38: Fácil | C38: Leito de vias (eixo e bordos a cada 300 m) | G38: 0 | H38: 0 | I38: =G38*H38 -> 0
H39: =SUM(H36:H38) -> 3 | I39: =SUM(I36:I38) -> 36
B41: Produtividade para ensaios de laboratório
B42: NÍVEL | C42: TEMPO FIXO (DIAS) | F42: PRODUTIVIDADE
B43: Normal | C43: 5 | F43: 5 | G43: amostras/dia
B45: NOTA: Os estudos e projetos a seguir foram previstos com um prazo fixo mais um prazo variável, proporcionais à extensão do trecho.
B47: Tempo fixo e produtividade para Estudos Geotécnicos (escritório) e Projeto de Pavimentação
B48: NÍVEL | C48: DESCRIÇÃO | H48: TEMPO FIXO (DIAS) | I48: PRODUTIVIDADE
B49: Difícil | C49: Alagados, difícil acesso (montanhoso). | H49: 5 | I49: 4 | J49: km/dia
B50: Médio | C50: Pastos, lavouras, acesso normal (trafegável). | H50: 4 | I50: 5 | J50: km/dia
B51: Fácil | C51: Leito de vias. | H51: 3 | I51: 6 | J51: km/dia
H52: =H49*$H$22+H50*$H$23+H51*$H$24 -> 3 | I52: =I49*$H$22+I50*$H$23+I51*$H$24 -> 6 | J52: km/dia
H53: Médias ponderadas, considerando a complexidade da sondagem.
B54: Tempo fixo e produtividade para Projetos Geométricos, de Terraplenagem, de Drenagem, de Interseções e de Obras Complementares
B55: NÍVEL | C55: TEMPO FIXO (DIAS) | F55: PRODUTIVIDADE
B56: Difícil | C56: 5 | F56: 2 | G56: km/dia
B57: Médio | C57: 4 | F57: 3 | G57: km/dia
B58: Fácil | C58: 3 | F58: 4 | G58: km/dia
C59: =C56*$E$15+C57*$E$16+C58*$E$17 -> 3 | D59: =D56*$H$22+D57*$H$23+D58*$H$24 -> 0 | E59: =E56*$H$22+E57*$H$23+E58*$H$24 -> 0 | F59: =F56*$E$15+F57*$E$16+F58*$E$17 -> 4 | G59: km/dia
C60: Médias ponderadas, considerando a complexidade do relevo.
B61: Produtividade para o Projeto de Sinalização
B62: NÍVEL | C62: TEMPO FIXO (DIAS) | F62: PRODUTIVIDADE
B63: Normal | C63: 1 | F63: 5 | G63: km/dia
B65: Produtividade para o Projeto de Desapropriações
B66: NÍVEL | C66: DESCRIÇÃO | G66: ADENSAMENTO | H66: QUANTIDADE (PROPRIEDADES/km) | I66: PRODUTIVIDADE
B67: Difícil | C67: Região urbana adensada. | G67: 0 | H67: 40 | I67: 2 | J67: propriedades/dia
B68: Médio | C68: Região rural de chácaras e sítios. | G68: 0 | H68: 10 | I68: 3 | J68: propriedades/dia
B69: Fácil | C69: Região rural de fazendas. | G69: 1 | H69: 2 | I69: 4 | J69: propriedades/dia
G70: =SUM(G67:G69) -> 1 | H70: =ROUNDUP(G67*H67+G68*H68+G69*H69, 0) -> 2 | I70: =ROUNDUP(G67*I67+G68*I68+G69*I69, 0) -> 4 | J70: propriedades/dia
B72: Produtividade para o Projeto de Regularização de Jazidas
B73: NÍVEL | C73: TAXA (JAZIDAS/km) | F73: QUANT. (JAZIDAS) | G73: PRODUTIVIDADE
B74: Normal | C74: 0.2 | F74: =ROUNDUP(C74*C8, 0) -> 1 | G74: 1 | H74: jazidas/dia
B76: Produtividade para o Projeto de Paisagismo
B77: DESCRIÇÃO | E77: TEMPO FIXO (DIAS) | G77: UND. | H77: QUANT. | I77: PRODUTIVIDADE
B78: Interseções | E78: 0 | G78: und | H78: 0 | I78: 1.5 | J78: interseções/dia
B79: Canteiro central | E79: 0 | G79: km | H79: 0 | I79: 15 | J79: km/dia
B81: Parâmetros para o Projeto de Canteiro de Obras
B82: NÍVEL | C82: DESCRIÇÃO | H82: TEMPO FIXO (DIAS)
B83: Urbano | C83: Consideração de locações na cidade. | H83: 4
B84: Rural | C84: Consideração de locação de residência em localidade próxima da obra. | H84: 3
B85: Remoto | C85: Canteiro no campo. | H85: 2
H86: 2 | I86: -> | J86: Adotado.
B88: Produtividade para o Orçamento de Obras
B89: NÍVEL | C89: TEMPO FIXO (DIAS) | F89: PRODUTIVIDADE
B90: Difícil | C90: 5 | F90: 3 | G90: km/dia
B91: Médio | C91: 4 | F91: 4 | G91: km/dia
B92: Fácil | C92: 3 | F92: 5 | G92: km/dia
C93: =C90*$E$15+C91*$E$16+C92*$E$17 -> 3 | D93: =D90*$H$22+D91*$H$23+D92*$H$24 -> 0 | E93: =E90*$H$22+E91*$H$23+E92*$H$24 -> 0 | F93: =F90*$E$15+F91*$E$16+F92*$E$17 -> 5 | G93: km/dia | H93: Médias ponderadas, considerando a complexidade do relevo.

Sheet Memo calc
A10: Objeto: | B10: Projeto Executivo de Engenharia para Implantação do Aeródromo município de Nova Andradina/MS
A11: Município: | B11: Nova Andradina/MS
A12: Local: | B12: Aeródromo de Nova Andradina/MS
A13: Extensão: | B13: 1.7 | C13: km (aproximadamente) Largura: 23 m | G13: Processo: | H13: 79.018.153-2024
A14: Prazo: | B14: 365 | C14: dias | G14: Data-base: | H14: 45748
A16: Memória de cálculo de quantidades
A18: 1. | B18: Mão de obra, veículos, ocupantes das instalações físicas, equipamentos, materiais, diárias, passagens, mobilização e desmobilização
B19: ="Foi considedarada a cidade de "&Listas!D17&" como local para as instalações físicas." -> Foi considedarada a cidade de Nova Andradina como local para as instalações físicas.
A21: 1.1 | B21: Fase Preliminar
A22: 1.1.1 | B22: Coleta e análise dos dados existentes
A23: A | B23: MÃO DE OBRA
C24: Dias trabalhados: | D24: 1
C25: Dias consecutivos: | D25: =ROUNDUP(D24*Listas!$E$5,0) -> 2
B27: CÓD | C27: DESCRIÇÃO | G27: TIPO DE MÃO DE OBRA | I27: EQUIPES | K27: PESSOAS/EQUIPE | N27: JORNADA DE TRABALHO DIÁRIA | Q27: DIAS TRABALHADOS | S27: TOTAL DE HORAS | U27: FUNCIONÁRIOS/MÊS | W27: CUSTO MENSAL | Y27: TOTAL
I28: b | K28: c | N28: d | Q28: e | S28: f=b*c*d*e | U28: g=f/220 | W28: h | Y28: i=g*h
B29: P8065 | C29: =IFERROR(VLOOKUP(B29,MO_Matriz,2,0),"") -> Engenheiro de projetos júnior | G29: =IFERROR(VLOOKUP(B29,MO_Matriz,3,0),"") -> S | I29: 1 | K29: 1 | N29: =Listas!$B$6 -> 7.3333333 | Q29: =$D$24 -> 1 | S29: =I29*K29*N29*Q29 -> 7.3333333 | U29: =S29/220 -> 0.033333333 | W29: =IFERROR(VLOOKUP(B29,MO_Matriz,5,0),"") -> 24288.81 | Y29: =TRUNC(U29*W29,2) -> 809.62
B30: P8147 | C30: =IFERROR(VLOOKUP(B30,MO_Matriz,2,0),"") -> Técnico de obras | G30: =IFERROR(VLOOKUP(B30,MO_Matriz,3,0),"") -> T | I30: 1 | K30: 1 | N30: =Listas!$B$6 -> 7.3333333 | Q30: =$D$24 -> 1 | S30: =I30*K30*N30*Q30 -> 7.3333333 | U30: =S30/220 -> 0.033333333 | W30: =IFERROR(VLOOKUP(B30,MO_Matriz,5,0),"") -> 7040.14 | Y30: =TRUNC(U30*W30,2) -> 234.67
X31: TOTAL | Y31: =SUM(Y29:Y30) -> 1044.29
A33: B | B33: VEÍCULOS
B34: Não foram previstos veículos para esse serviço.
A36: C | B36: INSTALAÇÕES FÍSICAS E CUSTOS DIVERSOS
A37: C.1 | B37: Ocupação do escritório
B38: CÓD. | C38: DESCRIÇÃO | F38: TIPO DE MÃO DE OBRA | H38: OCUPARÁ? | J38: PESSOAS
B39: =B29 -> P8065 | C39: =IFERROR(VLOOKUP(B39,MO_Matriz,2,0),"") -> Engenheiro de projetos júnior | F39: =IFERROR(VLOOKUP(B39,MO_Matriz,3,0),"") -> S | H39: Sim | J39: 1
B40: =B30 -> P8147 | C40: =IFERROR(VLOOKUP(B40,MO_Matriz,2,0),"") -> Técnico de obras | F40: =IFERROR(VLOOKUP(B40,MO_Matriz,3,0),"") -> T | H40: Sim | J40: 1
I41: TOTAL | J41: =SUM(J39:J40) -> 2
A43: C.2 | B43: Ocupação da residência
B44: A mão de obra prevista para o serviço está disponível no local de sua execução.
A46: D | B46: EQUIPAMENTOS E MATERIAIS
B47: Não foram previstos equipamentos e materiais para esse serviço.
A49: E | B49: DIÁRIAS E PASSAGENS
B50: Não foram previstas diárias e passagens para esse serviço.
A52: F | B52: MOBILIZAÇÃO E DESMOBILIZAÇÃO
B53: Não foram previstas mobilização e desmobilização para esse serviço.
A55: G | B55: RESUMO
B56: DESCRIÇÃO | F56: VALOR
B57: Mão de obra | F57: =Y31 -> 1044.29
B58: Veículos | F58: 0
B59: Instalações físicas e custos diversos | F59: 0
B60: Equipamentos e materiais | F60: 0
B61: Diárias e passagens | F61: 0
B62: Mobilização e desmobilização | F62: 0
E63: TOTAL | F63: =SUM(F57:F62) -> 1044.29
A65: 1.1.2 | B65: Componente Ambiental do Projeto
A66: 1.1.2.1 | B66: COMPONENTE AMBIENTAL DO PROJETO: INVESTIGAÇÃO DE CAMPO
C67: Investigação de campo: | D67: 1 | E67: km/dia
C68: Extensão: | D68: 1 | E68: km
C69: Dias: | D69: =ROUNDUP(D68/D67,0) -> 1 | F69: Deslocamento: | G69: 2 | H69: dias (ida e volta) | J69: Total: | K69: =D69+G69-1 -> 2
J70: Dias consecutivos: | K70: =ROUNDUP(K69*Listas!$E$5,0) -> 3
B72: DIA DA VIAGEM | D72: DESCRIÇÃO
B73: 1 | D73: Saída de Campo Grande -> Chegada em Nova Andradina
B74: 2 | D74: Investigação de campo
B75: 3 | D75: Saída de Nova Andradina -> Chegada em Campo Grande
A77: A | B77: MÃO DE OBRA
B78: CÓD. | C78: DESCRIÇÃO | F78: TIPO DE MÃO DE OBRA | H78: EQUIPES | J78: PESSOAS/EQUIPE | M78: JORNADA DE TRABALHO DIÁRIA | O78: DIAS TRABALHADOS | Q78: TOTAL DE HORAS | S78: FUNCIONÁRIOS/MÊS | U78: CUSTO MENSAL | V78: TOTAL
H79: b | J79: c | M79: d | O79: e | Q79: f=b*c*d*e | S79: g=f/220 | U79: h | V79: i=g*h
B80: P8058 | C80: =IFERROR(VLOOKUP(B80,MO_Matriz,2,0),"") -> Engenheiro ambiental pleno | F80: =IFERROR(VLOOKUP(B80,MO_Matriz,3,0),"") -> S | H80: 1 | J80: 1 | M80: =Listas!$B$6 -> 7.3333333 | O80: 3 | Q80: =H80*J80*M80*O80 -> 22 | S80: =Q80/220 -> 0.1 | U80: =IFERROR(VLOOKUP(B80,MO_Matriz,5,0),"") -> 26558.86 | V80: =TRUNC(S80*U80,2) -> 2655.88
B81: P8025 | C81: =IFERROR(VLOOKUP(B81,MO_Matriz,2,0),"") -> Auxiliar | F81: =IFERROR(VLOOKUP(B81,MO_Matriz,3,0),"") -> A | H81: 1 | J81: 1 | M81: =Listas!$B$6 -> 7.3333333 | O81: 3 | Q81: =H81*J81*M81*O81 -> 22 | S81: =Q81/220 -> 0.1 | U81: =IFERROR(VLOOKUP(B81,MO_Matriz,5,0),"") -> 4276.41 | V81: =TRUNC(S81*U81,2) -> 427.64
U82: TOTAL | V82: =SUM(V80:V81) -> 3083.52
A83: B | B83: VEÍCULOS
B84: CÓD. | C84: DESCRIÇÃO | G84: UNID. | H84: DIAS | I84: MESES | K84: CUSTO MENSAL | M84: CUSTO TOTAL
G85: a | H85: b | I85: c=b/30 | K85: d | M85: e=a*c*d
B86: E8889 | C86: =IFERROR(VLOOKUP(B86,Veiculo_Equip_Matriz,2,0),"") -> Veículo leve - 53 kW (sem motorista) | G86: 1 | H86: 2 | I86: =H86/30 -> 0.066666667 | K86: =IFERROR(VLOOKUP(B86,Veiculo_Equip_Matriz,10,0),"") -> 3186.8793 | M86: =TRUNC(G86*I86*K86,2) -> 212.45
L87: TOTAL | M87: =SUM(M86:M86) -> 212.45
A88: C | B88: INSTALAÇÕES FÍSICAS E CUSTOS DIVERSOS
A89: C.1 | B89: Ocupação do escritório
B90: Não foram previstos escritório para esse serviço.
A92: C.2 | B92: Ocupação da residência
B94: CÓD. | C94: DESCRIÇÃO | F94: TIPO DE MÃO DE OBRA | H94: OCUPARÁ? | J94: PESSOAS
B95: =B80 -> P8058 | C95: =IFERROR(VLOOKUP(B95,MO_Matriz,2,0),"") -> Engenheiro ambiental pleno | F95: =IFERROR(VLOOKUP(B95,MO_Matriz,3,0),"") -> S | H95: Sim | J95: 1
I96: TOTAL | J96: =SUM(J95:J95) -> 1
A98: D | B98: EQUIPAMENTOS E MATERIAIS
B99: Não foram previstos equipamentos e materiais para esse serviço.
A101: E | B101: DIÁRIAS E PASSAGENS
B102: Durante o período de deslocamento do pessoal também foi considerado os custos adicionais de diárias de alimentação e eventual pousada. Para a mão de obra auxiliar foi considerado pessoal local.
A103: E.1 | B103: Diárias
B104: ="Segundo Decreto Estadual 13.329/2011, para "&Listas!$D$17&" :" -> Segundo Decreto Estadual 13.329/2011, para Nova Andradina :
B105: DESCRIÇÃO | E105: VALOR | F105: QUANT.
B106: Diária completa | E106: =Listas!$D$19 -> 250
B107: Diária de alimentação | E107: =E106/2 -> 125 | F107: =O80 -> 3
B108: Diária de hospedagem | E108: =E107 -> 125 | F108: =F107-1 -> 2
B110: CÓD. | C110: DESCRIÇÃO | F110: TIPO DE MÃO DE OBRA | H110: ALIMENTAÇÃO | J110: HOSPEDAGEM | K110: TOTAL
H111: a | J111: b | K111: c=a+b
B112: =B80 -> P8058 | C112: =IFERROR(VLOOKUP(B112,MO_Matriz,2,0),"") -> Engenheiro ambiental pleno | F112: =IFERROR(VLOOKUP(B112,MO_Matriz,3,0),"") -> S | H112: =$E$107*$F$107 -> 375 | J112: =$E$108*$F$108 -> 250 | K112: =H112+J112 -> 625
J113: TOTAL | K113: =SUM(K112:K112) -> 625
A114: E.2 | B114: Passagens
B115: Não foram previstas passagens para esse serviço.
A117: F | B117: MOBILIZAÇÃO E DESMOBILIZAÇÃO
A118: F.1 | B118: Mão de obra
B119: Foi considerado que a mão de obra especializada para esse serviço será mobilizada e desmobilizada em veículo leve 53 kW.
A121: F.2 | B121: Veículos e equipamentos
B123: TIPO DA VIA | D123: CONDIÇÃO DA VIA | F123: VELOCIDADE (km/h) | H123: km | I123: % | K123: DESCRIÇÃO | N123: MÊS | O123: VALOR
B124: Pavimentada | D124: Pavimentada | F124: =Listas!$J$3 -> 60 | H124: =Listas!D18 -> 305 | I124: =H124/H127 -> 1 | K124: Índice de obras rodoviárias: consultoria | N124: =Listas!$D$21 -> ABRIL/25 | O124: =Listas!$D$23 -> 303.675
D125: Revestimento primário | F125: =Listas!$J$4 -> 50 | H125: =Listas!$L$4 -> 0 | I125: =H125/H127 -> 0 | K125: Índice de obras rodoviárias: consultoria | N125: =Listas!$D$21 -> ABRIL/25 | O125: =Listas!$D$23 -> 303.675
D126: Terreno natural | F126: =Listas!$J$5 -> 40 | H126: =Listas!$L$5 -> 0 | I126: =H126/H127 -> 0 | K126: Índice de reajustamento | N126: - | O126: =O125/O124-1 -> 0
G127: TOTAL | H127: =SUM(H124:H126) -> 305 | I127: =SUM(I124:I126) -> 1 | K127: Pedágio passeio | N127: 45839 | O127: 36.9
K128: Pedágio 2 eixos | N128: 45839 | O128: =Listas!$D$26 -> 36.9
K129: Pedágio passeio reajustado | N129: JULHO/25 | O129: =ROUND(O127*(1+O126), 2) -> 36.9
K130: Pedágio 2 eixos reajustado | N130: JULHO/25 | O130: =ROUND(O128*(1+O126), 2) -> 36.9
B133: CÓD. | C133: DESCRIÇÃO | F133: QUANT. | H133: DISTÂNCIA (km) | J133: VELOCIDADE MÉDIA (km/h) | L133: TEMPO DE VIAGEM (h) | N133: k | O133: FU | P133: EQUIPAMENTO | R133: CUSTO PRODUTIVO (R$/h) | T133: SUBTOTAL 1 | V133: TEMPO DE DESCANSO (h) | X133: TEMPO TOTAL (h) | Z133: DIÁRIA | AA133: PEDÁGIO | AB133: CUSTO TOTAL
...

Sheet Crono fisico
B4: Objeto: | C4: ='Qd abrang'!C4 -> Contratação de Projeto Executivo de Engenharia para Implantação do Aeródromo no município de Nova Andradina
B5: Município: | C5: ='Qd abrang'!C5 -> Nova Andradina/MS
B6: Local: | C6: ='Qd abrang'!C6 -> Nova Andradina/MS
B7: Extensão: | C7: ='Qd abrang'!C7 -> 1.7 | D7: km (aproximadamente) | E7: Processo: | F7: ='Qd abrang'!N7 -> 79.010.182-2025
B8: Prazo: | C8: ='Qd abrang'!C8 -> 365 | D8: dias | E8: Data-base: | F8: ='Qd abrang'!N8 -> 45748
B10: Cronograma físico
G11: MESES | H11: 1 | AL11: 2 | BQ11: 3 | CV11: 4 | EA11: 5 | FF11: 6 | GK11: 7 | HP11: 8 | IU11: 9 | JZ11: 10 | LE11: 11 | MJ11: 12
B12: ITEM | C12: DESCRIÇÃO | E12: INÍCIO | F12: TÉRMINO | G12: DURAÇÃO (DIAS) | H12: 1 | I12: 2 | J12: 3 | K12: 4 | L12: 5 | M12: 6 | N12: 7 | O12: 8 | P12: 9 | Q12: 10 | R12: 11 | S12: 12 | T12: 13 | U12: 14 | V12: 15 | W12: 16 | X12: 17 | Y12: 18 | Z12: 19 | AA12: 20 | AB12: 21 | AC12: 22 | AD12: 23 | AE12: 24 | AF12: 25 | AG12: 26 | AH12: 27 | AI12: 28 | AJ12: 29 | AK12: 30 | AL12: 31 | AM12: 32 | AN12: 33 | AO12: 34 | AP12: 35 | AQ12: 36 | AR12: 37 | AS12: 38 | AT12: 39 | AU12: 40 | AV12: 41 | AW12: 42 | AX12: 43 | AY12: 44 | AZ12: 45 | BA12: 46 | BB12: 47 | BC12: 48 | BD12: 49 | BE12: 50 | BF12: 51 | BG12: 52 | BH12: 53 | BI12: 54 | BJ12: 55 | BK12: 56 | BL12: 57 | BM12: 58 | BN12: 59 | BO12: 60 | BP12: 61 | BQ12: 62 | BR12: 63 | BS12: 64 | BT12: 65 | BU12: 66 | BV12: 67 | BW12: 68 | BX12: 69 | BY12: 70 | BZ12: 71 | CA12: 72 | CB12: 73 | CC12: 74 | CD12: 75 | CE12: 76 | CF12: 77 | CG12: 78 | CH12: 79 | CI12: 80 | CJ12: 81 | CK12: 82 | CL12: 83 | CM12: 84 | CN12: 85 | CO12: 86 | CP12: 87 | CQ12: 88 | CR12: 89 | CS12: 90 | CT12: 91 | CU12: 92 | CV12: 93 | CW12: 94 | CX12: 95 | CY12: 96 | CZ12: 97 | DA12: 98 | DB12: 99 | DC12: 100 | DD12: 101 | DE12: 102 | DF12: 103 | DG12: 104 | DH12: 105 | DI12: 106 | DJ12: 107 | DK12: 108 | DL12: 109 | DM12: 110 | DN12: 111 | DO12: 112 | DP12: 113 | DQ12: 114 | DR12: 115 | DS12: 116 | DT12: 117 | DU12: 118 | DV12: 119 | DW12: 120 | DX12: 121 | DY12: 122 | DZ12: 123 | EA12: 124 | EB12: 125 | EC12: 126 | ED12: 127 | EE12: 128 | EF12: 129 | EG12: 130 | EH12: 131 | EI12: 132 | EJ12: 133 | EK12: 134 | EL12: 135 | EM12: 136 | EN12: 137 | EO12: 138 | EP12: 139 | EQ12: 140 | ER12: 141 | ES12: 142 | ET12: 143 | EU12: 144 | EV12: 145 | EW12: 146 | EX12: 147 | EY12: 148 | EZ12: 149 | FA12: 150 | FB12: 151 | FC12: 152 | FD12: 153 | FE12: 154 | FF12: 155 | FG12: 156 | FH12: 157 | FI12: 158 | FJ12: 159 | FK12: 160 | FL12: 161 | FM12: 162 | FN12: 163 | FO12: 164 | FP12: 165 | FQ12: 166 | FR12: 167 | FS12: 168 | FT12: 169 | FU12: 170 | FV12: 171 | FW12: 172 | FX12: 173 | FY12: 174 | FZ12: 175 | GA12: 176 | GB12: 177 | GC12: 178 | GD12: 179 | GE12: 180 | GF12: 181 | GG12: 182 | GH12: 183 | GI12: 184 | GJ12: 185 | GK12: 186 | GL12: 187 | GM12: 188 | GN12: 189 | GO12: 190 | GP12: 191 | GQ12: 192 | GR12: 193 | GS12: 194 | GT12: 195 | GU12: 196 | GV12: 197 | GW12: 198 | GX12: 199 | GY12: 200 | GZ12: 201 | HA12: 202 | HB12: 203 | HC12: 204 | HD12: 205 | HE12: 206 | HF12: 207 | HG12: 208 | HH12: 209 | HI12: 210 | HJ12: 211 | HK12: 212 | HL12: 213 | HM12: 214 | HN12: 215 | HO12: 216 | HP12: 217 | HQ12: 218 | HR12: 219 | HS12: 220 | HT12: 221 | HU12: 222 | HV12: 223 | HW12: 224 | HX12: 225 | HY12: 226 | HZ12: 227 | IA12: 228 | IB12: 229 | IC12: 230 | ID12: 231 | IE12: 232 | IF12: 233 | IG12: 234 | IH12: 235 | II12: 236 | IJ12: 237 | IK12: 238 | IL12: 239 | IM12: 240 | IN12: 241 | IO12: 242 | IP12: 243 | IQ12: 244 | IR12: 245 | IS12: 246 | IT12: 247 | IU12: 248 | IV12: 249 | IW12: 250 | IX12: 251 | IY12: 252 | IZ12: 253 | JA12: 254 | JB12: 255 | JC12: 256 | JD12: 257 | JE12: 258 | JF12: 259 | JG12: 260 | JH12: 261 | JI12: 262 | JJ12: 263 | JK12: 264 | JL12: 265 | JM12: 266 | JN12: 267 | JO12: 268 | JP12: 269 | JQ12: 270 | JR12: 271 | JS12: 272 | JT12: 273 | JU12: 274 | JV12: 275 | JW12: 276 | JX12: 277 | JY12: 278 | JZ12: 279 | KA12: 280 | KB12: 281 | KC12: 282 | KD12: 283 | KE12: 284 | KF12: 285 | KG12: 286 | KH12: 287 | KI12: 288 | KJ12: 289 | KK12: 290 | KL12: 291 | KM12: 292 | KN12: 293 | KO12: 294 | KP12: 295 | KQ12: 296 | KR12: 297 | KS12: 298 | KT12: 299 | KU12: 300 | KV12: 301 | KW12: 302 | KX12: 303 | KY12: 304 | KZ12: 305 | LA12: 306 | LB12: 307 | LC12: 308 | LD12: 309 | LE12: 310 | LF12: 311 | LG12: 312 | LH12: 313 | LI12: 314 | LJ12: 315 | LK12: 316 | LL12: 317 | LM12: 318 | LN12: 319 | LO12: 320 | LP12: 321 | LQ12: 322 | LR12: 323 | LS12: 324 | LT12: 325 | LU12: 326 | LV12: 327 | LW12: 328 | LX12: 329 | LY12: 330 | LZ12: 331 | MA12: 332 | MB12: 333 | MC12: 334 | MD12: 335 | ME12: 336 | MF12: 337 | MG12: 338 | MH12: 339 | MI12: 340 | MJ12: 341 | MK12: 342 | ML12: 343 | MM12: 344 | MN12: 345 | MO12: 346 | MP12: 347 | MQ12: 348 | MR12: 349 | MS12: 350 | MT12: 351 | MU12: 352 | MV12: 353 | MW12: 354 | MX12: 355 | MY12: 356 | MZ12: 357 | NA12: 358 | NB12: 359 | NC12: 360 | ND12: 361 | NE12: 362 | NF12: 363 | NG12: 364 | NH12: 365
B13: 1 | C13: PROJETO EXECUTIVO | E13: =MIN(E14:F74) -> 1 | F13: =MAX(E14:F74) -> 365 | G13: =F13-E13+1 -> 365
B14: 1.1 | C14: FASE PRELIMINAR | E14: =MIN(E15:F28) -> 1 | F14: =MAX(E15:F28) -> 57 | G14: =F14-E14+1 -> 57
B15: 1.1.1 | C15: Coleta e análise dos dados existentes | E15: 1 | F15: =E15+G15-1 -> 2 | G15: ='Memo calc'!D25 -> 2
B16: 1.1.2 | C16: Componente Ambiental do Projeto - Fase Preliminar | E16: =MIN(E17:F18) -> 3 | F16: =MAX(E17:F18) -> 8 | G16: =F16-E16+1 -> 6
B17: 1.1.2.1 | C17: Componente Ambiental do Projeto - Fase Preliminar: investigação de campo | E17: 3 | F17: =E17+G17-1 -> 5 | G17: ='Memo calc'!K70 -> 3
B18: 1.1.2.2 | C18: Componente Ambiental do Projeto - Fase Preliminar: trabalho de escritório (análises e formulações) | E18: =F17+1 -> 6 | F18: =E18+G18-1 -> 8 | G18: ='Memo calc'!L152 -> 3
B19: 1.1.3 | C19: Estudos Geológicos | E19: =G15+1 -> 3 | F19: =E19+G19-1 -> 4 | G19: ='Memo calc'!H197 -> 2
B20: 1.1.4 | C20: Estudos Hidrológicos | E20: =F19+1 -> 5 | F20: =E20+G20-1 -> 6 | G20: ='Memo calc'!H241 -> 2
B21: 1.1.5 | C21: Estudos de Traçado | E21: =F20+1 -> 7 | F21: =E21+G21-1 -> 8 | G21: ='Memo calc'!H283 -> 2
B22: 1.1.6 | C22: Estudos Topográficos | E22: =MIN(E23:F24) -> 3 | F22: =MAX(E23:F24) -> 9 | G22: =F22-E22+1 -> 7
B23: 1.1.6.1 | C23: Estudos Topográficos: serviços de campo | E23: 3 | F23: =E23+G23-1 -> 6 | G23: ='Memo calc'!I404 -> 4
B24: 1.1.6.2 | C24: Estudos Topográficos: trabalho de escritório | E24: =F23+1 -> 7 | F24: =E24+G24-1 -> 9 | G24: ='Memo calc'!I405 -> 3
B25: 1.1.7 | C25: Entrega do Relatório da Fase Preliminar | E25: =F22+1 -> 10 | F25: =E25+9 -> 19 | G25: =F25-E25+1 -> 10
B26: 1.1.8 | C26: Análise do Relatório da Fase Preliminar | E26: =F25+1 -> 20 | F26: =E26+G26-1 -> 34 | G26: 15
B27: 1.1.9 | C27: Correções do Relatório da Fase Preliminar | E27: =F26+1 -> 35 | F27: =E27+G27-1 -> 47 | G27: 13
B28: 1.1.10 | C28: Aprovação do Relatório da Fase Preliminar | E28: =F27+1 -> 48 | F28: =E28+G28-1 -> 57 | G28: 10
B29: 1.2 | C29: FASE DE PROJETO BÁSICO | E29: =MIN(E30:F47) -> 3 | F29: =MAX(E30:F47) -> 116 | G29: =F29-E29+1 -> 114
B30: 1.2.1 | C30: Estudos Geotécnicos - Fase de Projeto Básico | E30: =MIN(E31:F33) -> 3 | F30: =MAX(E31:F33) -> 61 | G30: =F30-E30+1 -> 59
B31: 1.2.1.1 | C31: Estudos Geotécnicos: sondagens de subleito, cortes, caixas de empréstimo e jazidas de solo | E31: =E17 -> 3 | F31: =E31+G31-1 -> 7.8333333 | G31: ='Memo calc'!P881 -> 5.8333333
B32: 1.2.1.2 | C32: Estudos Geotécnicos: ensaios de laboratório | E32: =F31+1 -> 8.8333333 | F32: =E32+G32-1 -> 16.833333 | G32: ='Memo calc'!K969 -> 9
B33: 1.2.1.3 | C33: Estudos Geotécnicos - Fase de Projeto Básico: trabalho de escritório (análises e formulações) | E33: =F28+1 -> 58 | F33: =E33+G33-1 -> 61 | G33: ='Memo calc'!L1026 -> 4
B34: 1.2.2 | C34: Componente Ambiental do Projeto - Fase de Projeto Básico | E34: =F33 -> 61 | F34: =E34+G34-1 -> 61 | G34: ='Memo calc'!N153 -> 1
B35: 1.2.3 | C35: Projeto Geométrico Básico | E35: =F34 -> 61 | F35: =E35+G35-1 -> 63 | G35: ='Memo calc'!O1166 -> 3
B36: 1.2.4 | C36: Projeto Básico de Terraplenagem | E36: =F35 -> 63 | F36: =E36+G36-1 -> 68 | G36: ='Memo calc'!O1212 -> 6
B37: 1.2.5 | C37: Projeto Básico de Drenagem e Obras de Arte Correntes | E37: =F36 -> 68 | F37: =E37+G37-1 -> 73 | G37: ='Memo calc'!O1258 -> 6
B38: 1.2.6 | C38: Projeto Básico de Pavimentação | E38: =F37 -> 73 | F38: =E38+G38-1 -> 76 | G38: ='Memo calc'!O1304 -> 4
B39: 1.2.7 | C39: Projeto Básico de Sinalização | E39: =F38 -> 76 | F39: =E39+G39-1 -> 76 | G39: ='Memo calc'!O1350 -> 1
B40: 1.2.8 | C40: Projeto Básico de Obras Complementares | E40: =F39-8 -> 68 | F40: =E40+G40-1 -> 71 | G40: ='Memo calc'!P1396 -> 4
B41: 1.2.10 | C41: Projeto Básico do Canteiro de Obras e Acampamento do Pessoal | E41: =F40 -> 71 | F41: =E41+G41-1 -> 72 | G41: ='Memo calc'!Q1442 -> 2
B42: 1.2.11 | C42: Projeto Básico de Regularização de Jazidas | E42: =F41 -> 72 | F42: =E42+G42-1 -> 72 | G42: ='Memo calc'!R1488 -> 1
B43: 1.2.12 | C43: Orçamento Básico da Obra | E43: =F42 -> 72 | F43: =E43+G43-1 -> 74 | G43: ='Memo calc'!O1534 -> 3
B44: 1.2.13 | C44: Entrega do Relatório da Fase de Projeto Básico | E44: =F43 -> 74 | F44: =E44 -> 74 | G44: =F44-E44+1 -> 1
B45: 1.2.14 | C45: Análise do Relatório da Fase de Projeto Básico | E45: =F44+1 -> 75 | F45: =E45+G45-1 -> 94 | G45: 20
B46: 1.2.15 | C46: Correções do Relatório da Fase de Projeto Básico | E46: =F45+1 -> 95 | F46: =E46+G46-1 -> 109 | G46: 15
B47: 1.2.16 | C47: Aprovação do Relatório da Fase de Projeto Básico | E47: =F46+1 -> 110 | F47: =E47+G47-1 -> 116 | G47: 7
B48: 1.3 | C48: FASE DE PROJETO EXECUTIVO | E48: =MIN(E49:F64) -> 117 | F48: =MAX(E49:F64) -> 195 | G48: =F48-E48+1 -> 79
B49: 1.3.1 | C49: Estudos Geotécnicos - Fase de Projeto Executivo | E49: =F47+1 -> 117 | F49: =E49+G49-1 -> 118 | G49: =ROUNDUP('Memo calc'!M1033,0) -> 2
B50: 1.3.2 | C50: Componente Ambiental do Projeto - Fase de Projeto Executivo | E50: =F49 -> 118 | F50: =E50+G50-1 -> 118 | G50: ='Memo calc'!N154 -> 1
B51: 1.3.3 | C51: Projeto Geométrico | E51: =F50 -> 118 | F51: =E51+G51-1 -> 120 | G51: ='Memo calc'!O1167 -> 3
B52: 1.3.4 | C52: Projeto de Terraplenagem | E52: =F51 -> 120 | F52: =E52+G52-1 -> 122 | G52: ='Memo calc'!O1213 -> 3
B53: 1.3.5 | C53: Projeto de Drenagem e Obras de Arte Correntes | E53: =F52 -> 122 | F53: =E53+G53-1 -> 124 | G53: ='Memo calc'!O1259 -> 3
B54: 1.3.6 | C54: Projeto de Pavimentação | E54: =F53 -> 124 | F54: =E54+G54-1 -> 125 | G54: ='Memo calc'!O1305 -> 2
B55: 1.3.7 | C55: Projeto de Sinalização | E55: =F54 -> 125 | F55: =E55+G55-1 -> 128 | G55: ='Memo calc'!O1351 -> 4
B56: 1.3.8 | C56: Projeto de Obras Complementares | E56: =F55-4 -> 124 | F56: =E56+G56-1 -> 125 | G56: ='Memo calc'!P1397 -> 2
B57: 1.3.10 | C57: Projeto do Canteiro de Obras e Acampamento do Pessoal | E57: =F56 -> 125 | F57: =E57+G57-1 -> 125 | G57: ='Memo calc'!Q1443 -> 1
B58: 1.3.11 | C58: Projeto de Regularização de Jazidas | E58: =F57 -> 125 | F58: =E58+G58-1 -> 125 | G58: ='Memo calc'!R1489 -> 1
B59: 1.3.12 | C59: Orçamento da Obra | E59: =F58 -> 125 | F59: =E59+G59-1 -> 125 | G59: ='Memo calc'!O1535 -> 1
B60: 1.3.13 | C60: Plano de Execução da Obra | E60: =F59 -> 125 | F60: =E60+G60-1 -> 130 | G60: ='Memo calc'!J1580 -> 6
B61: 1.3.14 | C61: Entrega do Relatório da Fase de Projeto Executivo | E61: =F60 -> 130 | F61: =E61+G61-1 -> 149 | G61: 20
B62: 1.3.15 | C62: Análise do Relatório da Fase de Projeto Executivo | E62: =F61 -> 149 | F62: =E62+G62-1 -> 163 | G62: 15
B63: 1.3.16 | C63: Correções do Relatório da Fase de Projeto Executivo | E63: =F62 -> 163 | F63: =E63+G63-1 -> 182 | G63: 20
B64: 1.3.17 | C64: Aprovação do Relatório da Fase de Projeto Executivo | E64: =F63 -> 182 | F64: =E64+G64-1 -> 195 | G64: 14
B65: 1.4 | C65: LICENCIAMENTO AMBIENTAL | E65: =MIN(E66:F69) -> 195 | F65: =MAX(E66:F69) -> 202 | G65: =F65-E65+1 -> 8
B66: 1.4.1 | C66: Proposta Técnica Ambiental (PTA) | E66: =F64 -> 195 | F66: =E66+G66-1 -> 197 | G66: ='Memo calc'!M1785 -> 3
B67: 1.4.2 | C67: Estudo de Sondagem do Solo (ESS) | E67: 195 | F67: =E67+G67-1 -> 195 | G67: ='Memo calc'!M1835 -> 1
B68: 1.4.3 | C68: Plano Básico Ambiental (PBA) | E68: =F64 -> 195 | F68: =E68+G68-1 -> 201 | G68: ='Memo calc'!M1881 -> 7
B69: 1.4.4 | C69: Formulário de Atividades de Infraestrutura (IMASUL) | E69: =F68 -> 201 | F69: =E69+G69-1 -> 202 | G69: 2
B70: 1.5 | C70: RELATÓRIO FINAL DO PBZPA | E70: =MIN(E71:F74) -> 117 | F70: =MAX(E71:F74) -> 365 | G70: =F70-E70+1 -> 249
B71: 1.5.1 | C71: Plano Básico de Zona de Proteção de Aeródromo | E71: =F47+1 -> 117 | F71: =E71+G71-1 -> 162 | G71: 46
B72: 1.5.2 | C72: Entrega do PBZPA | E72: =F71 -> 162 | F72: =E72+G72-1 -> 181 | G72: 20
B73: 1.5.3 | C73: Correções do PBZPA | E73: =F72 -> 181 | F73: =E73+G73-1 -> 195 | G73: 15
B74: 1.5.4 | C74: Aprovação do PBZPA | E74: =F73 -> 195 | F74: =E74+G74-1 -> 365 | G74: 171

Sheet Histo esc
B4: Objeto: | C4: ='Qd abrang'!C4 -> Contratação de Projeto Executivo de Engenharia para Implantação do Aeródromo no município de Nova Andradina
B5: Município: | C5: ='Qd abrang'!C5 -> Nova Andradina/MS
B6: Local: | C6: ='Qd abrang'!C6 -> Nova Andradina/MS
B7: Extensão: | C7: ='Qd abrang'!C7 -> 1.7 | D7: km (aproximadamente) | E7: Processo: | F7: ='Qd abrang'!N7 -> 79.010.182-2025
B8: Prazo: | C8: ='Qd abrang'!C8 -> 365 | D8: dias | E8: Data-base: | F8: ='Qd abrang'!N8 -> 45748
B10: Histograma de mão de obra: escritório
G11: MESES | H11: 1 | AM11: 2 | BQ11: 3 | CU11: 4 | DY11: 5 | FC11: 6 | GG11: 7
B12: DESCRIÇÃO | E12: INÍCIO | F12: TÉRMINO | G12: DURAÇÃO (DIAS) | H12: 0 | I12: 1 | J12: 2 | K12: 3 | L12: 4 | M12: 5 | N12: 6 | O12: 7 | P12: 8 | Q12: 9 | R12: 10 | S12: 11 | T12: 12 | U12: 13 | V12: 14 | W12: 15 | X12: 16 | Y12: 17 | Z12: 18 | AA12: 19 | AB12: 20 | AC12: 21 | AD12: 22 | AE12: 23 | AF12: 24 | AG12: 25 | AH12: 26 | AI12: 27 | AJ12: 28 | AK12: 29 | AL12: 30 | AM12: 31 | AN12: 32 | AO12: 33 | AP12: 34 | AQ12: 35 | AR12: 36 | AS12: 37 | AT12: 38 | AU12: 39 | AV12: 40 | AW12: 41 | AX12: 42 | AY12: 43 | AZ12: 44 | BA12: 45 | BB12: 46 | BC12: 47 | BD12: 48 | BE12: 49 | BF12: 50 | BG12: 51 | BH12: 52 | BI12: 53 | BJ12: 54 | BK12: 55 | BL12: 56 | BM12: 57 | BN12: 58 | BO12: 59 | BP12: 60 | BQ12: 61 | BR12: 62 | BS12: 63 | BT12: 64 | BU12: 65 | BV12: 66 | BW12: 67 | BX12: 68 | BY12: 69 | BZ12: 70 | CA12: 71 | CB12: 72 | CC12: 73 | CD12: 74 | CE12: 75 | CF12: 76 | CG12: 77 | CH12: 78 | CI12: 79 | CJ12: 80 | CK12: 81 | CL12: 82 | CM12: 83 | CN12: 84 | CO12: 85 | CP12: 86 | CQ12: 87 | CR12: 88 | CS12: 89 | CT12: 90 | CU12: 91 | CV12: 92 | CW12: 93 | CX12: 94 | CY12: 95 | CZ12: 96 | DA12: 97 | DB12: 98 | DC12: 99 | DD12: 100 | DE12: 101 | DF12: 102 | DG12: 103 | DH12: 104 | DI12: 105 | DJ12: 106 | DK12: 107 | DL12: 108 | DM12: 109 | DN12: 110 | DO12: 111 | DP12: 112 | DQ12: 113 | DR12: 114 | DS12: 115 | DT12: 116 | DU12: 117 | DV12: 118 | DW12: 119 | DX12: 120 | DY12: 121 | DZ12: 122 | EA12: 123 | EB12: 124 | EC12: 125 | ED12: 126 | EE12: 127 | EF12: 128 | EG12: 129 | EH12: 130 | EI12: 131 | EJ12: 132 | EK12: 133 | EL12: 134 | EM12: 135 | EN12: 136 | EO12: 137 | EP12: 138 | EQ12: 139 | ER12: 140 | ES12: 141 | ET12: 142 | EU12: 143 | EV12: 144 | EW12: 145 | EX12: 146 | EY12: 147 | EZ12: 148 | FA12: 149 | FB12: 150 | FC12: =FB12+1 -> 151 | FD12: =FC12+1 -> 152 | FE12: =FD12+1 -> 153 | FF12: =FE12+1 -> 154 | FG12: =FF12+1 -> 155 | FH12: =FG12+1 -> 156 | FI12: =FH12+1 -> 157 | FJ12: =FI12+1 -> 158 | ... HJ12: =HI12+1 -> 210
B13: ATIVIDADES EM CAMPO | E13: =E14 -> 3 | F13: =F14 -> 7.8333333 | G13: =G14 -> 5.8333333 | K13: =SUM(K14:K17) -> 2 | L13: =SUM(L14:L17) -> 2 | M13: =SUM(M14:M17) -> 2 | N13: =SUM(N14:N17) -> 2 | O13: =SUM(O14:O17) -> 2 | P13: =SUM(P14:P17) -> 2 | Q13: =SUM(Q14:Q17) -> 2 | R13: =SUM(R14:R17) -> 2 | S13: =SUM(S14:S17) -> 2
B14: Administração de campo | E14: =MIN(E15:F17) -> 3 | F14: =MAX(E17:F17) -> 7.8333333 | G14: =F14-E14+1 -> 5.8333333 | K14: ='Memo calc'!$J$1104 -> 2 | L14: ='Memo calc'!$J$1104 -> 2 | M14: ='Memo calc'!$J$1104 -> 2 | N14: ='Memo calc'!$J$1104 -> 2 | O14: ='Memo calc'!$J$1104 -> 2 | P14: ='Memo calc'!$J$1104 -> 2 | Q14: ='Memo calc'!$J$1104 -> 2 | R14: ='Memo calc'!$J$1104 -> 2 | S14: ='Memo calc'!$J$1104 -> 2
B15: Componente Ambiental do Projeto - Fase Preliminar: investigação de campo | E15: ='Crono fisico'!E17 -> 3 | F15: ='Crono fisico'!F17 -> 5 | G15: =F15-E15+1 -> 3 | K15: 0 | L15: 0 | M15: 0 | N15: 0 | O15: 0 | P15: 0
B16: Estudos Topográficos: serviços de campo | E16: ='Crono fisico'!E23 -> 3 | F16: ='Crono fisico'!F23 -> 6 | G16: =F16-E16+1 -> 4 | K16: 0 | L16: 0 | M16: 0 | N16: 0 | O16: 0 | P16: 0
B17: Estudos geotécnicos: sondagens subleito, cortes, caixas de empréstimo e jazidas de solo | E17: ='Crono fisico'!E31 -> 3 | F17: ='Crono fisico'!F31 -> 7.8333333 | G17: ='Crono fisico'!G31 -> 5.8333333 | K17: 0 | L17: 0 | M17: 0 | N17: 0 | O17: 0 | P17: 0 | Q17: 0 | R17: 0 | S17: 0
B18: ATIVIDADES EM LABORATÓRIO | E18: =E19 -> 8.8333333 | F18: =F19 -> 16.833333 | G18: =G19 -> 9 | T18: =SUM(T19) -> 2 | U18: =SUM(U19) -> 2 | V18: =SUM(V19) -> 2 | W18: =SUM(W19) -> 2 | X18: =SUM(X19) -> 2 | Y18: =SUM(Y19) -> 2 | Z18: =SUM(Z19) -> 2 | AA18: =SUM(AA19) -> 2 | ... AH18: =SUM(AH19) -> 2
B19: Estudos Geotécnicos: ensaios de laboratório | E19: ='Crono fisico'!E32 -> 8.8333333 | F19: ='Crono fisico'!F32 -> 16.833333 | G19: =F19-E19+1 -> 9 | T19: ='Memo calc'!$J$988 -> 2 | U19: ='Memo calc'!$J$988 -> 2 | V19: ='Memo calc'!$J$988 -> 2 | W19: ='Memo calc'!$J$988 -> 2 | X19: ='Memo calc'!$J$988 -> 2 | Y19: ='Memo calc'!$J$988 -> 2 | Z19: ='Memo calc'!$J$988 -> 2 | AA19: ='Memo calc'!$J$988 -> 2 | ... AH19: ='Memo calc'!$J$988 -> 2
B20: ATIVIDADES EM ESCRITÓRIO | E20: =MIN(E22:F38) -> 1 | F20: =MAX(E22:F41) -> 130 | G20: =F20-E20+1 -> 130 | I20: =I21 -> 2 | J20: =J21 -> 2 | K20: =K21 -> 3 | L20: =L21 -> 3 | M20: =M21 -> 2 | N20: =N21 -> 2 | O20: =O21 -> 2 | P20: =P21 -> 2 | ... T20: =T21 -> 5 | BD20: =BD28 -> 2 | BE20: =BE28 -> 2 | BF20: =BF28 -> 2 | BG20: =BG28 -> 2 | BH20: =BH28 -> 2 | BI20: =BI28 -> 2 | BJ20: =BJ28 -> 2 | BK20: =BK28 -> 4 | ... CK20: =CK28 -> 0
B21: FASE PRELIMINAR | E21: =MIN(E22:F27) -> 1 | F21: =MAX(E22:F27) -> 9 | G21: =F21-E21+1 -> 9 | I21: =SUM(I22:I27) -> 2 | J21: =SUM(J22:J27) -> 2 | K21: =SUM(K22:K27) -> 3 | L21: =SUM(L22:L27) -> 3 | M21: =SUM(M22:M27) -> 2 | N21: =SUM(N22:N27) -> 2 | O21: =SUM(O22:O27) -> 2 | P21: =SUM(P22:P27) -> 2 | ... T21: =SUM(T22:T27) -> 5
B22: Coleta e análise dos dados existentes | E22: ='Crono fisico'!E15 -> 1 | F22: ='Crono fisico'!F15 -> 2 | G22: =F22-E22+1 -> 2 | I22: ='Memo calc'!$J$41 -> 2 | J22: ='Memo calc'!$J$41 -> 2
B23: Componente Ambiental do Projeto - Fase Preliminar: trabalho de escritório (análises e formulações) | E23: ='Crono fisico'!E18 -> 6 | F23: ='Crono fisico'!F18 -> 8 | G23: =F23-E23+1 -> 3 | Q23: ='Memo calc'!$J$170 -> 2 | R23: ='Memo calc'!$J$170 -> 2 | S23: ='Memo calc'!$J$170 -> 2 | T23: ='Memo calc'!$J$170 -> 2
B24: Estudos Geológicos | E24: ='Crono fisico'!E19 -> 3 | F24: ='Crono fisico'!F19 -> 4 | G24: =F24-E24+1 -> 2 | K24: ='Memo calc'!$J$214 -> 3 | L24: ='Memo calc'!$J$214 -> 3
B25: Estudos Hidrológicos | E25: ='Crono fisico'!E20 -> 5 | F25: ='Crono fisico'!F20 -> 6 | G25: =F25-E25+1 -> 2 | M25: ='Memo calc'!$J$256 -> 2 | N25: ='Memo calc'!$J$256 -> 2 | O25: ='Memo calc'!$J$256 -> 2
B26: Estudos de Traçado | E26: ='Crono fisico'!E21 -> 7 | F26: ='Crono fisico'!F21 -> 8 | G26: =F26-E26+1 -> 2 | P26: ='Memo calc'!$J$298 -> 2 | Q26: ='Memo calc'!$J$298 -> 2 | R26: ='Memo calc'!$J$298 -> 2
B27: Estudos Topográficos: trabalho de escritório | E27: ='Crono fisico'!E24 -> 7 | F27: ='Crono fisico'!F24 -> 9 | G27: =F27-E27+1 -> 3 | Q27: ='Memo calc'!$J$423 -> 3 | R27: ='Memo calc'!$J$423 -> 3 | S27: ='Memo calc'!$J$423 -> 3 | T27: ='Memo calc'!$J$423 -> 3
B28: FASE DE PROJETO BÁSICO | E28: =MIN(E29:F38) -> 58 | F28: =MAX(E29:F38) -> 76 | G28: =F28-E28+1 -> 19 | BD28: =SUM(BD29:BD38) -> 2 | BE28: =SUM(BE29:BE38) -> 2 | BF28: =SUM(BF29:BF38) -> 2 | BG28: =SUM(BG29:BG38) -> 2 | BH28: =SUM(BH29:BH38) -> 2 | BI28: =SUM(BI29:BI38) -> 2 | BJ28: =SUM(BJ29:BJ38) -> 2 | BK28: =SUM(BK29:BK38) -> 4 | ... BV28: =SUM(BV29:BV38) -> 2
B29: Estudos Geotécnicos - Fase de Projeto Básico: trabalho de escritório (análises e formulações) | E29: ='Crono fisico'!E33 -> 58 | F29: ='Crono fisico'!F33 -> 61 | G29: =F29-E29+1 -> 4 | BD29: ='Memo calc'!$J$1049 -> 2 | BE29: ='Memo calc'!$J$1049 -> 2 | BF29: ='Memo calc'!$J$1049 -> 2 | BG29: ='Memo calc'!$J$1049 -> 2 | BH29: ='Memo calc'!$J$1049 -> 2
B30: Projeto Geométrico Básico | E30: ='Crono fisico'!E35 -> 61 | F30: ='Crono fisico'!F35 -> 63 | G30: =F30-E30+1 -> 3 | BI30: ='Memo calc'!$J$1184 -> 2 | BJ30: ='Memo calc'!$J$1184 -> 2 | BK30: ='Memo calc'!$J$1184 -> 2
B31: Projeto Básico de Terraplenagem | E31: ='Crono fisico'!E36 -> 63 | F31: ='Crono fisico'!F36 -> 68 | G31: =F31-E31+1 -> 6 | BK31: ='Memo calc'!$J$1230 -> 2 | BL31: ='Memo calc'!$J$1230 -> 2 | BM31: ='Memo calc'!$J$1230 -> 2
B32: Projeto Básico de Drenagem e Obras de Arte Correntes | E32: ='Crono fisico'!E37 -> 68 | F32: ='Crono fisico'!F37 -> 73 | G32: =F32-E32+1 -> 6 | BM32: ='Memo calc'!$J$1276 -> 2 | BN32: ='Memo calc'!$J$1276 -> 2 | BO32: ='Memo calc'!$J$1276 -> 2
B33: Projeto Básico de Pavimentação | E33: ='Crono fisico'!E38 -> 73 | F33: ='Crono fisico'!F38 -> 76 | G33: =F33-E33+1 -> 4 | BO33: ='Memo calc'!$J$1322 -> 2 | BP33: ='Memo calc'!$J$1322 -> 2 | BQ33: ='Memo calc'!$J$1322 -> 2
B34: Projeto Básico de Sinalização | E34: ='Crono fisico'!E39 -> 76 | F34: ='Crono fisico'!F39 -> 76 | G34: =F34-E34+1 -> 1 | BQ34: ='Memo calc'!J1368 -> 2
B35: Projeto Básico de Obras Complementares | E35: ='Crono fisico'!E40 -> 68 | F35: ='Crono fisico'!F40 -> 71 | G35: =F35-E35+1 -> 4 | BQ35: ='Memo calc'!$J$1414 -> 2 | BR35: ='Memo calc'!$J$1414 -> 2 | BS35: ='Memo calc'!$J$1414 -> 2
B36: Projeto Básico do Canteiro de Obras e Acampamento do Pessoal | E36: ='Crono fisico'!E41 -> 71 | F36: ='Crono fisico'!F41 -> 72 | G36: =F36-E36+1 -> 2 | BS36: ='Memo calc'!$J$1460 -> 2 | BT36: ='Memo calc'!$J$1460 -> 2
B37: Projeto Básico de Regularização de Jazidas | E37: ='Crono fisico'!E42 -> 72 | F37: ='Crono fisico'!F42 -> 72 | G37: =F37-E37+1 -> 1 | BT37: ='Memo calc'!J1506 -> 2
B38: Orçamento Básico da Obra | E38: ='Crono fisico'!E43 -> 72 | F38: ='Crono fisico'!F43 -> 74 | G38: =F38-E38+1 -> 3 | BT38: ='Memo calc'!$J1552 -> 2 | BU38: ='Memo calc'!$J1552 -> 2 | BV38: ='Memo calc'!$J1552 -> 2
B39: FASE DE PROJETO EXECUTIVO | E39: =MIN(E40:F41) -> 1 | F39: =MAX(E40:F41) -> 130 | G39: =F39-E39+1 -> 130 | I39: =SUM(I40:I41) -> 1 | J39: =SUM(J40:J41) -> 1 | K39: =SUM(K40:K41) -> 1 | L39: =SUM(L40:L41) -> 1 | M39: =SUM(M40:M41) -> 1 | N39: =SUM(N40:N41) -> 1 | O39: =SUM(O40:O41) -> 1 | P39: =SUM(P40:P41) -> 1 | ... DA39: =SUM(DA40:DA41) -> 1
B40: Plano de Execução da Obra | E40: 125 | F40: 130 | G40: =F40-E40+1 -> 6 | CU40: ='Memo calc'!$J$1597 -> 2 | CV40: ='Memo calc'!$J$1597 -> 2 | CW40: ='Memo calc'!$J$1597 -> 2 | CX40: ='Memo calc'!$J$1597 -> 2 | CY40: ='Memo calc'!$J$1597 -> 2
B41: Coordenação do Projeto | E41: =E20 -> 1 | F41: 97 | G41: =F41-E41+1 -> 97 | I41: ='Memo calc'!$J$1644 -> 1 | J41: ='Memo calc'!$J$1644 -> 1 | K41: ='Memo calc'!$J$1644 -> 1 | L41: ='Memo calc'!$J$1644 -> 1 | M41: ='Memo calc'!$J$1644 -> 1 | N41: ='Memo calc'!$J$1644 -> 1 | O41: ='Memo calc'!$J$1644 -> 1 | P41: ='Memo calc'!$J$1644 -> 1 | ... DA41: ='Memo calc'!$J$1644 -> 1
B42: LICENCIAMENTO AMBIENTAL | E42: =MIN(E43:F46) -> 195 | F42: =MAX(E43:F46) -> 202 | G42: =F42-E42+1 -> 8 | GU42: 4 | GV42: 4 | GW42: 4 | GX42: 4 | GY42: 5 | GZ42: 1
B43: Proposta Técnica Ambiental (PTA) | E43: ='Crono fisico'!E66 -> 195 | F43: ='Crono fisico'!F66 -> 197 | G43: =F43-E43+1 -> 3 | GU43: ='Memo calc'!$J$1805 -> 4 | GV43: ='Memo calc'!$J$1805 -> 4 | GW43: ='Memo calc'!$J$1805 -> 4
B44: Estudo de Sondagem do Solo (ESS) | E44: ='Crono fisico'!E67 -> 195 | F44: ='Crono fisico'!F67 -> 195 | G44: =F44-E44+1 -> 1
B45: Plano Básico Ambiental (PBA) | E45: ='Crono fisico'!E68 -> 195 | F45: ='Crono fisico'!F68 -> 201 | G45: =F45-E45+1 -> 7 | GU45: ='Memo calc'!$J$1901 -> 4 | GV45: ='Memo calc'!$J$1901 -> 4 | GW45: ='Memo calc'!$J$1901 -> 4 | GX45: ='Memo calc'!$J$1901 -> 4 | GY45: ='Memo calc'!$J$1901 -> 4
B46: Formulário de Atividades de Infraestrutura (IMASUL) | E46: ='Crono fisico'!E69 -> 201 | F46: ='Crono fisico'!F69 -> 202 | G46: =F46-E46+1 -> 2 | GY46: ='Memo calc'!$J$1945 -> 1 | GZ46: ='Memo calc'!$J$1945 -> 1
B47: RELATÓRIO FINAL DO PBZPA | E47: =MIN(E48:F48) -> 117 | F47: =MAX(E48:F48) -> 162 | G47: =F47-E47+1 -> 46 | DU47: ='Memo calc'!$J$1991 -> 2 | DV47: ='Memo calc'!$J$1991 -> 2 | DW47: ='Memo calc'!$J$1991 -> 2 | DX47: ='Memo calc'!$J$1991 -> 2 | DY47: ='Memo calc'!$J$1991 -> 2 | DZ47: ='Memo calc'!$J$1991 -> 2 | EA47: ='Memo calc'!$J$1991 -> 2 | EB47: ='Memo calc'!$J$1991 -> 2 | ... FN47: ='Memo calc'!$J$1991 -> 2
B48: Plano Básico de Zona de Proteção de Aeródromo | E48: ='Crono fisico'!E71 -> 117 | F48: ='Crono fisico'!F71 -> 162 | G48: =F48-E48+1 -> 46 | DU48: ='Memo calc'!$J$1991 -> 2 | DV48: ='Memo calc'!$J$1991 -> 2 | DW48: ='Memo calc'!$J$1991 -> 2 | DX48: ='Memo calc'!$J$1991 -> 2 | DY48: ='Memo calc'!$J$1991 -> 2 | DZ48: ='Memo calc'!$J$1991 -> 2 | EA48: ='Memo calc'!$J$1991 -> 2 | EB48: ='Memo calc'!$J$1991 -> 2 | ... FN48: ='Memo calc'!$J$1991 -> 2
B49: TOTAL | E49: =MIN(E13:F48) -> 1 | F49: =MAX(E13:F48) -> 202 | G49: =F49-E49+1-32-19 -> 151 | I49: =I13+I18+I20+I28+I39 -> 3 | J49: =J13+J18+J20+J28+J39 -> 3 | K49: =K13+K18+K20+K28+K39 -> 6 | L49: =L13+L18+L20+L28+L39 -> 6 | M49: =M13+M18+M20+M28+M39 -> 5 | N49: =N13+N18+N20+N28+N39 -> 5 | O49: =O13+O18+O20+O28+O39 -> 5 | P49: =P13+P18+P20+P28+P39 -> 5 | ... DA49: =DA13+DA18+DA20+DA28+DA39 -> 1 | DU49: =DU13+DU18+DU20+DU28+DU39+DU42+DU47 -> 2 | DV49: =DV13+DV18+DV20+DV28+DV39+DV42+DV47 -> 2 | DW49: =DW13+DW18+DW20+DW28+DW39+DW42+DW47 -> 2 | DX49: =DX13+DX18+DX20+DX28+DX39+DX42+DX47 -> 2 | DY49: =DY13+DY18+DY20+DY28+DY39+DY42+DY47 -> 2 | DZ49: =DZ13+DZ18+DZ20+DZ28+DZ39+DZ42+DZ47 -> 2 | EA49: =EA13+EA18+EA20+EA28+EA39+EA42+EA47 -> 2 | EB49: =EB13+EB18+EB20+EB28+EB39+EB42+EB47 -> 2 | ... FN49: =FN13+FN18+FN20+FN28+FN39+FN42+FN47 -> 2 | GU49: =GU13+GU18+GU20+GU28+GU39+GU42+GU47 -> 4 | GV49: =GV13+GV18+GV20+GV28+GV39+GV42+GV47 -> 4 | GW49: =GW13+GW18+GW20+GW28+GW39+GW42+GW47 -> 4 | GX49: =GX13+GX18+GX20+GX28+GX39+GX42+GX47 -> 4 | GY49: =GY13+GY18+GY20+GY28+GY39+GY42+GY47 -> 5 | GZ49: =GZ13+GZ18+GZ20+GZ28+GZ39+GZ42+GZ47 -> 1
B50: Observações:
B51: (*): Toda mão de obra prevista para esse serviço está disponível no local de sua execução. Por isso, foi considarado apenas a ocupação do escritório (para os profissionais de nível superior e técnico).
B52: Administração de campo - Fase de Projeto Básico | E52: =MIN(E17:F17) -> 3 | F52: =MAX(E17:F17) -> 7.8333333 | G52: =F52-E52+1 -> 5.8333333
E54: máximo | F54: mínimo
E55: =MAX(I49:GZ49) -> 13 | F55: =MIN(I49:GZ49) -> 1

Sheet Histo resid
B5: Objeto: | C5: ='Qd abrang'!C4 -> Contratação de Projeto Executivo de Engenharia para Implantação do Aeródromo no município de Nova Andradina
B6: Município: | C6: ='Qd abrang'!C5 -> Nova Andradina/MS
B7: Local: | C7: ='Qd abrang'!C6 -> Nova Andradina/MS
B8: Extensão: | C8: ='Qd abrang'!C7 -> 1.7 | D8: km (aproximadamente) | E8: Processo: | F8: ='Qd abrang'!N7 -> 79.010.182-2025
B9: Prazo: | C9: ='Qd abrang'!C8 -> 365 | D9: dias | E9: Data-base: | F9: ='Qd abrang'!N8 -> 45748
B11: Histograma de mão de obra: residência
G12: MESES | H12: 1 | AM12: 2 | BQ12: 3 | CU12: 4
B13: DESCRIÇÃO | E13: INÍCIO | F13: TÉRMINO | G13: DURAÇÃO (DIAS) | H13: 0 | I13: 1 | J13: 2 | K13: 3 | L13: 4 | M13: 5 | N13: 6 | O13: 7 | P13: 8 | Q13: 9 | R13: 10 | S13: 11 | T13: 12 | U13: 13 | V13: 14 | W13: 15 | X13: 16 | Y13: 17 | Z13: 18 | AA13: 19 | AB13: 20 | AC13: 21 | AD13: 22 | AE13: 23 | AF13: 24 | AG13: 25 | AH13: 26 | AI13: 27 | AJ13: 28 | AK13: 29 | AL13: 30 | AM13: 31 | AN13: 32 | AO13: 33 | AP13: 34 | AQ13: 35 | AR13: 36 | AS13: 37 | AT13: 38 | AU13: 39 | AV13: 40 | AW13: 41 | AX13: 42 | AY13: 43 | AZ13: 44 | BA13: 45 | BB13: 46 | BC13: 47 | BD13: 48 | BE13: 49 | BF13: 50 | BG13: 51 | BH13: 52 | BI13: 53 | BJ13: 54 | BK13: 55 | BL13: 56 | BM13: 57 | BN13: 58 | BO13: 59 | BP13: 60 | BQ13: 61 | BR13: 62 | BS13: 63 | BT13: 64 | BU13: 65 | BV13: 66 | BW13: 67 | BX13: 68 | BY13: 69 | BZ13: 70 | CA13: 71 | CB13: 72 | CC13: 73 | CD13: 74 | CE13: 75 | CF13: 76 | CG13: 77 | CH13: 78 | CI13: 79 | CJ13: 80 | CK13: 81 | CL13: 82 | CM13: 83 | CN13: 84 | CO13: 85 | CP13: 86 | CQ13: 87 | CR13: 88 | CS13: 89 | CT13: 90 | CU13: 91 | CV13: 92 | CW13: 93 | CX13: 94 | CY13: 95 | CZ13: 96 | DA13: 97 | DB13: 98 | DC13: 99 | DD13: 100 | DE13: 101 | DF13: 102 | DG13: 103 | DH13: 104 | DI13: 105 | DJ13: 106 | DK13: 107 | DL13: 108 | DM13: 109 | DN13: 110 | DO13: 111 | DP13: 112 | DQ13: 113 | DR13: 114 | DS13: 115 | DT13: 116 | DU13: 117 | DV13: 118 | DW13: 119 | DX13: 120
B14: ATIVIDADES EM CAMPO | E14: =E15 -> 3 | F14: =F15 -> 7.8333333 | G14: =G15 -> 5.8333333 | K14: =SUM(K15:K18) -> 5 | L14: =SUM(L15:L18) -> 5 | M14: =SUM(M15:M18) -> 5 | N14: =SUM(N15:N18) -> 5 | O14: =SUM(O15:O18) -> 5 | P14: =SUM(P15:P18) -> 5 | Q14: =SUM(Q15:Q18) -> 3 | R14: =SUM(R15:R18) -> 3 | S14: =SUM(S15:S18) -> 3
B15: Administração de campo | E15: =MIN(E16:F18) -> 3 | F15: =MAX(E18:F18) -> 7.8333333 | G15: =F15-E15+1 -> 5.8333333 | K15: ='Memo calc'!$J$1104 -> 2 | L15: ='Memo calc'!$J$1104 -> 2 | M15: ='Memo calc'!$J$1104 -> 2 | N15: ='Memo calc'!$J$1104 -> 2 | O15: ='Memo calc'!$J$1104 -> 2 | P15: ='Memo calc'!$J$1104 -> 2 | Q15: ='Memo calc'!$J$1104 -> 2 | R15: ='Memo calc'!$J$1104 -> 2 | S15: ='Memo calc'!$J$1104 -> 2
B16: Componente Ambiental do Projeto - Fase Preliminar: investigação de campo | E16: ='Crono fisico'!E17 -> 3 | F16: ='Crono fisico'!F17 -> 5 | G16: =F16-E16+1 -> 3 | K16: ='Memo calc'!$J$96 -> 1 | L16: ='Memo calc'!$J$96 -> 1 | M16: ='Memo calc'!$J$96 -> 1 | N16: ='Memo calc'!$J$96 -> 1 | O16: ='Memo calc'!$J$96 -> 1 | P16: ='Memo calc'!$J$96 -> 1
B17: Estudos Topográficos: serviços de campo | E17: ='Crono fisico'!E23 -> 3 | F17: ='Crono fisico'!F23 -> 6 | G17: =F17-E17+1 -> 4 | K17: ='Memo calc'!$J$348 -> 1 | L17: ='Memo calc'!$J$348 -> 1 | M17: ='Memo calc'!$J$348 -> 1 | N17: ='Memo calc'!$J$348 -> 1 | O17: ='Memo calc'!$J$348 -> 1 | P17: ='Memo calc'!$J$348 -> 1
B18: Estudos geotécnicos: sondagens subleito, cortes, caixas de empréstimo e jazidas de solo | E18: ='Crono fisico'!E31 -> 3 | F18: ='Crono fisico'!F31 -> 7.8333333 | G18: ='Crono fisico'!G31 -> 5.8333333 | K18: ='Memo calc'!$J$903 -> 1 | L18: ='Memo calc'!$J$903 -> 1 | M18: ='Memo calc'!$J$903 -> 1 | N18: ='Memo calc'!$J$903 -> 1 | O18: ='Memo calc'!$J$903 -> 1 | P18: ='Memo calc'!$J$903 -> 1 | Q18: ='Memo calc'!$J$903 -> 1 | R18: ='Memo calc'!$J$903 -> 1 | S18: ='Memo calc'!$J$903 -> 1
B19: Observações:
B20: (*): Toda mão de obra prevista para esse serviço está disponível no local de sua execução. Por isso, foi considarado apenas a ocupação do escritório (para os profissionais de nível técnico).

Sheet Listas
A1: Referência de horas e dias | G1: Velocidades médias de transporte por tipo e condições da via | N1: Decreto Estadual 16.536/2024 | R1: Índice de reajustamento de obras rodoviárias | AN1: Áreas de referência
A2: DESCRIÇÃO | B2: HORAS | C2: DIAS | D2: DIAS CORRIDOS | E2: A/B | G2: TIPO DE VIA | H2: EQUIPAMENTO | I2: CONDIÇÃO DA VIA | J2: VELOCIDADE | K2: UNID. | L2: KM | N2: GRUPO DE CIDADES | O2: DESCRIÇÃO | P2: VALOR (R$) | R2: DESCRIÇÃO | S2: 43344 | T2: 45292 | U2: 45323 | V2: 45352 | W2: 45383 | X2: 45413 | Y2: 45444 | Z2: 45474 | AA2: 45505 | AB2: 45536 | AC2: 45566 | AD2: 45597 | AE2: 45627 | AF2: 45658 | AG2: 45689 | AH2: 45717 | AI2: 45748 | AJ2: 45778 | AK2: 45809 | AL2: 45839 | AN2: DESCRIÇÃO | AO2: ÁREA (m²)
C3: (A) | D3: (B) | G3: Rodovia | H3: Veículos rodoviários | I3: Pavimentada | J3: 60 | K3: km/h | L3: =D18 -> 305 | N3: Campo Grande, Coxim, Dourados, Naviraí, Nova Andradina, Ponta Porã e Três Lagoas. | O3: Diária completa | P3: 250 | R3: Consultoria (Supervisão e Projetos) | S3: 223.666 | T3: 290.267 | U3: 288.772 | V3: 289.857 | W3: 289.583 | X3: 290.572 | Y3: 293.836 | Z3: 295.845 | AA3: 297.481 | AB3: 298.84 | AC3: 299.182 | AD3: 299.315 | AE3: 300.001 | AF3: 302.16 | AG3: 302.831 | AH3: 303.687 | AI3: 303.675 | AJ3: 303.563 | AN3: Escritório (módulo básico) | AO3: 4.5
A4: Mês | B4: 220 | D4: 30 | H4: Veículos rodoviários | I4: Revestimento primário | J4: 50 | K4: km/h | L4: 0 | O4: Diária de alimentação | P4: =P3/2 -> 125 | AN4: Residência, por ocupante | AO4: 12.41
A5: Semana | B5: 44 | C5: 6 | D5: 7 | E5: =D5/C5 -> 1.1666667 | H5: Veículos rodoviários | I5: Terreno natural | J5: 40 | K5: km/h | L5: 0 | O5: Diária de hospedagem | P5: =P4 -> 125 | AN5: Topografia | AO5: 14.77
A6: Dia | B6: =B5/C5 -> 7.3333333 | G6: Ferrovia | H6: Veículos ferroviários | I6: - | J6: 30 | K6: km/h | L6: 0 | N6: Bonito e Corumbá | O6: Diária completa | P6: 300 | AN6: Lab. asfalto | AO6: 11.17
G7: Hidrovia | H7: Rebocadores | I7: - | J7: 10.29 | K7: km/h | L7: 0 | O7: Diária de alimentação | P7: =P6/2 -> 150 | AN7: Lab. concreto | AO7: 11.17
H8: Draga Hopper 750 m³ | I8: - | J8: 15.48 | K8: km/h | L8: 0 | O8: Diária de hospedagem | P8: =P7 -> 150 | AN8: Lab. solos | AO8: 11.17
H9: Draga Hopper 1.000 m³ | I9: - | J9: 18.49 | K9: km/h | L9: 0 | N9: Demais cidades | O9: Diária completa | P9: 200
H10: Draga Hopper 2.000 m³ | I10: - | J10: 20.95 | K10: km/h | L10: 0 | O10: Diária de alimentação | P10: =P9/2 -> 100
H11: Draga Hopper 3.000 m³ | I11: - | J11: 22.49 | K11: km/h | L11: 0 | O11: Diária de hospedagem | P11: =P10 -> 100
H12: Draga Hopper 4.000 m³ | I12: - | J12: 23.49 | K12: km/h | L12: 0
H13: Draga Hopper 5.000 m³ | I13: - | J13: 24.96 | K13: km/h | L13: 0
H14: Draga Hopper 10.000 m³ | I14: - | J14: 28.97 | K14: km/h | L14: 0
H15: Draga Hopper 15.000 m³ | I15: - | J15: 28.97 | K15: km/h | L15: 0
A16: DADOS PARAMETRIZADOS | H16: Draga Hopper 20.000 m³ | I16: - | J16: 28.97 | K16: km/h | L16: 0
C17: Cidade das instalações: | D17: Nova Andradina | H17: Batelão autopropelido 300 m³ | I17: - | J17: 12.69 | K17: km/h | L17: 0
A18: Distância até cidade das instalações (km): | D18: 305 | H18: Batelão autopropelido 500 m³ | I18: - | J18: 12.69 | K18: km/h | L18: 0
C19: Valor da diária completa: | D19: 250 | H19: Embarcação de transporte de pessoal e apoio logístico - 30 Kw | I19: - | J19: 30 | K19: km/h | L19: 0
C20: Data-base do orçamento: | D20: ABRIL/25
A21: Data último índice de reajuste de obra roviária: | D21: ABRIL/25
C22: ="Índice de "&D20&":" -> Índice de ABRIL/25: | D22: =AI3 -> 303.675
C23: ="Índice de "&D21&":" -> Índice de ABRIL/25: | D23: =AI3 -> 303.675
C24: Reajuste: | D24: =ROUND(D22/D23-1, 5) -> 0
C25: Pedágio passeio: | D25: 0
C26: Pedágio 2 eixos: | D26: 36.9
C27: Passagem: | D27: 56.52
C28: Certidão de matrícula: | D28: 0

Sheet Lista MO
A1: CÓDIGO | B1: DESCRIÇÃO | C1: TIPO | D1: UNID. | E1: CUSTO UNID. (R$) | H1: Tabela de Preços de Consultoria - mês de referência: ABRIL de 2025
A2: P8001 | B2: Advogado júnior | C2: S | D2: mês | E2: 9952.44
A3: P8002 | B3: Advogado pleno | C3: S | D3: mês | E3: 12906.23 | H3: P9811, P9848, P9948, P9880 - Atualizado pelo Relatório Sintético de Mão de Obra - ABRIL DE 2025
A4: P8003 | B4: Advogado sênior | C4: S | D4: mês | E4: 22777.35
A5: P8007 | B5: Analista de desenvolvimento de sistemas júnior | C5: S | D5: mês | E5: 8698.95
A6: P8008 | B6: Analista de desenvolvimento de sistemas pleno | C6: S | D6: mês | E6: 11243.87
A7: P8009 | B7: Analista de desenvolvimento de sistemas sênior | C7: S | D7: mês | E7: 19188.41
A8: P8013 | B8: Arquiteto júnior | C8: S | D8: mês | E8: 24242.71
A9: P8014 | B9: Arquiteto pleno | C9: S | D9: mês | E9: 27490.05
A10: P8015 | B10: Arquiteto sênior | C10: S | D10: mês | E10: 30737.39
A11: P8019 | B11: Assistente social júnior | C11: S | D11: mês | E11: 7196.53
A12: P8020 | B12: Assistente social pleno | C12: S | D12: mês | E12: 9168.44
A13: P8021 | B13: Assistente social sênior | C13: S | D13: mês | E13: 14744.81
A14: P8025 | B14: Auxiliar | C14: A | D14: mês | E14: 4276.41
A15: P8026 | B15: Auxiliar administrativo | C15: A | D15: mês | E15: 4681.69
... A100: P9848 | B100: Desenhista | C100: T | D100: mês | E100: 7821.6816
A101: P8159 | B101: Técnico em informática - programador | C101: T | D101: mês | E101: -
A102: P8264 | B102: Motorista de veículo leve - horista | C102: A | D102: h | E102: 27.61
A103: P9948 | B103: Motorista de veículo leve - mensalista | C103: A | D103: mês | E103: 5581.4791
A104: Fonte: FGV IBRE

Sheet Lista veiculo+equip+mat
A1: SICRO | B1: CÓDIGO | C1: DESCRIÇÃO | D1: TIPO | E1: CUSTO PRODUTIVO (R$/h) | F1: CUSTO IMPRODUTIVO (R$/h) | G1: HORAS PRODUTIVAS (h/mês) | H1: HORAS IMPRODUTIVAS (h/mês) | I1: CUSTO PRODUTIVO (R$/mês) | J1: CUSTO IMPRODUTIVO (R$/mês) | K1: CUSTO TOTAL (R$/mês)
A2: DNIT | B2: E8889 | C2: Veículo leve - 53 kW (sem motorista) | D2: V | E2: 36.69 | F2: 6.57 | G2: 66 | H2: 116.49 | I2: =ROUND(E2*G2,4) -> 2421.54 | J2: =ROUND(F2*H2,4) -> 765.3393 | K2: =I2+J2 -> 3186.8793
A3: DNIT | B3: E8891 | C3: Veículo leve picape 4 x 4 com capacidade de 1,10 t - 147 kW (sem motorista) | D3: V | E3: 79.6 | F3: 22.89 | G3: 66 | H3: 116.49 | I3: =ROUND(E3*G3,4) -> 5253.6 | J3: =ROUND(F3*H3,4) -> 2666.4561 | K3: =I3+J3 -> 7920.0561
A4: DNIT | B4: E8887 | C4: Veículo tipo van furgão com capacidade de 1,38 t - 100 kW (com motorista) | D4: V | E4: 83.96 | F4: 44.82 | G4: 66 | H4: 116.49 | I4: =ROUND(E4*G4,4) -> 5541.36 | J4: =ROUND(F4*H4,4) -> 5221.0818 | K4: =I4+J4 -> 10762.442
A5: SICRO | B5: E9508 | C5: Caminhão carroceria com capacidade de 9 t - 136 kW | D5: E | E5: 184.5656 | F5: 69.557 | G5: 66 | H5: 116.49 | I5: =ROUND(E5*G5,4) -> 12181.33 | J5: =ROUND(F5*H5,4) -> 8102.6949 | K5: =I5+J5 -> 20284.024
A6: SICRO | B6: E9014 | C6: Deflectômetro de impacto (FWD) instalado em picape com reboque e faixa de carga de 7 a 120 kN - 147 kW | D6: E | E6: 372.3327 | F6: 259.245 | G6: 66 | H6: 116.49 | I6: =ROUND(E6*G6,4) -> 24573.958 | J6: =ROUND(F6*H6,4) -> 30199.45 | K6: =I6+J6 -> 54773.408
A7: SICRO | B7: E9562 | C7: GPS geodésico de dupla frequência (L1/L2) | D7: E | E7: 17.8013 | F7: 11.808 | G7: 66 | H7: 116.49 | I7: =ROUND(E7*G7,4) -> 1174.8858 | J7: =ROUND(F7*H7,4) -> 1375.5139 | K7: =I7+J7 -> 2550.3997
A8: SICRO materiais | B8: M0047 | C8: Cone de sinalização em polietileno - H = 75 cm e base quadrada de 40 x 40 cm | D8: M | E8: 93.3995 | F8: 0 | G8: 0 | H8: 116.49 | I8: =ROUND(E8*G8,4) -> 0 | J8: =ROUND(F8*H8,4) -> 0 | K8: =E8 -> 93.3995
B9: CP001 | C9: Equipamento para o VDR | D9: E
C12: Tabela de Preços de Consultoria - mês de referência: ABRIL de 2025
C14: E9508, E9014, E9562 e M0047 - Atualizado pelo Relatório de Sintético de Equipamento e Materiais - ABRIL DE 2025

Sheet Imóveis-Mobiliários-Cestas-Dive
B1: Custos de imóveis, mobiliário, cestas de instalações e custos diversos | H1: RELATÓRIO DE CONSOLIDAÇÃO DE CUSTOS GERAIS - mês de referência: ABRIL de 2025
A2: Banco | B2: Codigo | C2: Item | D2: Tipo | E2: Unidade | F2: Custo_Unitário | H2: Tabela de Preços de Consultoria
A3: DNIT | B3: B8951 | C3: Imóveis | D3: Comercial (2,55% do CMCC - SINAPI) | E3: m² x mês | F3: 49.4 | H3: Tabela 2 - Custos de imóveis, mobiliário, cestas de instalações e custos diversos
A4: DNIT | B4: B8952 | C4: Imóveis | D4: Residencial (2,45% do CMCC - SINAPI) | E4: m² x mês | F4: 47.46
A5: DNIT | B5: B8953 | C5: Mobiliário | D5: Escritório | E5: ocupante x mês | F5: 467.45
A6: DNIT | B6: B8954 | C6: Mobiliário | D6: Residência | E6: ocupante x mês | F6: 42.11
A7: DNIT | B7: B8955 | C7: Cesta das Instalações | D7: Laboratório de asfalto | E7: mês | F7: 5952.38
A8: DNIT | B8: B8956 | C8: Cesta das Instalações | D8: Laboratório de concreto | E8: mês | F8: 4642.56
A9: DNIT | B9: B8957 | C9: Cesta das Instalações | D9: Laboratório de solos | E9: mês | F9: 3520.5
A10: DNIT | B10: B8958 | C10: Cesta das Instalações | D10: Topografia | E10: mês | F10: 5150.27
A11: DNIT | B11: B8961 | C11: Cesta das Instalações | D11: Topografia por VANT | E11: mês | F11: 866.31
A12: DNIT | B12: B8959 | C12: Custos Diversos | D12: Escritório | E12: ocupante x mês | F12: 137.55
A13: DNIT | B13: B8960 | C13: Custos Diversos | D13: Residência | E13: ocupante x mês | F13: 204.08
A14: Fonte: FGV IBRE

Sheet BDI
A1: Planilha de Cálculo Exemplificativa para o BDI na Tabela de Preços de Consultoria | G1: Tabela de Preços de Consultoria - mês de referência: MAIO de 2025
A2: Descrição das Parcelas | C2: Valores | G2: Ofício-Circular nº 4706/2025 (SEI DNIT nº 21705904)
A3: Despesas Indiretas | C3: % sobre PV | D3: % sobre CD | G3: Tabela 1 - Benefícios e Despesas Indiretas
A4: Administração Central | B4: Variável - f (CD) | C4: =D4/(1+D$17/100) -> 6.8913238 | D4: 10
A5: Despesas Financeiras | B5: 1.15 | C5: =1.07 -> 1.07 | D5: 1.56
A6: Riscos | B6: 0,50% do PV | C6: 0.5 | D6: =C6*(1+D$17/100) -> 0.72555
A7: Seguros e Garantias Contratuais | B7: 0,10% do PV | C7: 0.1 | D7: =C7*(1+D$17/100) -> 0.14511
B8: Subtotal 1 | C8: =SUM(C4:C7) -> 8.5613238 | D8: =SUM(D4:D7) -> 12.43066
A9: Benefícios | C9: % sobre PV | D9: % sobre CD
A10: Lucro | B10: Variável - f (CD) | C10: =D10/(1+D$17/100) -> 8.2695886 | D10: 12
B11: Subtotal 2 | C11: =C10 -> 8.2695886 | D11: =D10 -> 12
A12: Tributos | C12: % sobre PV | D12: % sobre CD
A13: PIS | B13: 1,65% do PV | C13: 1.65 | D13: =C13*(1+D$17/100) -> 2.394315
A14: COFINS | B14: 7,60% do PV | C14: 7.6 | D14: =C14*(1+D$17/100) -> 11.02836
A15: ISSQN* | B15: 5,00% do PV | C15: 5 | D15: =C15*(1+D$17/100) -> 7.2555
B16: Subtotal 3 | C16: =SUM(C13:C15) -> 14.25 | D16: 20.68
A17: Total - BDI (%) | C17: =C8+C11+C16 -> 31.080912 | D17: 45.11
A18: Observação: (*) Limite máximo adotado de 5%, valor variável em função da legislação de cada município. As empresas licitantes deverão adotar as alíquotas pertinentes.

Sheet Sudecap
A1: CÓDIGO | B1: ORIGEM | C1: DESCRIÇÃO | D1: UNIDADE | E1: CUSTO TOTAL (R$/m) | F1: DATA-BASE DA REFERÊNCIA | G1: DATA-BASE DO ORÇAMENTO | H1: IND. REAJUST. REF. (DNIT - CONSULTORIA) | I1: IND. REAJUST. ORÇ. (DNIT - CONSULTORIA) | J1: IND. REAJUST. | K1: CUSTO REAJUSTADO (R$/m)
A2: 65 | B2: SUDECAP | C2: INVESTIGAÇÕES GEOTÉCNICAS
A3: 65.01 | B3: SUDECAP | C3: Sondagem a percussão D= 2 1/2" (SPT)
A4: 65.01.01 | B4: SUDECAP | C4: MOBILIZAÇÃO, INST. E DESMOBILIZAÇÃO P/EXECUÇÃO DE SONDAGEM À PERCUSSÃO (NBR 6484:2020) | D4: un | E4: 1500 | F4: 45748 | G4: 45839 | H4: =Listas!$AI$3 -> 303.675 | I4: =Listas!$AJ$3 -> 303.563 | J4: =ROUND(I4/H4-1, 5) -> -0.00037 | K4: =ROUND(E4*(1+J4),2) -> 1499.45
A5: 65.01.02 | B5: SUDECAP | C5: PERFURAÇÃO DE SOLO SONDAGEM À PERCUSSÃO (NBR 6484:2020) | D5: m | E5: 95 | F5: 45748 | G5: 45839 | H5: =Listas!$AI$3 -> 303.675 | I5: =Listas!$AJ$3 -> 303.563 | J5: =ROUND(I5/H5-1, 5) -> -0.00037 | K5: =ROUND(E5*(1+J5),2) -> 94.96
A6: 65.01.03 | B6: SUDECAP | C6: DESMONTAGEM, TRANSPORTE E MONTAGEM DE EQUIPAMENTOS DE SONDAGEM A PERCUSSÃO POR FURO | D6: un | E6: 300 | F6: 45748 | G6: 45839 | H6: =Listas!$AI$3 -> 303.675 | I6: =Listas!$AJ$3 -> 303.563 | J6: =ROUND(I6/H6-1, 5) -> -0.00037 | K6: =ROUND(E6*(1+J6),2) -> 299.89
A7: 95.02 | B7: SUDECAP | C7: Sondagem a trado D= 20 CM
A8: 65.02.01 | B8: SUDECAP | C8: Mobilização de equipamentos de sondagem a trado (NBR 9603:2015) DN 20CM | D8: un | E8: 500 | F8: 45748 | G8: 45839 | H8: =Listas!$AI$3 -> 303.675 | I8: =Listas!$AJ$3 -> 303.563 | J8: =ROUND(I8/H8-1, 5) -> -0.00037 | K8: =ROUND(E8*(1+J8),2) -> 499.82
A9: 65.02.02 | B9: SUDECAP | C9: Perfuração de solo sondagem a trado (NBR 9603:2015) DN 20CM | D9: m | E9: 75 | F9: 45748 | G9: 45839 | H9: =Listas!$AI$3 -> 303.675 | I9: =Listas!$AJ$3 -> 303.563 | J9: =ROUND(I9/H9-1, 5) -> -0.00037 | K9: =ROUND(E9*(1+J9),2) -> 74.97
A10: 95.03 | B10: SUDECAP | C10: Sondagem (Outras)
A11: 65.03.02 | B11: SUDECAP | C11: SONDAGEM DE SOLO COM UTILIZAÇÃO DE PA E PICARETA | D11: m | E11: 150 | F11: 45748 | G11: 45839 | H11: =Listas!$AI$3 -> 303.675 | I11: =Listas!$AJ$3 -> 303.563 | J11: =ROUND(I11/H11-1, 5) -> -0.00037 | K11: =ROUND(E11*(1+J11),2) -> 149.94
A12: 95.06 | B12: SUDECAP | C12: Sondagem rotativa D= NW
A13: 65.06.01 | B13: SUDECAP | C13: MOBILIZACAO E DESMOBILIZACAO - SONDAGEM ROTATIVA NW | D13: un | E13: 3000 | F13: 45748 | G13: 45839 | H13: =Listas!$AI$3 -> 303.675 | I13: =Listas!$AJ$3 -> 303.563 | J13: =ROUND(I13/H13-1, 5) -> -0.00037 | K13: =ROUND(E13*(1+J13),2) -> 2998.89
A14: 65.06.02 | B14: SUDECAP | C14: INSTALACAO DE SONDAGEM ROTATIVA NW POR FURO | D14: un | E14: 600 | F14: 45748 | G14: 45839 | H14: =Listas!$AI$3 -> 303.675 | I14: =Listas!$AJ$3 -> 303.563 | J14: =ROUND(I14/H14-1, 5) -> -0.00037 | K14: =ROUND(E14*(1+J14),2) -> 599.78
A15: 65.06.03 | B15: SUDECAP | C15: PERFURACAO EM SOLO COM SONDAGEM ROTATIVA NW | D15: m | E15: 220 | F15: 45748 | G15: 45839 | H15: =Listas!$AI$3 -> 303.675 | I15: =Listas!$AJ$3 -> 303.563 | J15: =ROUND(I15/H15-1, 5) -> -0.00037 | K15: =ROUND(E15*(1+J15),2) -> 219.92
A16: 65.06.04 | B16: SUDECAP | C16: PERFURACAO COM COROA DE WIDIA SONDAGEM ROTATIVA NW | D16: m | E16: 220 | F16: 45748 | G16: 45839 | H16: =Listas!$AI$3 -> 303.675 | I16: =Listas!$AJ$3 -> 303.563 | J16: =ROUND(I16/H16-1, 5) -> -0.00037 | K16: =ROUND(E16*(1+J16),2) -> 219.92
A17: 65.06.05 | B17: SUDECAP | C17: PERFURACAO COM COROA DIAMANTADA SONDAGEM ROTATIVA NW | D17: m | E17: 519 | F17: 45748 | G17: 45839
A18: 65.08 | B18: SUDECAP | C18: RETIRADA DE AMOSTRA INDEFORMADA
A19: 65.08.21 | B19: SUDECAP | C19: RETIRADA DE AMOSTRA INDEFORMADA EM BLOCOS 30X30X30CM (NBR 9604:2016), PROF = 2 A 3 M | D19: UN | E19: 2200 | F19: 45748 | G19: 45839 | H19: =Listas!$AI$3 -> 303.675 | I19: =Listas!$AJ$3 -> 303.563 | J19: =ROUND(I19/H19-1, 5) -> -0.00037 | K19: =ROUND(E19*(1+J19),2) -> 2199.19
A20: 65.08.22 | B20: SUDECAP | C20: RETIRADA DE AMOSTRA INDEFORMADA EM BLOCOS 30X30X30CM (NBR 9604:2016), PROF = 1 A 2 M | D20: UN | E20: 1800 | F20: 45748 | G20: 45839 | H20: =Listas!$AI$3 -> 303.675 | I20: =Listas!$AJ$3 -> 303.563 | J20: =ROUND(I20/H20-1, 5) -> -0.00037 | K20: =ROUND(E20*(1+J20),2) -> 1799.33
A21: 65.08.23 | B21: SUDECAP | C21: RETIRADA DE AMOSTRA INDEFORMADA EM BLOCOS 30X30X30CM (NBR 9604:2016), PROF ATÉ 1 M | D21: UN | E21: 900 | F21: 45748 | G21: 45839 | H21: =Listas!$AI$3 -> 303.675 | I21: =Listas!$AJ$3 -> 303.563 | J21: =ROUND(I21/H21-1, 5) -> -0.00037 | K21: =ROUND(E21*(1+J21),2) -> 899.67
A22: 67 | B22: SUDECAP | C22: ENSAIOS DE SOLO E AGREGADO
A23: 67.01 | B23: SUDECAP | C23: Ensaio de solo
A24: 67.01.01 | B24: SUDECAP | C24: DETERMINAÇÃO DO TEOR DE UMIDADE DE SOLOS EM LABORATORIO (NBR 6457:2016 ANEXO A) | D24: UN | E24: 30 | F24: 45748 | G24: 45839 | H24: =Listas!$AI$3 -> 303.675 | I24: =Listas!$AJ$3 -> 303.563 | J24: =ROUND(I24/H24-1, 5) -> -0.00037 | K24: =ROUND(E24*(1+J24),2) -> 29.99
A25: 67.01.03 | B25: SUDECAP | C25: MASSA ESPECÍFICA, MASSA ESPECÍFICA APARENTE E ABSORÇÃO DE ÁGUA (NBR 6458:2016) | D25: UN | E25: 246.58 | F25: 45748 | G25: 45839 | H25: =Listas!$AI$3 -> 303.675 | I25: =Listas!$AJ$3 -> 303.563 | J25: =ROUND(I25/H25-1, 5) -> -0.00037 | K25: =ROUND(E25*(1+J25),2) -> 246.49
A26: 67.01.04 | B26: SUDECAP | C26: ANÁLISE GRANULOMETRICA DE SOLOS POR PENEIRAMENTO (NBR 7181:2016) | D26: UN | E26: 117.7 | F26: 45748 | G26: 45839 | H26: =Listas!$AI$3 -> 303.675 | I26: =Listas!$AJ$3 -> 303.563 | J26: =ROUND(I26/H26-1, 5) -> -0.00037 | K26: =ROUND(E26*(1+J26),2) -> 117.66
A27: 67.01.05 | B27: SUDECAP | C27: ANÁLISE GRANULOMETRICA DE SOLOS POR PENEIRAMENTO E SEDIMENTAÇÃO (NBR 7181:2016) | D27: UN | E27: 150 | F27: 45748 | G27: 45839 | H27: =Listas!$AI$3 -> 303.675 | I27: =Listas!$AJ$3 -> 303.563 | J27: =ROUND(I27/H27-1, 5) -> -0.00037 | K27: =ROUND(E27*(1+J27),2) -> 149.94
A28: 67.01.06 | B28: SUDECAP | C28: DETERMINAÇÃO DO LIMITE DE LIQUIDEZ DE SOLOS (NBR 6459:2017) | D28: UN | E28: 150 | F28: 45748 | G28: 45839 | H28: =Listas!$AI$3 -> 303.675 | I28: =Listas!$AJ$3 -> 303.563 | J28: =ROUND(I28/H28-1, 5) -> -0.00037 | K28: =ROUND(E28*(1+J28),2) -> 149.94
A29: 67.01.07 | B29: SUDECAP | C29: DETERMINAÇÃO DO LIMITE DE PLASTICIDADE DE SOLOS (NBR 7180:2016) | D29: UN | E29: 150 | F29: 45748 | G29: 45839 | H29: =Listas!$AI$3 -> 303.675 | I29: =Listas!$AJ$3 -> 303.563 | J29: =ROUND(I29/H29-1, 5) -> -0.00037 | K29: =ROUND(E29*(1+J29),2) -> 149.94
A30: 67.01.08 | B30: SUDECAP | C30: DETERMINAÇÃO DOS FATORES DE CONTRAÇÃO DE SOLOS (DNER-ME 087/94) | D30: UN | E30: 250 | F30: 45748 | G30: 45839 | H30: =Listas!$AI$3 -> 303.675 | I30: =Listas!$AJ$3 -> 303.563 | J30: =ROUND(I30/H30-1, 5) -> -0.00037 | K30: =ROUND(E30*(1+J30),2) -> 249.91
A31: 67.01.09 | B31: SUDECAP | C31: COMPACTAÇÃO DO SOLO ENERGIA PROCTOR NORMAL (NBR 7182:2020) COM 05 CORPOS DE PROVA | D31: UN | E31: 200 | F31: 45748 | G31: 45839 | H31: =Listas!$AI$3 -> 303.675 | I31: =Listas!$AJ$3 -> 303.563 | J31: =ROUND(I31/H31-1, 5) -> -0.00037 | K31: =ROUND(E31*(1+J31),2) -> 199.93
A32: 67.01.10 | B32: SUDECAP | C32: COMPACTAÇÃO DO SOLO ENERGIA PROCTOR INTERMEDIÁRIO (NBR 7182:2020) COM 05 CORPOS DE PROVA | D32: UN | E32: 200 | F32: 45748 | G32: 45839 | H32: =Listas!$AI$3 -> 303.675 | I32: =Listas!$AJ$3 -> 303.563 | J32: =ROUND(I32/H32-1, 5) -> -0.00037 | K32: =ROUND(E32*(1+J32),2) -> 199.93
A33: 67.01.11 | B33: SUDECAP | C33: COMPACTAÇÃO DO SOLO ENERGIA PROCTOR MODIFICADO (NBR 7182:2020) COM 05 CORPOS DE PROVA | D33: UN | E33: 320 | F33: 45748 | G33: 45839 | H33: =Listas!$AI$3 -> 303.675 | I33: =Listas!$AJ$3 -> 303.563 | J33: =ROUND(I33/H33-1, 5) -> -0.00037 | K33: =ROUND(E33*(1+J33),2) -> 319.88
A34: 67.01.12 | B34: SUDECAP | C34: ÍNDICE DE SUPORTE CALIFÓRNIA DE SOLOS (ISC/CBR) C/1 CP (DNIT 172/016-ME / NBR 9895:2017) | D34: UN | E34: 156.4 | F34: 45748 | G34: 45839 | H34: =Listas!$AI$3 -> 303.675 | I34: =Listas!$AJ$3 -> 303.563 | J34: =ROUND(I34/H34-1, 5) -> -0.00037 | K34: =ROUND(E34*(1+J34),2) -> 156.34
A35: 67.01.13 | B35: SUDECAP | C35: ÍNDICE DE SUPORTE CALIFÓRNIA DE SOLOS (ISC/CBR) C/3 CP (DNIT 172/016-ME / NBR 9895:2017) | D35: UN | E35: 310 | F35: 45748 | G35: 45839 | H35: =Listas!$AI$3 -> 303.675 | I35: =Listas!$AJ$3 -> 303.563 | J35: =ROUND(I35/H35-1, 5) -> -0.00037 | K35: =ROUND(E35*(1+J35),2) -> 309.89
... A55: 67.01.36 | B55: SUDECAP | C55: ENSAIO DE SOLO - CISALHAMENTO DIRETO LENTO SATURADO MÍNIMO 3 CORPOS DE PROVA | D55: UN | E55: 4200 | F55: 45748 | G55: 45839 | H55: =Listas!$AI$3 -> 303.675 | I55: =Listas!$AJ$3 -> 303.563 | J55: =ROUND(I55/H55-1, 5) -> -0.00037 | K55: =ROUND(E55*(1+J55),2) -> 4198.45

Sheet Curva ABC Serviços
B5: Objeto: | C5: =Sumario!C5 -> Contratação de Projeto Executivo de Engenharia para Implantação do Aeródromo no município de Nova Andradina
B6: Município: | C6: =Sumario!C6 -> Nova Andradina/MS
B7: Local: | C7: =Sumario!C7 -> Nova Andradina/MS
B8: Extensão: | C8: =Sumario!C8 -> 1.7 | D8: km (aproximadamente) Largura: 23 m | F8: Processo: | G8: =Sumario!J8 -> 79.010.182-2025
B9: Prazo: | C9: =Sumario!C9 -> 365 | D9: dias | F9: Data-base: | G9: =Sumario!J9 -> 45748
B10: BDI: | C10: =Orcamento!C10 -> 0.4511
B12: Curva ABC de serviços
B14: ITEM | C14: DESCRIÇÃO | E14: CUSTO DIRETO (R$) | F14: PREÇO DE VENDA (R$) | G14: %
E15: a | F15: b=a*(1+BDI)
B16: 5.1.1 | C16: Plano Básico de Zona de Proteção de Aeródromo - PBZPA | E16: =Orcamento!E60 -> 43660.96 | F16: =Orcamento!F60 -> 63356.419 | G16: =F16/$F$51 -> 0.16163643
B17: 1.1.7 | C17: Avaliação estrutural do pavimento existente | E17: =Orcamento!E24 -> 20165.49 | F17: =Orcamento!F24 -> 29262.14 | G17: =F17/$F$51 -> 0.074654279
B18: 2.1.1 | C18: Estudos Geotécnicos - Fase de Projeto Básico | E18: =Orcamento!E27 -> 21455.69 | F18: =Orcamento!F27 -> 31134.35 | G18: =F18/$F$51 -> 0.079430707
B19: 4.1.3 | C19: Plano Básico Ambiental (PBA) | E19: =Orcamento!E56 -> 20233.35 | F19: =Orcamento!F56 -> 29360.61 | G19: =F19/$F$51 -> 0.074905498
B20: 3.1.1 | C20: Estudos Geotécnicos - Fase de Projeto Executivo | E20: =Orcamento!E40 -> 15588.14 | F20: =Orcamento!F40 -> 22619.94 | G20: =F20/$F$51 -> 0.057708538
B21: 1.1.6 | C21: Estudos Topográficos | E21: =Orcamento!E23 -> 12904.87 | F21: =Orcamento!F23 -> 18726.25 | G21: =F21/$F$51 -> 0.047774862
B22: 3.1.12 | C22: Plano de Execução da Obra | E22: =Orcamento!E51 -> 11412.89 | F22: =Orcamento!F51 -> 16561.24 | G22: =F22/$F$51 -> 0.042251436
B23: 2.1.4 | C23: Projeto Básico de Terraplenagem | E23: =Orcamento!E30 -> 10227.07 | F23: =Orcamento!F30 -> 14840.5 | G23: =F23/$F$51 -> 0.037861443
B24: 2.1.5 | C24: Projeto Básico de Drenagem e Obras de Arte Correntes | E24: =Orcamento!E31 -> 10227.07 | F24: =Orcamento!F31 -> 14840.5 | G24: =F24/$F$51 -> 0.037861443
B25: 1.1.2 | C25: Componente Ambiental do Projeto - Fase Preliminar | E25: =Orcamento!E19 -> 7985.33 | F25: =Orcamento!F19 -> 11587.51 | G25: =F25/$F$51 -> 0.029562336
B26: 4.1.1 | C26: Proposta Técnica Ambiental (PTA) | E26: =Orcamento!E54 -> 7953.95 | F26: =Orcamento!F54 -> 11541.97 | G26: =F26/$F$51 -> 0.029446153
B27: 3.1.4 | C27: Projeto de Terraplenagem | E27: =Orcamento!E43 -> 6818.05 | F27: =Orcamento!F43 -> 9893.67 | G27: =F27/$F$51 -> 0.02524097
B28: 3.1.5 | C28: Projeto de Drenagem e Obras de Arte Correntes | E28: =Orcamento!E44 -> 6818.05 | F28: =Orcamento!F44 -> 9893.67 | G28: =F28/$F$51 -> 0.02524097
B29: 2.1.6 | C29: Projeto Básico de Pavimentação | E29: =Orcamento!E32 -> 6316.71 | F29: =Orcamento!F32 -> 9166.17 | G29: =F29/$F$51 -> 0.023384955
B30: 2.1.8 | C30: Projeto Básico de Obras Complementares | E30: =Orcamento!E34 -> 5545.53 | F30: =Orcamento!F34 -> 8047.11 | G30: =F30/$F$51 -> 0.020529982
B31: 3.1.3 | C31: Projeto Geométrico | E31: =Orcamento!E42 -> 5263.93 | F31: =Orcamento!F42 -> 7638.48 | G31: =F31/$F$51 -> 0.019487475
B32: 2.1.3 | C32: Projeto Geométrico Básico | E32: =Orcamento!E29 -> 5263.92 | F32: =Orcamento!F29 -> 7638.47 | G32: =F32/$F$51 -> 0.019487449
B33: 2.1.7 | C33: Projeto Básico de Sinalização | E33: =Orcamento!E33 -> 4912.99 | F33: =Orcamento!F33 -> 7129.23 | G33: =F33/$F$51 -> 0.018188264
B34: 2.1.11 | C34: Orçamento Básico da Obra | E34: =Orcamento!E37 -> 4519.49 | F34: =Orcamento!F37 -> 6558.23 | G34: =F34/$F$51 -> 0.016731515
B35: 3.1.6 | C35: Projeto de Pavimentação | E35: =Orcamento!E45 -> 4211.14 | F35: =Orcamento!F45 -> 6110.78 | G35: =F35/$F$51 -> 0.01558997
B36: 1.1.3 | C36: Estudos Geológicos | E36: =Orcamento!E20 -> 4185.32 | F36: =Orcamento!F20 -> 6073.31 | G36: =F36/$F$51 -> 0.015494375
B37: 3.1.8 | C37: Projeto de Obras Complementares | E37: =Orcamento!E47 -> 3697.03 | F37: =Orcamento!F47 -> 5364.76 | G37: =F37/$F$51 -> 0.013686705
B38: 2.1.2 | C38: Componente Ambiental do Projeto - Fase de Projeto Básico | E38: =Orcamento!E28 -> 3194.13 | F38: =Orcamento!F28 -> 4635 | G38: =F38/$F$51 -> 0.011824924
B39: 3.1.7 | C39: Projeto de Sinalização | E39: =Orcamento!E46 -> 3275.33 | F39: =Orcamento!F46 -> 4752.83 | G39: =F39/$F$51 -> 0.012125535
B40: 3.1.2 | C40: Componente Ambiental do Projeto - Fase de Projeto Executivo | E40: =Orcamento!E41 -> 3194.15 | F40: =Orcamento!F41 -> 4635.03 | G40: =F40/$F$51 -> 0.011825001
B41: 3.1.11 | C41: Orçamento da Obra | E41: =Orcamento!E50 -> 3013 | F41: =Orcamento!F50 -> 4372.16 | G41: =F41/$F$51 -> 0.01115436
B42: 2.1.9 | C42: Projeto Básico do Canteiro de Obras e Acampamento do Pessoal | E42: =Orcamento!E35 -> 2807.41 | F42: =Orcamento!F35 -> 4073.83 | G42: =F42/$F$51 -> 0.010393254
B43: 1.1.5 | C43: Estudos de Traçado | E43: =Orcamento!E22 -> 2339.51 | F43: =Orcamento!F22 -> 3394.86 | G43: =F43/$F$51 -> 0.0086610489
B44: 1.1.1 | C44: Coleta e análise dos dados existentes | E44: =Orcamento!E18 -> 2282.88 | F44: =Orcamento!F18 -> 3312.68 | G44: =F44/$F$51 -> 0.0084513893
B45: 4.1.2 | C45: Estudo de Sondagem do Solo (ESS) | E45: =Orcamento!E55 -> 2246.58 | F45: =Orcamento!F55 -> 3260.01 | G45: =F45/$F$51 -> 0.0083170164
B46: 1.1.4 | C46: Estudos Hidrológicos | E46: =Orcamento!E21 -> 2235.25 | F46: =Orcamento!F21 -> 3243.57 | G46: =F46/$F$51 -> 0.0082750742
B47: 4.1.3 | C47: Formulário de Atividades de Infraestrutura (IMASUL) | E47: =Orcamento!E57 -> 1935.02 | F47: =Orcamento!F57 -> 2807.9 | G47: =F47/$F$51 -> 0.0071635824
B48: 3.1.9 | C48: Projeto do Canteiro de Obras e Acampamento do Pessoal | E48: =Orcamento!E48 -> 1871.61 | F48: =Orcamento!F48 -> 2715.89 | G48: =F48/$F$51 -> 0.0069288443
B49: 2.1.10 | C49: Projeto Básico de Regulazição de Jazidas | E49: =Orcamento!E36 -> 1413.94 | F49: =Orcamento!F36 -> 2051.76 | G49: =F49/$F$51 -> 0.0052344997
B50: 3.1.10 | C50: Projeto de Regularização de Jazidas | E50: =Orcamento!E49 -> 942.64 | F50: =Orcamento!F49 -> 1367.86 | G50: =F50/$F$51 -> 0.0034897175
D51: TOTAL | E51: =Orcamento!E61 -> 270118.42 | F51: =Orcamento!F61 -> 391968.69 | G51: =SUM(G16:G50) -> 1
B53: i) Conforme Memorando Circular nº 687/2018/DIREX/DNIT SEDE, em função da pouca relevância na formação dos custos totais dos contratos de engenharia consultiva, os serviços gráficos não são detalhados como itens de planilha nos orçamentos. Este fato não exime a CONTRATADA de realizar os serviços gráficos necessarios ao andamento dos trabalhos.
F56: 315187.82

Sheet Curva ABC MO
B4: Objeto: | C4: ='Qd abrang'!C4 -> Contratação de Projeto Executivo de Engenharia para Implantação do Aeródromo no município de Nova Andradina
B5: Município: | C5: ='Qd abrang'!C5 -> Nova Andradina/MS
B6: Local:
B7: Extensão: | C7: ='Qd abrang'!C7 -> 1.7 | D7: km Largura: 23 m | K7: Processo: | L7: ='Qd abrang'!N7 -> 79.010.182-2025
B8: Prazo: | C8: ='Qd abrang'!C8 -> 365 | K8: Data-base: | L8: ='Qd abrang'!N8 -> 45748
B10: Curva ABC de mão de obra
B12: CÓDIGO | C12: DESCRIÇÃO | D12: TIPO DE M.O. | E12: QUANT. EQUIPE | F12: PESSOAS/ EQUIPE | G12: HORAS/ DIA | H12: DIAS TRABALHADOS | I12: TOTAL DE HORAS | J12: PESSOAS/ MÊS | K12: CUSTO MENSAL (R$) | L12: TOTAL COM BDI (R$) | M12: %
E13: b | F13: c | G13: d | H13: e | I13: (h) | J13: g=f/220 | L13: BDI (45,11%)
B14: ='Memo calc'!B1635 -> P8061 | C14: =IFERROR(VLOOKUP(B14,MO_Matriz,2,0),"") -> Engenheiro coordenador | D14: =IFERROR(VLOOKUP(B14,MO_Matriz,3,0),"") -> S | E14: ='Memo calc'!H1635 -> 1 | F14: ='Memo calc'!I1635 -> 1 | G14: ='Memo calc'!K1635 -> 3.6666667 | H14: ='Memo calc'!M1635+'Memo calc'!M1081 -> 136.42857 | I14: =SUMIF(MO!$B$15:$B$120,"P8061",MO!$J$15:$J$120) -> 525.90476 | J14: =I14/220 -> 2.3904762 | K14: =IFERROR(VLOOKUP(B14,MO_Matriz,5,0),"") -> 35173.13 | L14: =TRUNC(J14*K14*(1+Orcamento!$C$10),2) -> 122009.25 | M14: =L14/Orcamento!$F$61 -> 0.31127295
B15: ='Memo calc'!B29 -> P8065 | C15: =IFERROR(VLOOKUP(B15,MO_Matriz,2,0),"") -> Engenheiro de projetos júnior | D15: =IFERROR(VLOOKUP(B15,MO_Matriz,3,0),"") -> S | E15: ='Memo calc'!I29 -> 1 | F15: ='Memo calc'!K29 -> 1 | G15: ='Memo calc'!N29 -> 7.3333333 | H15: ='Memo calc'!Q29+'Memo calc'!P245+'Memo calc'!P287+'Memo calc'!N410+'Memo calc'!N1038+'Memo calc'!M1172+'Memo calc'!M1218+'Memo calc'!M1264+'Memo calc'!M1310+'Memo calc'!M1356+'Memo calc'!M1402+'Memo calc'!M1448+'Memo calc'!M1540+'Memo calc'!M1585 -> 49.605392 | I15: =SUMIF(MO!$B$15:$B$120,"P8065",MO!$J$15:$J$120) -> 363.77287 | J15: =I15/220 -> 1.6535131 | K15: =IFERROR(VLOOKUP(B15,MO_Matriz,5,0),"") -> 24288.81 | L15: =TRUNC(J15*K15*(1+Orcamento!$C$10),2) -> 58278.88 | M15: =L15/Orcamento!$F$61 -> 0.14868249
B16: ='Memo calc'!B1979 -> P8060 | C16: =IFERROR(VLOOKUP(B16,MO_Matriz,2,0),"") -> Engenheiro consultor especial | D16: =IFERROR(VLOOKUP(B16,MO_Matriz,3,0),"") -> S | E16: ='Memo calc'!H1979 -> 1 | F16: ='Memo calc'!I1979 -> 1 | G16: ='Memo calc'!K1979 -> 7.3333333 | H16: ='Memo calc'!M1979 -> 12.03046 | I16: =SUMIF(MO!$B$15:$B$120,"P8060",MO!$J$15:$J$120) -> 88.223373 | J16: =I16/220 -> 0.40101533 | K16: =IFERROR(VLOOKUP(B16,MO_Matriz,5,0),"") -> 41989.87 | L16: =TRUNC(J16*K16*(1+Orcamento!$C$10),2) -> 24434.46 | M16: =L16/Orcamento!$F$61 -> 0.062337785
B17: ='Memo calc'!B80 -> P8058 | C17: =IFERROR(VLOOKUP(B17,MO_Matriz,2,0),"") -> Engenheiro ambiental pleno | D17: =IFERROR(VLOOKUP(B17,MO_Matriz,3,0),"") -> S | E17: ='Memo calc'!H80 -> 1 | F17: ='Memo calc'!J80 -> 1 | G17: ='Memo calc'!M80 -> 7.3333333 | H17: ='Memo calc'!O80+'Memo calc'!O159+'Memo calc'!P201+'Memo calc'!M1789+'Memo calc'!M1839+'Memo calc'!M1885+'Memo calc'!M1935 -> 18 | I17: =SUMIF(MO!$B$15:$B$120,"P8058",MO!$J$15:$J$120) -> 132 | J17: =I17/220 -> 0.6 | K17: =IFERROR(VLOOKUP(B17,MO_Matriz,5,0),"") -> 26558.86 | L17: =TRUNC(J17*K17*(1+Orcamento!$C$10),2) -> 23123.73 | M17: =L17/Orcamento!$F$61 -> 0.058993819
B18: ='Memo calc'!B288 -> P9848 | C18: =IFERROR(VLOOKUP(B18,MO_Matriz,2,0),"") -> Desenhista | D18: =IFERROR(VLOOKUP(B18,MO_Matriz,3,0),"") -> T | E18: ='Memo calc'!H288 -> 1 | F18: ='Memo calc'!J288 -> 1 | G18: ='Memo calc'!M288 -> 7.3333333 | H18: ='Memo calc'!P288+'Memo calc'!N412+'Memo calc'!N843+'Memo calc'!M1173+'Memo calc'!M1219+'Memo calc'!M1265+'Memo calc'!M1311+'Memo calc'!M1357+'Memo calc'!M1449+'Memo calc'!M1980+'Memo calc'!M1403 -> 49.632519 | I18: =SUMIF(MO!$B$15:$B$120,"P9848",MO!$J$15:$J$120) -> 363.9718 | J18: =I18/220 -> 1.6544173 | K18: =IFERROR(VLOOKUP(B18,MO_Matriz,5,0),"") -> 7821.6816 | L18: =TRUNC(J18*K18*(1+Orcamento!$C$10),2) -> 18777.7 | M18: =L18/Orcamento!$F$61 -> 0.047906122
B19: ='Memo calc'!B1082 -> P8147 | C19: =IFERROR(VLOOKUP(B19,MO_Matriz,2,0),"") -> Técnico de obras | D19: =IFERROR(VLOOKUP(B19,MO_Matriz,3,0),"") -> T | E19: ='Memo calc'!H1082 -> 1 | F19: ='Memo calc'!I1082 -> 1 | G19: ='Memo calc'!K1082 -> 7.3333333 | H19: ='Memo calc'!M1082 -> 7 | I19: =SUMIF(MO!$B$15:$B$120,"P8147",MO!$J$15:$J$120) -> 121 | J19: =I19/220 -> 0.55 | K19: =IFERROR(VLOOKUP(B19,MO_Matriz,5,0),"") -> 7040.14 | L19: =TRUNC(J19*K19*(1+Orcamento!$C$10),2) -> 5618.77 | M19: =L19/Orcamento!$F$61 -> 0.014334742
B20: ='Memo calc'!B160 -> P8143 | C20: =IFERROR(VLOOKUP(B20,MO_Matriz,2,0),"") -> Técnico ambiental | D20: =IFERROR(VLOOKUP(B20,MO_Matriz,3,0),"") -> T | E20: ='Memo calc'!H160 -> 1 | F20: ='Memo calc'!J160 -> 1 | G20: ='Memo calc'!L160 -> 7.3333333 | H20: ='Memo calc'!O160 -> 2 | I20: =SUMIF(MO!$B$15:$B$120,"P8143",MO!$J$15:$J$120) -> 91.666667 | J20: =I20/220 -> 0.41666667 | K20: =IFERROR(VLOOKUP(B20,MO_Matriz,5,0),"") -> 6565.04 | L20: =TRUNC(J20*K20*(1+Orcamento!$C$10),2) -> 3969.38 | M20: =L20/Orcamento!$F$61 -> 0.010126778
B21: ='Memo calc'!B81 -> P8025 | C21: =IFERROR(VLOOKUP(B21,MO_Matriz,2,0),"") -> Auxiliar | D21: =IFERROR(VLOOKUP(B21,MO_Matriz,3,0),"") -> A | E21: ='Memo calc'!H81 -> 1 | F21: ='Memo calc'!J81 -> 1 | G21: ='Memo calc'!M81 -> 7.3333333 | H21: ='Memo calc'!O81 -> 3 | I21: =SUMIF(MO!$B$15:$B$120,"P8025",MO!$J$15:$J$120) -> 182.16 | J21: =I21/220 -> 0.828 | K21: =IFERROR(VLOOKUP(B21,MO_Matriz,5,0),"") -> 4276.41 | L21: =TRUNC(J21*K21*(1+Orcamento!$C$10),2) -> 5138.15 | M21: =L21/Orcamento!$F$61 -> 0.013108573
B22: ='Memo calc'!B976 -> P8098 | C22: =IFERROR(VLOOKUP(B22,MO_Matriz,2,0),"") -> Laboratorista | D22: =IFERROR(VLOOKUP(B22,MO_Matriz,3,0),"") -> T | E22: ='Memo calc'!H976 -> 1 | F22: ='Memo calc'!J976 -> 1 | G22: ='Memo calc'!L976 -> 7.3333333 | H22: ='Memo calc'!N976 -> 7.5 | I22: =SUMIF(MO!$B$15:$B$120,"P8098",MO!$J$15:$J$120) -> 86.411111 | J22: =I22/220 -> 0.39277778 | K22: =IFERROR(VLOOKUP(B22,MO_Matriz,5,0),"") -> 5615.95 | L22: =TRUNC(J22*K22*(1+Orcamento!$C$10),2) -> 3200.86 | M22: =L22/Orcamento!$F$61 -> 0.0081661115
B23: =MO!B114 -> P8033 | C23: =IFERROR(VLOOKUP(B23,MO_Matriz,2,0),"") -> Biólogo pleno | D23: =IFERROR(VLOOKUP(B23,MO_Matriz,3,0),"") -> S | E23: 1 | F23: 1 | G23: 7.3333333 | H23: ='Memo calc'!M1791+'Memo calc'!M1887 -> 5 | I23: =SUMIF(MO!$B$15:$B$120,"P8033",MO!$J$15:$J$120) -> 36.666667 | J23: =I23/220 -> 0.16666667 | K23: =IFERROR(VLOOKUP(B23,MO_Matriz,5,0),"") -> 8820.85 | L23: =TRUNC(J23*K23*(1+Orcamento!$C$10),2) -> 2133.32 | M23: =L23/Orcamento!$F$61 -> 0.0054425776
B24: ='Memo calc'!B841 -> P8066 | C24: =IFERROR(VLOOKUP(B24,MO_Matriz,2,0),"") -> Engenheiro de projetos pleno | D24: =IFERROR(VLOOKUP(B24,MO_Matriz,3,0),"") -> S | E24: ='Memo calc'!I30 -> 1 | F24: ='Memo calc'!K30 -> 1 | G24: ='Memo calc'!N30 -> 7.3333333 | H24: ='Memo calc'!N841 -> 1.58 | I24: =SUMIF(MO!$B$15:$B$120,"P8066",MO!$J$15:$J$120) -> 11.586667 | J24: =I24/220 -> 0.052666667 | K24: =IFERROR(VLOOKUP(B24,MO_Matriz,5,0),"") -> 27591.76 | L24: =TRUNC(J24*K24*(1+Orcamento!$C$10),2) -> 2108.68 | M24: =L24/Orcamento!$F$61 -> 0.0053797154
B25: ='Memo calc'!B977 -> P8027 | C25: =IFERROR(VLOOKUP(B25,MO_Matriz,2,0),"") -> Auxiliar de laboratório | D25: =IFERROR(VLOOKUP(B25,MO_Matriz,3,0),"") -> A | E25: ='Memo calc'!H977 -> 1 | F25: ='Memo calc'!J977 -> 1 | G25: ='Memo calc'!L977 -> 7.3333333 | H25: ='Memo calc'!N977+'Memo calc'!N750 -> 8 | I25: =SUMIF(MO!$B$15:$B$120,"P8027",MO!$J$15:$J$120) -> 62.333333 | J25: =I25/220 -> 0.28333333 | K25: =IFERROR(VLOOKUP(B25,MO_Matriz,5,0),"") -> 4554.09 | L25: =TRUNC(J25*K25*(1+Orcamento!$C$10),2) -> 1872.39 | M25: =L25/Orcamento!$F$61 -> 0.0047768867
B26: ='Memo calc'!B332 -> P8163 | C26: =IFERROR(VLOOKUP(B26,MO_Matriz,2,0),"") -> Topógrafo | D26: =IFERROR(VLOOKUP(B26,MO_Matriz,3,0),"") -> T | E26: ='Memo calc'!H332 -> 1 | F26: ='Memo calc'!J332 -> 1 | G26: ='Memo calc'!L332 -> 7.3333333 | H26: ='Memo calc'!N332 -> 3 | I26: =SUMIF(MO!$B$15:$B$120,"P8163",MO!$J$15:$J$120) -> 36.666667 | J26: =I26/220 -> 0.16666667 | K26: =IFERROR(VLOOKUP(B26,MO_Matriz,5,0),"") -> 5810.76 | L26: =TRUNC(J26*K26*(1+Orcamento!$C$10),2) -> 1405.33 | M26: =L26/Orcamento!$F$61 -> 0.0035853119
B27: ='Memo calc'!B1494 -> P8081 | C27: =IFERROR(VLOOKUP(B27,MO_Matriz,2,0),"") -> Geólogo pleno | D27: =IFERROR(VLOOKUP(B27,MO_Matriz,3,0),"") -> S | E27: ='Memo calc'!H1494 -> 1 | F27: ='Memo calc'!I1494 -> 1 | G27: ='Memo calc'!K1494 -> 7.3333333 | H27: ='Memo calc'!M1494 -> 1 | I27: =SUMIF(MO!$B$15:$B$120,"P8081",MO!$J$15:$J$120) -> 7.3333333 | J27: =I27/220 -> 0.033333333 | K27: =IFERROR(VLOOKUP(B27,MO_Matriz,5,0),"") -> 25780.18 | L27: =TRUNC(J27*K27*(1+Orcamento!$C$10),2) -> 1246.98 | M27: =L27/Orcamento!$F$61 -> 0.0031813255
B28: ='Memo calc'!B333 -> P8028 | C28: =IFERROR(VLOOKUP(B28,MO_Matriz,2,0),"") -> Auxiliar de topografia | D28: =IFERROR(VLOOKUP(B28,MO_Matriz,3,0),"") -> A | E28: ='Memo calc'!H333 -> 1 | F28: ='Memo calc'!J333 -> 2 | G28: ='Memo calc'!L333 -> 7.3333333 | H28: ='Memo calc'!N333 -> 3 | I28: =SUMIF(MO!$B$15:$B$120,"P8028",MO!$J$15:$J$120) -> 44 | J28: =I28/220 -> 0.2 | K28: =IFERROR(VLOOKUP(B28,MO_Matriz,5,0),"") -> 4255.96 | L28: =TRUNC(J28*K28*(1+Orcamento!$C$10),2) -> 1235.16 | M28: =L28/Orcamento!$F$61 -> 0.0031511701
B29: ='Memo calc'!B887 -> P8139 | C29: =IFERROR(VLOOKUP(B29,MO_Matriz,2,0),"") -> Sondador | D29: =IFERROR(VLOOKUP(B29,MO_Matriz,3,0),"") -> T | E29: ='Memo calc'!H887 -> 1 | F29: ='Memo calc'!J887 -> 1 | G29: ='Memo calc'!L887 -> 7.3333333 | H29: ='Memo calc'!N887 -> 5 | I29: =SUMIF(MO!$B$15:$B$120,"P8139",MO!$J$15:$J$120) -> 45.833333 | J29: =I29/220 -> 0.20833333 | K29: =IFERROR(VLOOKUP(B29,MO_Matriz,5,0),"") -> 5087.77 | L29: =TRUNC(J29*K29*(1+Orcamento!$C$10),2) -> 1538.09 | M29: =L29/Orcamento!$F$61 -> 0.0039240124
B30: ='Memo calc'!B202 -> P8080 | C30: =IFERROR(VLOOKUP(B30,MO_Matriz,2,0),"") -> Geólogo júnior | D30: =IFERROR(VLOOKUP(B30,MO_Matriz,3,0),"") -> S | E30: ='Memo calc'!H202 -> 1 | F30: ='Memo calc'!J202 -> 1 | G30: ='Memo calc'!M202 -> 7.3333333 | H30: ='Memo calc'!P202 -> 1 | I30: =SUMIF(MO!$B$15:$B$120,"P8080",MO!$J$15:$J$120) -> 18.92 | J30: =I30/220 -> 0.086 | K30: =IFERROR(VLOOKUP(B30,MO_Matriz,5,0),"") -> 24321.09 | L30: =TRUNC(J30*K30*(1+Orcamento!$C$10),2) -> 3035.14 | M30: =L30/Orcamento!$F$61 -> 0.0077433226
B31: ='Memo calc'!B246 -> P8155 | C31: =IFERROR(VLOOKUP(B31,MO_Matriz,2,0),"") -> Técnico em geoprocessamento | D31: =IFERROR(VLOOKUP(B31,MO_Matriz,3,0),"") -> T | E31: ='Memo calc'!H246 -> 1 | F31: ='Memo calc'!J246 -> 1 | G31: ='Memo calc'!M246 -> 7.3333333 | H31: ='Memo calc'!P246 -> 1 | I31: =SUMIF(MO!$B$15:$B$120,"P8155",MO!$J$15:$J$120) -> 7.3333333 | J31: =I31/220 -> 0.033333333 | K31: =IFERROR(VLOOKUP(B31,MO_Matriz,5,0),"") -> 6390.65 | L31: =TRUNC(J31*K31*(1+Orcamento!$C$10),2) -> 309.11 | M31: =L31/Orcamento!$F$61 -> 0.00078860891
B32: =MO!B71 -> P8026 | C32: =IFERROR(VLOOKUP(B32,MO_Matriz,2,0),"") -> Auxiliar administrativo | D32: =IFERROR(VLOOKUP(B32,MO_Matriz,3,0),"") -> A | E32: ='Memo calc'!H247 -> 0 | F32: ='Memo calc'!J247 -> 0 | G32: ='Memo calc'!M247 -> 0 | H32: =MO!I71 -> 1.58 | I32: =SUMIF(MO!$B$15:$B$120,"P8026",MO!$J$15:$J$120) -> 11.586667 | J32: =I32/220 -> 0.052666667 | K32: =IFERROR(VLOOKUP(B32,MO_Matriz,5,0),"") -> 4681.69 | L32: =TRUNC(J32*K32*(1+Orcamento!$C$10),2) -> 357.79 | M32: =L32/Orcamento!$F$61 -> 0.0009128025
K33: TOTAL DO CUSTO DE MÃO DE OBRA DE NÍVEL SUPERIOR | L33: =SUMIF($D$14:$D$32,"S",$L$14:$L$32) -> 236370.44 | M33: =SUM(M14:M32) -> 0.7138151
K34: TOTAL DO CUSTO DE MÃO DE OBRA DE NÍVEL TÉCNICO | L34: =SUMIF($D$14:$D$32,"T",$L$14:$L$32) -> 34819.24
K35: TOTAL DO CUSTO DE MÃO DE OBRA AUXILIAR | L35: =SUMIF($D$14:$D$32,"A",$L$14:$L$32) -> 8603.49
K36: TOTAL DO CUSTO DA MÃO DE OBRA | L36: =SUM(L33:L35) -> 279793.17
B37: Observações:
B38: Tipos de mão de obra: (S) nível superior, (T) nível técnico e (A) auxiliar
B39: Foi considerado que o Coordenador do Projeto será o engenheiro que trabalhará nos projetos Geométrico, Terraplenagem, Drenagem, Pavimentação, Sinalização, Obras Complementares e de Canteiro de Obras.
L41: =L33/(1+Orcamento!$C$10) -> 162890.52
L42: =L34/(1+Orcamento!$C$10) -> 23995.066
L43: =L35/(1+Orcamento!$C$10) -> 5928.9436

Sheet Edital DNIT 311-19 (Conj VDR)
A2: ORÇAMENTO REFERENCIAL
A3: EQUIPAMENTOS DO VDR
F4: 1 Dólar = | G4: 4.12 | H4: 1 Euro = | I4: 4.8
A5: EQUIPAMENTOS | B5: DESCRIÇÃO | C5: VALOR PESQUISADO (R$) | G5: QTD | H5: SUBTOTAL (R$) | I5: VALOR TOTAL (R$)
C6: 1 | D6: 2 | E6: 3 | F6: MÉDIA
A7: Conjunto de Equipamentos para o VDR | B7: Perfilômetro (perfilógrafo) Laser com no mínimo 5 módulos laser + Odômetro ótico de precisão + Módulos de medição laser + Acelerômetros + Sistema de medição de velocidade em rodas do veículo + Interface computador x sistema + Softwares específicos para campo e escritório + Computadores | C7: =723015-83925 -> 639090 | D7: =((477490.47)+14%*(477490.47)+5%*((477490.47)+14%*(477490.47))+2.1%*(477490.47)+9.65%*(477490.47)) -> 627661.22 | E7: =((153000*$G$4)+14%*(153000*$G$4)+5%*((153000*$G$4)+14%*(153000*$G$4))+2.1%*(153000*$G$4)+9.65%*(153000*$G$4))*'[2]14_Pesquisa'!K4 -> 826365.51 | F7: =AVERAGE(C7:E7) -> 697705.58 | G7: 1 | H7: =F7*G7 -> 697705.58 | I7: =SUM(H7:H12) -> 767167.53
C8: Cibermétrica | D8: Dynatest | E8: ARRB
B9: GPS/GNSS com receptores de dupla frequência (L1/L2), com taxa mínima de coleta de 10 Hz, máscara de elevação de 15º e conjunto de acessórios. | C9: =51400*('[2]14_Pesquisa'!$K$4) -> 51260.881 | D9: =58000*('[2]14_Pesquisa'!$K$4) -> 57843.017 | F9: =AVERAGE(C9:E9) -> 54551.949 | G9: 1 | H9: =F9*G9 -> 54551.949
C10: Embratop | D10: Geomat
B11: Filmadora HD, resolução no mínima padrão HD 720 (1280 por 720 pixels) e taxa mínima de 30 fps. | C11: =(1200)*$G$4 -> 4944 | D11: 4996 | F11: =AVERAGE(C11:E11) -> 4970 | G11: 3 | H11: =F11*G11 -> 14910
C12: AltaVision | D12: Traders

Sheet Edital DNIT 311-19 (Custo VDR)
A2: CÁLCULO DO CUSTO HORÁRIO E MENSAL DOS EQUIPAMENTOS (VDR)
A3: Equipamento para Levantamento (sem o veículo)
D5: Data Base: | E5: 43344
A6: DADOS BÁSICOS | B6: VALOR (R$) | C6: QTDADE | D6: OBSERVAÇÕES
A7: Valor de aquisição do equipamento (Va) | B7: ='[2]15_Conj VDR'!$I$7 -> 767167.53 | C7: 1 | D7: Conjunto de Equipamentos
A8: Vida útil do equipamento em anos (n) | B8: - | C8: 7 | D8: (anos)
A9: Total de horas trabalhadas por ano (HTA) | B9: - | C9: 1584
A10: Taxa de juros ao ano (i) | B10: - | C10: 0.06
A11: Coeficiente de manutenção (k) | B11: - | C11: 0.8
A12: Valor residual (Vr) | B12: =ROUND($B$7*$C$12,2) -> 115075.13 | C12: 0.15
A13: Custo de Propriedade
A14: Depreciação horária (Dh) | B14: =ROUND(($B$7-$B$12)/($C$8*$C$9),2) -> 58.81 | C14: - | D14: (R$/h)
A15: Valor médio do investimento (Vm) | B15: =ROUND(($C$8+1)*$B$7/(2*$C$8),2) -> 438381.44 | C15: - | D15: (R$)
A16: Custo horário de oportunidade do capital (Jh) | B16: =ROUND($B$15*$C$10/$C$9,2) -> 16.61 | C16: - | D16: (R$/h)
A17: Custo horário dos seguros e impostos (Ih) | B17: =ROUND(2.5%*$B$15/$C$9,2) -> 6.92 | C17: - | D17: (R$/h)
A18: Custo de Manutenção
A19: Custo de manutenção horária (Mh) | B19: =ROUND(($B$7*$C$11)/($C$8*$C$9),2) -> 55.35 | C19: - | D19: (R$/h)
A20: Custo de Operação
A21: Combustível, Lubrificantes, Filtros e Graxas | B21: 0 | C21: - | D21: (R$/h)
A22: Custo da Mão de Obra de Operação | B22: 0 | C22: - | D22: (R$/h)
A23: Custo Horário dos Equipamentos e Veículos
A24: Custo Horário Produtivo (Chp) | B24: =$B$14+$B$16+$B$19+$B$21+$B$22+$B$17 -> 137.69 | C24: - | D24: (R$/h) Chp = Dh + Jh + Mh + Cc + Cmo + Ih
A25: Custo Horário Improdutivo (Chi) | B25: =$B$22+$B$14+$B$16+$B$17 -> 82.34 | C25: - | D25: (R$/h) Chi = Cmo+ Dh + Jh + Ih
A26: Custo Mensal dos Equipamentos e Veículos
A27: Custo Mensal Produtivo (Cpm) | B27: =ROUND($E$27*$B$24,2) -> 18175.08 | C27: - | D27: (R$/mês) | E27: =I27 -> 132 | F27: =E27/E29 -> 0.6 | G27: 6 | H27: 22 | I27: =G27*$H$27 -> 132 | K27: 176
A28: Custo Mensal Improdutivo (Cim) | B28: =ROUND($E$28*$B$25,2) -> 7245.92 | C28: - | D28: (R$/mês) | E28: =I28 -> 88 | F28: =E28/E29 -> 0.4 | G28: 4 | I28: =G28*$H$27 -> 88 | K28: 64
A29: Custo Mensal Total (Ctm) | B29: =B27+B28 -> 25421 | C29: - | D29: (R$/mês) | E29: =E27+E28 -> 220 | I29: =I27+I28 -> 220 | K29: 240
